Workbook

Sheet сравнитеьный отчет
A1: Итоговый отчет по продажам
A2: Сравнительный период : 01.01.2014 по: 31.07.2014 Рабочий период 01.01.2015-31.07.2015
A3: По отделу: 3 ДЕТСКОЕ ПИТАНИЕ
A4: Код подразделения | B4: Наименование подразделения | C4: Сумма продаж в отпускных ценах с НДС | D4: Сумма продаж в отпускных ценах с НДС | E4: % изменения | F4: Валовый доход | G4: Валовый доход | H4: % изменения | I4: Наценка | J4: Наценка | K4: Наценка | L4: Наценка
C5: 2014 | D5: 2015 | F5: 2014 | G5: 2015 | I5: 2014 | J5: 2015 | K5: %
A6: 1 | B6: 2 | C6: 3 | F6: 5 | I6: 7 | J6: 7 | K6: 7
A7: 101 | B7: Еркемай Атырау | C7: 38945180 | D7: =VLOOKUP(B7,Лист2!B10:C16,2,0) -> 32328934 | E7: =D7/C7*100-100 -> -16.988614 | F7: 3504300.9 | G7: =VLOOKUP(B7,Лист2!B10:E16,4,0) -> 2194307.8 | H7: =G7/F7*100-100 -> -37.382437 | I7: 9.888 | J7: =VLOOKUP(B7,Лист2!B10:G16,6,0) -> 7.282 | K7: =J7/I7*100-100 -> -26.355178
A8: 102 | B8: Еркемай Актау | C8: 17808884 | D8: =VLOOKUP(B8,Лист2!B11:C17,2,0) -> 14250282 | E8: =D8/C8*100-100 -> -19.982173 | F8: 1191815.2 | G8: =VLOOKUP(B8,Лист2!B11:E17,4,0) -> 849249.81 | H8: =G8/F8*100-100 -> -28.743162 | I8: 7.172 | J8: =VLOOKUP(B8,Лист2!B11:G17,6,0) -> 6.337 | K8: =J8/I8*100-100 -> -11.642499
A9: 103 | B9: Еркемай Алматы Максима | C9: 14914058 | D9: =VLOOKUP(B9,Лист2!B12:C18,2,0) -> 10832510 | E9: =D9/C9*100-100 -> -27.367124 | F9: 999354.22 | G9: =VLOOKUP(B9,Лист2!B12:E18,4,0) -> 589647.24 | H9: =G9/F9*100-100 -> -40.997173 | I9: 7.182 | J9: =VLOOKUP(B9,Лист2!B12:G18,6,0) -> 5.757 | K9: =J9/I9*100-100 -> -19.84127
A10: 104 | B10: Еркемай Уральск | C10: 22901693 | D10: =VLOOKUP(B10,Лист2!B13:C19,2,0) -> 11159728 | E10: =D10/C10*100-100 -> -51.271166 | F10: 1673389.6 | G10: =VLOOKUP(B10,Лист2!B13:E19,4,0) -> 674523.61 | H10: =G10/F10*100-100 -> -59.69118 | I10: 7.883 | J10: =VLOOKUP(B10,Лист2!B13:G19,6,0) -> 6.433 | K10: =J10/I10*100-100 -> -18.394012
A11: 106 | B11: Еркемай Алматы Есентай | C11: 9531091.9 | D11: 0 | E11: =D11/C11*100-100 -> -100 | F11: 941736.58 | G11: 0 | H11: =G11/F11*100-100 -> -100 | I11: 10.964 | K11: =J11/I11*100-100 -> -100
A12: 109 | B12: Еркемай Караганда | C12: 6789657.5 | D12: =VLOOKUP(B12,Лист2!B14:C24,2,0) -> 6036289.8 | E12: =D12/C12*100-100 -> -11.095813 | F12: 505092.03 | G12: =VLOOKUP(B12,Лист2!B14:E21,4,0) -> 265085.2 | H12: =G12/F12*100-100 -> -47.517445 | I12: 8.037 | J12: =VLOOKUP(B12,Лист2!B14:G21,6,0) -> 4.593 | K12: =J12/I12*100-100 -> -42.85181
A13: 110 | B13: Еркемай Караганда Таир | C13: 5728851.1 | D13: =VLOOKUP(B13,Лист2!B15:C25,2,0) -> 6120232 | E13: =D13/C13*100-100 -> 6.831752 | F13: 435701.39 | G13: =VLOOKUP(B13,Лист2!B14:E22,4,0) -> 285338.76 | H13: =G13/F13*100-100 -> -34.510477 | I13: 8.231 | J13: =VLOOKUP(B13,Лист2!B14:G22,6,0) -> 4.89 | K13: =J13/I13*100-100 -> -40.590451
A14: 111 | B14: Еркемай Павлодар | C14: 0 | D14: =VLOOKUP(B14,Лист2!B16:C26,2,0) -> 7122382 | E14: 0 | F14: 0 | G14: =VLOOKUP(B14,Лист2!B14:E23,4,0) -> 320127.19 | H14: 0 | I14: 0 | J14: =VLOOKUP(B14,Лист2!B14:G23,6,0) -> 4.706 | K14: 0
B15: Итого | C15: 116619415 | D15: =SUM(D7:D14) -> 87850356 | E15: =D15/C15*100-100 -> -24.669185 | F15: 9251389.9 | G15: =SUM(G7:G14) -> 5178279.6 | H15: =G15/F15*100-100 -> -44.027009 | I15: 8.617 | J15: =AVERAGE(J7:J14) -> 5.714 | K15: 8.617
A17: По отделу: 4 Парфармация
A18: Код подразделения | B18: Наименование подразделения | C18: Сумма продаж в отпускных ценах с НДС | D18: Сумма продаж в отпускных ценах с НДС | E18: % изменения | F18: Валовый доход | G18: Валовый доход | H18: % изменения | I18: Наценка | J18: Наценка | L18: Оборачиваемость товарного запаса за период
C19: 2014 | D19: 2015 | F19: 2014 | G19: 2015 | I19: 2014 | J19: 2015 | L19: дней
L20: 10
A21: 101 | B21: Еркемай Атырау | C21: 88547095 | D21: =VLOOKUP(B21,Лист3!B4:C10,2,0) -> 79902369 | E21: =D21/C21*100-100 -> -9.7628569 | F21: 14537972 | G21: =VLOOKUP(B21,Лист3!B4:E10,4,0) -> 14698139 | H21: =G21/F21*100-100 -> 1.1017151 | I21: 19.643 | J21: =VLOOKUP(B21,Лист3!B4:G10,6,0) -> 22.542 | L21: 34.955
A22: 102 | B22: Еркемай Актау | C22: 43817045 | D22: =VLOOKUP(B22,Лист3!B5:C11,2,0) -> 38018948 | E22: =D22/C22*100-100 -> -13.232517 | F22: 7159427.1 | G22: =VLOOKUP(B22,Лист3!B5:E11,4,0) -> 7024538.8 | H22: =G22/F22*100-100 -> -1.8840656 | I22: 19.531 | J22: =VLOOKUP(B22,Лист3!B5:G11,6,0) -> 22.664 | L22: 59.38
A23: 103 | B23: Еркемай Алматы Максима | C23: 18703770 | D23: =VLOOKUP(B23,Лист3!B6:C12,2,0) -> 11678180 | E23: =D23/C23*100-100 -> -37.562425 | F23: 2325213.4 | G23: =VLOOKUP(B23,Лист3!B6:E12,4,0) -> 1741848.6 | H23: =G23/F23*100-100 -> -25.088656 | I23: 14.197 | J23: =VLOOKUP(B23,Лист3!B6:G12,6,0) -> 17.53 | L23: 109.556
A24: 104 | B24: Еркемай Уральск | C24: 36786915 | D24: =VLOOKUP(B24,Лист3!B7:C13,2,0) -> 22153393 | E24: =D24/C24*100-100 -> -39.77915 | F24: 3969967.2 | G24: =VLOOKUP(B24,Лист3!B7:E13,4,0) -> 2864181.3 | H24: =G24/F24*100-100 -> -27.853779 | I24: 12.097 | J24: =VLOOKUP(B24,Лист3!B7:G13,6,0) -> 14.849 | L24: 68.045
A25: 106 | B25: Еркемай Алматы Есентай | C25: 11536353 | D25: 0 | E25: 0 | F25: 2230748 | G25: 0 | H25: =G25/F25*100-100 -> -100 | I25: 23.972 | L25: 152.095
A26: 109 | B26: Еркемай Караганда | C26: 13105388 | D26: =VLOOKUP(B26,Лист3!B8:C15,2,0) -> 10100302 | E26: =D26/C26*100-100 -> -22.930161 | F26: 1323338.9 | G26: =VLOOKUP(B26,Лист3!B8:E15,4,0) -> 1373806.3 | H26: =G26/F26*100-100 -> 3.813639 | I26: 11.232 | J26: =VLOOKUP(B26,Лист3!B8:G15,6,0) -> 15.743 | L26: 130.274
A27: 110 | B27: Еркемай Караганда Таир | C27: 10836572 | D27: =VLOOKUP(B27,Лист3!B8:C16,2,0) -> 10145798 | E27: =D27/C27*100-100 -> -6.3744608 | F27: 1399459.8 | G27: =VLOOKUP(B27,Лист3!B8:E16,4,0) -> 1485658.7 | H27: =G27/F27*100-100 -> 6.159441 | I27: 14.829 | J27: =VLOOKUP(B27,Лист3!B8:G16,6,0) -> 17.155 | L27: 147.166
A28: 111 | B28: Еркемай Павлодар | C28: 0 | D28: =VLOOKUP(B28,Лист3!B8:C17,2,0) -> 11545978 | E28: 0 | F28: 0 | G28: =VLOOKUP(B28,Лист3!B8:E17,4,0) -> 2093094.3 | H28: 0 | I28: 0 | J28: =VLOOKUP(B28,Лист3!B8:G17,6,0) -> 22.142 | L28: 0
B29: Итого | C29: 2.2333314e+08 | D29: =SUM(D21:D28) -> 1.8354497e+08 | E29: =D29/C29*100-100 -> -17.815614 | F29: 32946127 | G29: =SUM(G21:G28) -> 31281267 | H29: =G29/F29*100-100 -> -5.053278 | I29: 17.305 | J29: =AVERAGE(J21:J28) -> 18.946429 | L29: 72.248

Sheet Лист2
A1: Итоговый отчет по продажам
A2: Продажи за период с: 01.01.2015 по: 31.07.2015
A3: Остатки на дату: 01.08.2015
A4: По объединению: 1 ТОО "Торгово-развлекательный ц
A5: По отделу: 3 ДЕТСКОЕ ПИТАНИЕ
A6: (розничные и оптовые продажи)
A7: Код подразделения | B7: Наименование подразделения | C7: Сумма продаж в отпускных ценах с НДС | D7: Сумма продаж в учетных ценах с НДС | E7: Валовый доход | F7: Рентабельность | G7: Наценка | H7: Сумма остатка в учетных ценах по магазинам | I7: Сумма остатка в учетных ценах по складам | J7: Оборачиваемость товарного запаса за период
C8: руб | D8: руб | E8: руб | F8: % | G8: % | H8: руб | I8: руб | J8: дней
A9: 1 | B9: 2 | C9: 3 | D9: 4 | E9: 5 | F9: 6 | G9: 7 | H9: 8 | I9: 9 | J9: 10
A10: 101 | B10: Еркемай Атырау | C10: 32328934 | D10: 30134626 | E10: 2194307.8 | F10: 6.787 | G10: 7.282 | H10: 3581793.1 | I10: 0 | J10: 25.198
A11: 102 | B11: Еркемай Актау | C11: 14250282 | D11: 13401032 | E11: 849249.81 | F11: 5.96 | G11: 6.337 | H11: 2048713.4 | I11: 0 | J11: 32.41
A12: 103 | B12: Еркемай Алматы Максима | C12: 10832510 | D12: 10242862 | E12: 589647.24 | F12: 5.443 | G12: 5.757 | H12: 2029501.3 | I12: 0 | J12: 42.005
A13: 104 | B13: Еркемай Уральск | C13: 11159728 | D13: 10485204 | E13: 674523.61 | F13: 6.044 | G13: 6.433 | H13: 1980473.2 | I13: 0 | J13: 40.043
A14: 109 | B14: Еркемай Караганда | C14: 6036289.8 | D14: 5771204.5 | E14: 265085.2 | F14: 4.392 | G14: 4.593 | H14: 2206522.3 | I14: 0 | J14: 81.055
A15: 110 | B15: Еркемай Караганда Таир | C15: 6120232 | D15: 5834893.2 | E15: 285338.76 | F15: 4.662 | G15: 4.89 | H15: 2186709.2 | I15: 0 | J15: 79.45
A16: 111 | B16: Еркемай Павлодар | C16: 7122382 | D16: 6802254.8 | E16: 320127.19 | F16: 4.495 | G16: 4.706 | H16: 1805004.4 | I16: 0 | J16: 56.255
B17: Итого | C17: 87850356 | D17: 82672077 | E17: 5178279.6 | F17: 5.894 | G17: =AVERAGE(G10:G16) -> 5.714 | H17: 15838717 | I17: 0 | J17: 40.616

Sheet Лист3
A1: Код подразделения | B1: Наименование подразделения | C1: Сумма продаж в отпускных ценах с НДС | D1: Сумма продаж в учетных ценах с НДС | E1: Валовый доход | F1: Рентабельность | G1: Наценка | H1: Сумма остатка в учетных ценах по магазинам | I1: Сумма остатка в учетных ценах по складам | J1: Оборачиваемость товарного запаса за период
C2: руб | D2: руб | E2: руб | F2: % | G2: % | H2: руб | I2: руб | J2: дней
A3: 1 | B3: 2 | C3: 3 | D3: 4 | E3: 5 | F3: 6 | G3: 7 | H3: 8 | I3: 9 | J3: 10
A4: 101 | B4: Еркемай Атырау | C4: 79902369 | D4: 65204230 | E4: 14698139 | F4: 18.395 | G4: 22.542 | H4: 7741278.8 | I4: 0 | J4: 25.169
A5: 102 | B5: Еркемай Актау | C5: 38018948 | D5: 30994409 | E5: 7024538.8 | F5: 18.476 | G5: 22.664 | H5: 5818995.6 | I5: 0 | J5: 39.802
A6: 103 | B6: Еркемай Алматы Максима | C6: 11678180 | D6: 9936331.6 | E6: 1741848.6 | F6: 14.915 | G6: 17.53 | H6: 6077579.2 | I6: 0 | J6: 129.67
A7: 104 | B7: Еркемай Уральск | C7: 22153393 | D7: 19289211 | E7: 2864181.3 | F7: 12.929 | G7: 14.849 | H7: 6174675.1 | I7: 0 | J7: 67.863
A8: 109 | B8: Еркемай Караганда | C8: 10100302 | D8: 8726495.4 | E8: 1373806.3 | F8: 13.602 | G8: 15.743 | H8: 5412996.8 | I8: 0 | J8: 131.502
A9: 110 | B9: Еркемай Караганда Таир | C9: 10145798 | D9: 8660139.8 | E9: 1485658.7 | F9: 14.643 | G9: 17.155 | H9: 4837658.7 | I9: 0 | J9: 118.426
A10: 111 | B10: Еркемай Павлодар | C10: 11545978 | D10: 9452884.1 | E10: 2093094.3 | F10: 18.128 | G10: 22.142 | H10: 5837988.6 | I10: 0 | J10: 130.929
B11: Итого | C11: 1.8354497e+08 | D11: 1.522637e+08 | E11: 31281267 | F11: 17.043 | G11: =AVERAGE(G4:G10) -> 18.946429 | H11: 41901173 | I11: 110357.16 | J11: 58.494

Sheet Локальные поставщики
A1: Наименование поставщика | B1: Сумма продаж в учетных ценах | O1: Сумма продаж в отпускных ценах ценах | AB1: Валовая прибыль | AO1: остаток в учетных ценах на расчетный месяц | BB1: компенсация промо | BO1: РБ | CB1: Скидка выходного дня | CO1: Скидка по КК | DB1: Общая сумма по компенсациям | DC1: оборачиваемость в годовом выражение если уровень продаж и складские запасы будут на таком уровне, как в анализируемом месяце | DO1: оборачиваемость | DP1: Поставки | EC1: Доля продаж | EP1: Доля прибыли | FC1: Доля поставок
B2: 42005 | C2: 42036 | D2: 42064 | E2: 42095 | F2: 42125 | G2: 42156 | H2: 42186 | I2: 42217 | J2: 42248 | K2: 42278 | L2: 42309 | M2: 42339 | N2: итого | O2: 42005 | P2: 42036 | Q2: 42064 | R2: 42095 | S2: 42125 | T2: 42156 | U2: 42186 | V2: 42217 | W2: 42248 | X2: 42278 | Y2: 42309 | Z2: 42339 | AA2: итого | AB2: 42005 | AC2: 42036 | AD2: 42064 | AE2: 42095 | AF2: 42125 | AG2: 42156 | AH2: 42186 | AI2: 42217 | AJ2: 42248 | AK2: 42278 | AL2: 42309 | AM2: 42339 | AN2: итого | AO2: 42005 | AP2: 42036 | AQ2: 42064 | AR2: 42095 | AS2: 42125 | AT2: 42156 | AU2: 42186 | AV2: 42217 | AW2: 42248 | AX2: 42278 | AY2: 42309 | AZ2: 42339 | BA2: итого | BB2: 42005 | BC2: 42036 | BD2: 42064 | BE2: 42095 | BF2: 42125 | BG2: 42156 | BH2: 42186 | BI2: 42217 | BJ2: 42248 | BK2: 42278 | BL2: 42309 | BM2: 42339 | BN2: итого | BO2: 42005 | BP2: 42036 | BQ2: 42064 | BR2: 42095 | BS2: 42125 | BT2: 42156 | BU2: 42186 | BV2: 42217 | BW2: 42248 | BX2: 42278 | BY2: 42309 | BZ2: 42339 | CA2: итого | CB2: 42005 | CC2: 42036 | CD2: 42064 | CE2: 42095 | CF2: 42125 | CG2: 42156 | CH2: 42186 | CI2: 42217 | CJ2: 42248 | CK2: 42278 | CL2: 42309 | CM2: 42339 | CN2: итого | CO2: 42005 | CP2: 42036 | CQ2: 42064 | CR2: 42095 | CS2: 42125 | CT2: 42156 | CU2: 42186 | CV2: 42217 | CW2: 42248 | CX2: 42278 | CY2: 42309 | CZ2: 42339 | DA2: итого | DC2: 42005 | DD2: 42036 | DE2: 42064 | DF2: 42095 | DG2: 42125 | DH2: 42156 | DI2: 42186 | DJ2: 42217 | DK2: 42248 | DL2: 42278 | DM2: 42309 | DN2: 42339 | DP2: 42005 | DQ2: 42036 | DR2: 42064 | DS2: 42095 | DT2: 42125 | DU2: 42156 | DV2: 42186 | DW2: 42217 | DX2: 42248 | DY2: 42278 | DZ2: 42309 | EA2: 42339 | EB2: итого | EC2: 42005 | ED2: 42036 | EE2: 42064 | EF2: 42095 | EG2: 42125 | EH2: 42156 | EI2: 42186 | EJ2: 42217 | EK2: 42248 | EL2: 42278 | EM2: 42309 | EN2: 42339 | EO2: итого | EP2: 42005 | EQ2: 42036 | ER2: 42064 | ES2: 42095 | ET2: 42125 | EU2: 42156 | EV2: 42186 | EW2: 42217 | EX2: 42248 | EY2: 42278 | EZ2: 42309 | FA2: 42339 | FB2: итого | FC2: 42005 | FD2: 42036 | FE2: 42064 | FF2: 42095 | FG2: 42125 | FH2: 42156 | FI2: 42186 | FJ2: 42217 | FK2: 42248 | FL2: 42278 | FM2: 42309 | FN2: 42339 | FO2: итого
A4: Akerke Distribution Group ТОО | B4: =VLOOKUP(A4,[1]Лист4!A3:B35,2,0) -> 288.09 | C4: =VLOOKUP(A4,[1]Лист5!A8:B39,2,0) -> 192.06 | D4: =VLOOKUP(A4,[1]Лист6!A8:B39,2,0) -> 96.03 | E4: =VLOOKUP(A4,[1]Лист7!A8:B39,2,0) -> 96.03 | F4: =VLOOKUP(A4,[1]Лист8!A8:B41,2,0) -> 0 | G4: =VLOOKUP(A4,[1]Лист9!A8:B39,2,0) -> 96.03 | H4: =VLOOKUP(A4,[1]Лист11!B7:C39,2,0) -> 258.02 | N4: =SUM(B4:M4) -> 1026.26 | O4: =VLOOKUP(A4,[1]Лист4!A3:C35,3,0) -> 420 | P4: =VLOOKUP(A4,[1]Лист5!A8:C39,3,0) -> 280 | Q4: =VLOOKUP(A4,[1]Лист6!A8:C39,3,0) -> 140 | R4: =VLOOKUP(A4,[1]Лист7!A8:C39,3,0) -> 140 | S4: =VLOOKUP(A4,[1]Лист8!A8:C41,3,0) -> 0 | T4: =VLOOKUP(A4,[1]Лист9!A8:D39,3,0) -> 140 | U4: =VLOOKUP(A4,[1]Лист11!B7:D39,3,0) -> 140 | AA4: =SUM(O4:Z4) -> 1260 | AB4: =VLOOKUP(A4,[1]Лист4!A3:D35,4,0) -> 131.91 | AC4: =VLOOKUP(A4,[1]Лист5!A8:D39,4,0) -> 87.94 | AD4: =VLOOKUP(A4,[1]Лист6!A8:D39,4,0) -> 43.97 | AE4: =VLOOKUP(A4,[1]Лист7!A8:D39,4,0) -> 43.97 | AF4: =VLOOKUP(A4,[1]Лист8!A8:D41,4,0) -> 0 | AG4: =VLOOKUP(A4,[1]Лист9!A8:D39,4,0) -> 43.97 | AH4: =VLOOKUP(A4,[1]Лист11!B7:E39,4,0) -> -118.02 | AN4: =SUM(AB4:AM4) -> 233.74 | AO4: =VLOOKUP(A4,[1]Лист4!A3:E35,5,0) -> 2085.5 | AP4: =VLOOKUP(A4,[1]Лист5!A8:E39,5,0) -> 1893.44 | AQ4: =VLOOKUP(A4,[1]Лист6!A8:E39,5,0) -> 1926.42 | AR4: =VLOOKUP(A4,[1]Лист7!A8:E39,5,0) -> 1314.35 | AS4: =VLOOKUP(A4,[1]Лист8!A8:E41,5,0) -> 1830.39 | AT4: =VLOOKUP(A4,[1]Лист9!A8:E39,5,0) -> 1218.32 | AU4: =VLOOKUP(A4,[1]Лист11!B7:F39,5,0) -> 1476.34 | BA4: =AT4 -> 1218.32 | BN4: =SUM(BB4:BM4) -> 0 | CA4: =SUM(BO4:BZ4) -> 0 | CN4: =SUM(CB4:CM4) -> 0 | DA4: =SUM(CO4:CZ4) -> 0 | DB4: =BN4+CA4+CN4+DA4 -> 0 | DD4: =(P4-AC4)/(AO4+AP4)/2*12 -> 0.28961482 | DE4: =(Q4-AD4)/(AP4+AQ4)/2*12 -> 0.15083799 | DF4: =(R4-AE4)/(AQ4+AR4)/2*12 -> 0.17779108 | DG4: =(S4-AF4)/(AR4+AS4)/2*12 -> 0 | DH4: =(T4-AG4)/(AS4+AT4)/2*12 -> 0.18899141 | DI4: =(U4-AH4)/(AT4+AU4)/2*12 -> 0.57451404 | DP4: 0 | DQ4: 0 | DR4: 0 | DS4: 0 | DT4: 0 | DU4: 0 | DV4: 0 | EB4: =SUM(DP4:EA4) -> 0 | EC4: =B4/$B$17 -> 1.2210599e-05 | ED4: =C4/$C$17 -> 9.5548328e-06 | EE4: =D4/$D$17 -> 4.6902825e-06 | EF4: =E4/$E$17 -> 5.9345552e-06 | EG4: =F4/$F$17 -> 0 | EH4: =G4/$G$17 -> 7.6032502e-06 | EI4: =H4/$H$17 -> 2.2972228e-05 | EO4: =N4/$N$17 -> 8.3918883e-06 | EP4: =AB4/$AB$17 -> 4.7145972e-05 | EQ4: =AC4/$AC$17 -> 3.1851744e-05 | ER4: =AD4/$AD$17 -> 1.6915803e-05 | ES4: =AE4/$AE$17 -> 1.7805936e-05 | ET4: =AF4/$AF$17 -> 0 | EU4: =AG4/$AG$17 -> 3.1101783e-05 | EV4: =AH4/$AH$17 -> -9.8433943e-05 | FB4: =AA4/$N$17 -> 1.0303217e-05 | FC4: =DP4/$DP$17 -> 0 | FD4: =DQ4/$DQ$17 -> 0 | FE4: =DR4/$DR$17 -> 0 | FF4: =DS4/$DS$17 -> 0 | FG4: =DT4/$DT$17 -> 0 | FH4: =DU4/$DU$17 -> 0 | FI4: =DV4/$DV$17 -> 0 | FO4: =EB4/$EB$17 -> 0
A5: Apple City Distributors ТОО | B5: =VLOOKUP(A5,[1]Лист4!A5:B37,2,0) -> 6944000.9 | C5: =VLOOKUP(A5,[1]Лист5!A10:B41,2,0) -> 5571557.6 | D5: =VLOOKUP(A5,[1]Лист6!A10:B41,2,0) -> 6094514.8 | E5: =VLOOKUP(A5,[1]Лист7!A10:B41,2,0) -> 5338524.9 | F5: =VLOOKUP(A5,[1]Лист8!A10:B43,2,0) -> 6719218.9 | G5: =VLOOKUP(A5,[1]Лист9!A10:B41,2,0) -> 4155812.5 | H5: =VLOOKUP(A5,[1]Лист11!B8:C40,2,0) -> 3713795.2 | N5: =SUM(B5:M5) -> 38537425 | O5: =VLOOKUP(A5,[1]Лист4!A5:C37,3,0) -> 7250978 | P5: =VLOOKUP(A5,[1]Лист5!A10:C41,3,0) -> 5827071 | Q5: =VLOOKUP(A5,[1]Лист6!A10:C41,3,0) -> 6265401.2 | R5: =VLOOKUP(A5,[1]Лист7!A10:C41,3,0) -> 5795435.2 | S5: =VLOOKUP(A5,[1]Лист8!A10:C43,3,0) -> 6438810.7 | T5: =VLOOKUP(A5,[1]Лист9!A10:D41,3,0) -> 4182374.8 | U5: =VLOOKUP(A5,[1]Лист11!B8:D40,3,0) -> 4080516.2 | AA5: =SUM(O5:Z5) -> 39840587 | AB5: =VLOOKUP(A5,[1]Лист4!A5:D37,4,0) -> 306977.13 | AC5: =VLOOKUP(A5,[1]Лист5!A10:D41,4,0) -> 255513.42 | AD5: =VLOOKUP(A5,[1]Лист6!A10:D41,4,0) -> 170886.49 | AE5: =VLOOKUP(A5,[1]Лист7!A10:D41,4,0) -> 456910.34 | AF5: =VLOOKUP(A5,[1]Лист8!A10:D43,4,0) -> -280408.22 | AG5: =VLOOKUP(A5,[1]Лист9!A10:D41,4,0) -> 26562.22 | AH5: =VLOOKUP(A5,[1]Лист11!B8:E40,4,0) -> 366721.02 | AN5: =SUM(AB5:AM5) -> 1303162.4 | AO5: =VLOOKUP(A5,[1]Лист4!A5:E37,5,0) -> 8665350 | AP5: =VLOOKUP(A5,[1]Лист5!A10:E41,5,0) -> 8636827.2 | AQ5: =VLOOKUP(A5,[1]Лист6!A10:E41,5,0) -> 7564298.7 | AR5: =VLOOKUP(A5,[1]Лист7!A10:E41,5,0) -> 9196527.7 | AS5: =VLOOKUP(A5,[1]Лист8!A10:E43,5,0) -> 6897964 | AT5: =VLOOKUP(A5,[1]Лист9!A10:E41,5,0) -> 7125517.9 | AU5: =VLOOKUP(A5,[1]Лист11!B8:F40,5,0) -> 6533785.2 | BA5: =AT5 -> 7125517.9 | BF5: =[1]Лист1!R11 -> 938365.66 | BG5: =[1]Лист1!AA11 -> 410713.42 | BN5: =SUM(BB5:BM5) -> 1349079.1 | BR5: 457656 | BU5: =[1]РБ!F5 -> 510313 | CA5: =SUM(BO5:BZ5) -> 967969 | CN5: =SUM(CB5:CM5) -> 0 | DA5: =SUM(CO5:CZ5) -> 0 | DB5: =BN5+CA5+CN5+DA5 -> 2317048.1 | DD5: =(P5-AC5)/(AO5+AP5)/2*12 -> 1.9320889 | DE5: =(Q5-AD5)/(AP5+AQ5)/2*12 -> 2.2570708 | DF5: =(R5-AE5)/(AQ5+AR5)/2*12 -> 1.9110722 | DG5: =(S5-AF5)/(AR5+AS5)/2*12 -> 2.5049138 | DH5: =(T5-AG5)/(AS5+AT5)/2*12 -> 1.7780802 | DI5: =(U5-AH5)/(AT5+AU5)/2*12 -> 1.6313256 | DP5: =VLOOKUP(A5,[1]Лист3!A4:B35,2,0) -> 5456856.1 | DQ5: =VLOOKUP(A5,[1]Лист3!A4:C35,3,0) -> 5496912.3 | DR5: =VLOOKUP(A5,[1]Лист3!A4:D35,4,0) -> 4988343.2 | DS5: =VLOOKUP(A5,[1]Лист3!A4:E35,5,0) -> 6977873.1 | DT5: =VLOOKUP(A5,[1]Лист3!A4:F35,6,0) -> 4417975.9 | DU5: =VLOOKUP(A5,[1]Лист3!A4:G35,7,0) -> 4418639.9 | DV5: =VLOOKUP(A5,[1]Лист14!E9:G16,3,0) -> 2921741.2 | EB5: =SUM(DP5:EA5) -> 34678342 | EC5: =B5/$B$17 -> 0.29431917 | ED5: =C5/$C$17 -> 0.27718058 | EE5: =D5/$D$17 -> 0.29766736 | EF5: =E5/$E$17 -> 0.32991535 | EG5: =F5/$F$17 -> 0.37163922 | EH5: =G5/$G$17 -> 0.3290397 | EI5: =H5/$H$17 -> 0.33064937 | EO5: =N5/$N$17 -> 0.31512654 | EP5: =AB5/$AB$17 -> 0.10971674 | EQ5: =AC5/$AC$17 -> 0.092546599 | ER5: =AD5/$AD$17 -> 0.065742148 | ES5: =AE5/$AE$17 -> 0.1850288 | ET5: =AF5/$AF$17 -> -0.17534287 | EU5: =AG5/$AG$17 -> 0.018788547 | EV5: =AH5/$AH$17 -> 0.30586168 | FB5: =AA5/$N$17 -> 0.3257827 | FC5: =DP5/$DP$17 -> 0.31583999 | FD5: =DQ5/$DQ$17 -> 0.27899946 | FE5: =DR5/$DR$17 -> 0.32265499 | FF5: =DS5/$DS$17 -> 0.55274328 | FG5: =DT5/$DT$17 -> 0.37473497 | FH5: =DU5/$DU$17 -> 0.31998609 | FI5: =DV5/$DV$17 -> 0.43355656 | FO5: =EB5/$EB$17 -> 0.35603554
A6: Bеаuty Plus ТОО | B6: =[1]Лист4!B7 -> 5819601 | C6: =VLOOKUP(A6,[1]Лист5!A12:B43,2,0) -> 5081341 | D6: =VLOOKUP(A6,[1]Лист6!A12:B43,2,0) -> 5109554 | E6: =VLOOKUP(A6,[1]Лист7!A12:B43,2,0) -> 4329332.6 | F6: =VLOOKUP(A6,[1]Лист8!A12:B45,2,0) -> 5056323.9 | G6: =VLOOKUP(A6,[1]Лист9!A12:B43,2,0) -> 2946383.2 | H6: =VLOOKUP(A6,[1]Лист11!B9:C41,2,0) -> 2618077 | N6: =SUM(B6:M6) -> 30960613 | O6: =VLOOKUP(A6,[1]Лист4!A7:C39,3,0) -> 7055587 | P6: =VLOOKUP(A6,[1]Лист5!A12:C43,3,0) -> 6632724 | Q6: =VLOOKUP(A6,[1]Лист6!A12:C43,3,0) -> 6544875 | R6: =VLOOKUP(A6,[1]Лист7!A12:C43,3,0) -> 5544755 | S6: =VLOOKUP(A6,[1]Лист8!A12:C45,3,0) -> 6192380 | T6: =VLOOKUP(A6,[1]Лист9!A12:D43,3,0) -> 3740886 | U6: =VLOOKUP(A6,[1]Лист11!B9:D41,3,0) -> 2939440.5 | AA6: =SUM(O6:Z6) -> 38650648 | AB6: =VLOOKUP(A6,[1]Лист4!A7:D39,4,0) -> 1235986 | AC6: =VLOOKUP(A6,[1]Лист5!A12:D43,4,0) -> 1551383 | AD6: =VLOOKUP(A6,[1]Лист6!A12:D43,4,0) -> 1435321 | AE6: =VLOOKUP(A6,[1]Лист7!A12:D43,4,0) -> 1215422.4 | AF6: =VLOOKUP(A6,[1]Лист8!A12:D45,4,0) -> 1136056.1 | AG6: =VLOOKUP(A6,[1]Лист9!A12:D43,4,0) -> 794502.81 | AH6: =VLOOKUP(A6,[1]Лист11!B9:E41,4,0) -> 321363.55 | AN6: =SUM(AB6:AM6) -> 7690034.8 | AO6: =VLOOKUP(A6,[1]Лист4!A7:E39,5,0) -> 4757925.8 | AP6: =VLOOKUP(A6,[1]Лист5!A12:E43,5,0) -> 6039340.3 | AQ6: =VLOOKUP(A6,[1]Лист6!A12:E43,5,0) -> 5445814 | AR6: =VLOOKUP(A6,[1]Лист7!A12:E43,5,0) -> 3330165.5 | AS6: =VLOOKUP(A6,[1]Лист8!A12:E45,5,0) -> 3075972.6 | AT6: =VLOOKUP(A6,[1]Лист9!A12:E43,5,0) -> 3394084.9 | AU6: =VLOOKUP(A6,[1]Лист11!B9:F41,5,0) -> 1249373.6 | BA6: =AT6 -> 3394084.9 | BN6: =SUM(BB6:BM6) -> 0 | CA6: =SUM(BO6:BZ6) -> 0 | CN6: =SUM(CB6:CM6) -> 0 | DA6: =SUM(CO6:CZ6) -> 0 | DB6: =BN6+CA6+CN6+DA6 -> 0 | DD6: =(P6-AC6)/(AO6+AP6)/2*12 -> 2.823682 | DE6: =(Q6-AD6)/(AP6+AQ6)/2*12 -> 2.6693001 | DF6: =(R6-AE6)/(AQ6+AR6)/2*12 -> 2.959897 | DG6: =(S6-AF6)/(AR6+AS6)/2*12 -> 4.7357617 | DH6: =(T6-AG6)/(AS6+AT6)/2*12 -> 2.7323249 | DI6: =(U6-AH6)/(AT6+AU6)/2*12 -> 3.3829228 | DP6: 4242474.8 | DQ6: 1148067.6 | DR6: 1207689.4 | DS6: 2318964.7 | DT6: 1507477.4 | DU6: 2490688.6 | DV6: =VLOOKUP(A6,[1]Лист14!E10:G17,3,0) -> 1243364 | EB6: =SUM(DP6:EA6) -> 14158727 | EC6: =B6/$B$17 -> 0.24666186 | ED6: =C6/$C$17 -> 0.25279269 | EE6: =D6/$D$17 -> 0.24956005 | EF6: =E6/$E$17 -> 0.2675483 | EG6: =F6/$F$17 -> 0.27966469 | EH6: =G6/$G$17 -> 0.23328219 | EI6: =H6/$H$17 -> 0.23309457 | EO6: =N6/$N$17 -> 0.25316977 | EP6: =AB6/$AB$17 -> 0.44175393 | EQ6: =AC6/$AC$17 -> 0.56190872 | ER6: =AD6/$AD$17 -> 0.55218577 | ES6: =AE6/$AE$17 -> 0.49219318 | ET6: =AF6/$AF$17 -> 0.71039048 | EU6: =AG6/$AG$17 -> 0.56198439 | EV6: =AH6/$AH$17 -> 0.26803153 | FB6: =AA6/$N$17 -> 0.31605238 | FC6: =DP6/$DP$17 -> 0.24555223 | FD6: =DQ6/$DQ$17 -> 0.058270939 | FE6: =DR6/$DR$17 -> 0.078115519 | FF6: =DS6/$DS$17 -> 0.18369382 | FG6: =DT6/$DT$17 -> 0.127865 | FH6: =DU6/$DU$17 -> 0.18036901 | FI6: =DV6/$DV$17 -> 0.18450252 | FO6: =EB6/$EB$17 -> 0.14536479
A7: SAKURA TRADE ИП | B7: =VLOOKUP(A7,[1]Лист4!A10:B45,2,0) -> 38131.03 | C7: =VLOOKUP(A7,[1]Лист5!A17:B48,2,0) -> 199194.09 | D7: =VLOOKUP(A7,[1]Лист6!A17:B48,2,0) -> 394474.87 | E7: =VLOOKUP(A7,[1]Лист7!A17:B48,2,0) -> 93541.54 | F7: =VLOOKUP(A7,[1]Лист8!A17:B50,2,0) -> 50937.96 | G7: =VLOOKUP(A7,[1]Лист9!A17:B48,2,0) -> 20417.95 | H7: =VLOOKUP(A7,[1]Лист11!B10:C42,2,0) -> 43810.25 | N7: =SUM(B7:M7) -> 840507.69 | O7: =VLOOKUP(A7,[1]Лист4!A12:C44,3,0) -> 44720 | P7: =VLOOKUP(A7,[1]Лист5!A17:C48,3,0) -> 241890 | Q7: =VLOOKUP(A7,[1]Лист6!A17:C48,3,0) -> 484010 | R7: =VLOOKUP(A7,[1]Лист7!A17:C48,3,0) -> 111790 | S7: =VLOOKUP(A7,[1]Лист8!A17:C50,3,0) -> 60920 | T7: =VLOOKUP(A7,[1]Лист9!A17:D48,3,0) -> 23400 | U7: =VLOOKUP(A7,[1]Лист11!B10:D42,3,0) -> 50300 | AA7: =SUM(O7:Z7) -> 1017030 | AB7: =VLOOKUP(A7,[1]Лист4!A12:D44,4,0) -> 6588.97 | AC7: =VLOOKUP(A7,[1]Лист5!A17:D48,4,0) -> 42695.91 | AD7: =VLOOKUP(A7,[1]Лист6!A17:D48,4,0) -> 89535.13 | AE7: =VLOOKUP(A7,[1]Лист7!A17:D48,4,0) -> 18248.46 | AF7: =VLOOKUP(A7,[1]Лист8!A17:D50,4,0) -> 9982.04 | AG7: =VLOOKUP(A7,[1]Лист9!A17:D48,4,0) -> 2982.05 | AH7: =VLOOKUP(A7,[1]Лист11!B10:E42,4,0) -> 6489.75 | AN7: =SUM(AB7:AM7) -> 176522.31 | AO7: =VLOOKUP(A7,[1]Лист4!A12:E44,5,0) -> 327787.77 | AP7: =VLOOKUP(A7,[1]Лист5!A17:E48,5,0) -> 825378.5 | AQ7: =VLOOKUP(A7,[1]Лист6!A17:E48,5,0) -> 398073.91 | AR7: =VLOOKUP(A7,[1]Лист7!A17:E48,5,0) -> 303042.4 | AS7: =VLOOKUP(A7,[1]Лист8!A17:E50,5,0) -> 257337.53 | AT7: =VLOOKUP(A7,[1]Лист9!A17:E48,5,0) -> 236919.6 | AU7: =VLOOKUP(A7,[1]Лист11!B10:F42,5,0) -> 193109.37 | BA7: =AT7 -> 236919.6 | BN7: =SUM(BB7:BM7) -> 0 | CA7: =SUM(BO7:BZ7) -> 0 | CN7: =SUM(CB7:CM7) -> 0 | DA7: =SUM(CO7:CZ7) -> 0 | DB7: =BN7+CA7+CN7+DA7 -> 0 | DD7: =(P7-AC7)/(AO7+AP7)/2*12 -> 1.03642 | DE7: =(Q7-AD7)/(AP7+AQ7)/2*12 -> 1.9345658 | DF7: =(R7-AE7)/(AQ7+AR7)/2*12 -> 0.80050804 | DG7: =(S7-AF7)/(AR7+AS7)/2*12 -> 0.54539384 | DH7: =(T7-AG7)/(AS7+AT7)/2*12 -> 0.24786228 | DI7: =(U7-AH7)/(AT7+AU7)/2*12 -> 0.61126463 | DP7: =VLOOKUP(A7,[1]Лист3!A6:B37,2,0) -> 0 | DQ7: =VLOOKUP(A7,[1]Лист3!A6:C37,3,0) -> 3649890 | DR7: =VLOOKUP(A7,[1]Лист3!A6:D37,4,0) -> 278800 | DS7: =VLOOKUP(A7,[1]Лист3!A6:E37,5,0) -> 0 | DT7: =VLOOKUP(A7,[1]Лист3!A6:F37,6,0) -> 0 | DU7: =VLOOKUP(A7,[1]Лист3!A6:G37,7,0) -> 0 | DV7: 0 | EB7: =SUM(DP7:EA7) -> 3928690 | EC7: =B7/$B$17 -> 0.001616171 | ED7: =C7/$C$17 -> 0.0099097482 | EE7: =D7/$D$17 -> 0.019266881 | EF7: =E7/$E$17 -> 0.005780771 | EG7: =F7/$F$17 -> 0.0028173727 | EH7: =G7/$G$17 -> 0.0016166071 | EI7: =H7/$H$17 -> 0.0039005467 | EO7: =N7/$N$17 -> 0.0068729627 | EP7: =AB7/$AB$17 -> 0.0023549647 | EQ7: =AC7/$AC$17 -> 0.015464398 | ER7: =AD7/$AD$17 -> 0.034445273 | ES7: =AE7/$AE$17 -> 0.0073898321 | ET7: =AF7/$AF$17 -> 0.006241898 | EU7: =AG7/$AG$17 -> 0.0021093262 | EV7: =AH7/$AH$17 -> 0.0054127409 | FB7: =AA7/$N$17 -> 0.0083164131 | FC7: =DP7/$DP$17 -> 0 | FD7: =DQ7/$DQ$17 -> 0.18525261 | FE7: =DR7/$DR$17 -> 0.018033285 | FF7: =DS7/$DS$17 -> 0 | FG7: =DT7/$DT$17 -> 0 | FH7: =DU7/$DU$17 -> 0 | FI7: =DV7/$DV$17 -> 0 | FO7: =EB7/$EB$17 -> 0.040335068
A8: Almatytrade ТОО | B8: =VLOOKUP(A8,[1]Лист4!A4:B36,2,0) -> 50337.15 | C8: =VLOOKUP(A8,[1]Лист5!A9:B40,2,0) -> 53778.22 | D8: =VLOOKUP(A8,[1]Лист6!A9:B40,2,0) -> 55994.12 | E8: =VLOOKUP(A8,[1]Лист7!A9:B40,2,0) -> 27780.29 | F8: =VLOOKUP(A8,[1]Лист8!A9:B42,2,0) -> 35203.42 | G8: =VLOOKUP(A8,[1]Лист9!A9:B40,2,0) -> 39641.71 | H8: =[1]Лист11!C8 -> 6970.54 | N8: =SUM(B8:M8) -> 269705.45 | O8: =VLOOKUP(A8,[1]Лист4!A4:C36,3,0) -> 53349 | P8: =VLOOKUP(A8,[1]Лист5!A9:C40,3,0) -> 58292 | Q8: =VLOOKUP(A8,[1]Лист6!A9:C40,3,0) -> 61015 | R8: =VLOOKUP(A8,[1]Лист7!A9:C40,3,0) -> 30159 | S8: =VLOOKUP(A8,[1]Лист8!A9:C42,3,0) -> 38730 | T8: =VLOOKUP(A8,[1]Лист9!A9:D40,3,0) -> 43695 | U8: =[1]Лист11!D8 -> 7600 | AA8: =SUM(O8:Z8) -> 292840 | AB8: =VLOOKUP(A8,[1]Лист4!A4:D36,4,0) -> 3011.85 | AC8: =VLOOKUP(A8,[1]Лист5!A9:D40,4,0) -> 4513.78 | AD8: =VLOOKUP(A8,[1]Лист6!A9:D40,4,0) -> 5020.88 | AE8: =VLOOKUP(A8,[1]Лист7!A9:D40,4,0) -> 2378.71 | AF8: =VLOOKUP(A8,[1]Лист8!A9:D42,4,0) -> 3526.58 | AG8: =VLOOKUP(A8,[1]Лист9!A9:D40,4,0) -> 4053.29 | AH8: =[1]Лист11!E8 -> 629.46 | AN8: =SUM(AB8:AM8) -> 23134.55 | AO8: =VLOOKUP(A8,[1]Лист4!A4:E36,5,0) -> 59844.99 | AP8: =VLOOKUP(A8,[1]Лист5!A9:E40,5,0) -> 59826.61 | AQ8: =VLOOKUP(A8,[1]Лист6!A9:E40,5,0) -> 32345.9 | AR8: =VLOOKUP(A8,[1]Лист7!A9:E40,5,0) -> 36321.37 | AS8: =VLOOKUP(A8,[1]Лист8!A9:E42,5,0) -> 56660.24 | AT8: =VLOOKUP(A8,[1]Лист9!A9:E40,5,0) -> 46954.07 | AU8: =[1]Лист11!F8 -> 49731.69 | BA8: =AT8 -> 46954.07 | BN8: =SUM(BB8:BM8) -> 0 | CA8: =SUM(BO8:BZ8) -> 0 | CN8: =SUM(CB8:CM8) -> 0 | DA8: =SUM(CO8:CZ8) -> 0 | DB8: =BN8+CA8+CN8+DA8 -> 0 | DD8: =(P8-AC8)/(AO8+AP8)/2*12 -> 2.6962898 | DE8: =(Q8-AD8)/(AP8+AQ8)/2*12 -> 3.6449557 | DF8: =(R8-AE8)/(AQ8+AR8)/2*12 -> 2.4273827 | DG8: =(S8-AF8)/(AR8+AS8)/2*12 -> 2.2716376 | DH8: =(T8-AG8)/(AS8+AT8)/2*12 -> 2.2955349 | DI8: =(U8-AH8)/(AT8+AU8)/2*12 -> 0.43256877 | DP8: =VLOOKUP(A8,[1]Лист3!A3:B3,2,0) -> 358584 | DQ8: 0 | DR8: 0 | DS8: 0 | DT8: 0 | DU8: 0 | DV8: =VLOOKUP(A8,[1]Лист14!E12:G19,3,0) -> 494172 | EB8: =SUM(DP8:EA8) -> 852756 | EC8: =B8/$B$17 -> 0.0021335234 | ED8: =C8/$C$17 -> 0.0026754238 | EE8: =D8/$D$17 -> 0.0027348562 | EF8: =E8/$E$17 -> 0.0017167933 | EG8: =F8/$F$17 -> 0.0019470971 | EH8: =G8/$G$17 -> 0.0031386633 | EI8: =H8/$H$17 -> 0.00062060628 | EO8: =N8/$N$17 -> 0.0022054236 | EP8: =AB8/$AB$17 -> 0.0010764657 | EQ8: =AC8/$AC$17 -> 0.0016348847 | ER8: =AD8/$AD$17 -> 0.0019315947 | ES8: =AE8/$AE$17 -> 0.00096327403 | ET8: =AF8/$AF$17 -> 0.0022052158 | EU8: =AG8/$AG$17 -> 0.0028670581 | EV8: =AH8/$AH$17 -> 0.00052499771 | FB8: =AA8/$N$17 -> 0.0023945984 | FC8: =DP8/$DP$17 -> 0.020754655 | FD8: =DQ8/$DQ$17 -> 0 | FE8: =DR8/$DR$17 -> 0 | FF8: =DS8/$DS$17 -> 0 | FG8: =DT8/$DT$17 -> 0 | FH8: =DU8/$DU$17 -> 0 | FI8: =DV8/$DV$17 -> 0.073330079 | FO8: =EB8/$EB$17 -> 0.0087550738
A9: Астана Элит Продукт | B9: =VLOOKUP(A9,[1]Лист4!A11:B52,2,0) -> 2902318.8 | C9: =VLOOKUP(A9,[1]Лист5!A24:B55,2,0) -> 2430447.5 | D9: =VLOOKUP(A9,[1]Лист6!A24:B55,2,0) -> 2356043.9 | E9: =VLOOKUP(A9,[1]Лист7!A24:B55,2,0) -> 1331357.8 | F9: =VLOOKUP(A9,[1]Лист8!A24:B57,2,0) -> 1372915.6 | G9: =VLOOKUP(A9,[1]Лист9!A24:B55,2,0) -> 1256382.2 | H9: =VLOOKUP(A9,[1]Лист11!B12:C44,2,0) -> 24934.79 | N9: =SUM(B9:M9) -> 11674401 | O9: =VLOOKUP(A9,[1]Лист4!A19:C51,3,0) -> 3080181.2 | P9: =VLOOKUP(A9,[1]Лист5!A24:C55,3,0) -> 2554626.5 | Q9: =VLOOKUP(A9,[1]Лист6!A24:C55,3,0) -> 2485338.8 | R9: =VLOOKUP(A9,[1]Лист7!A24:C55,3,0) -> 1416038.8 | S9: =VLOOKUP(A9,[1]Лист8!A24:C57,3,0) -> 1471740 | T9: =VLOOKUP(A9,[1]Лист9!A24:D55,3,0) -> 1346290.5 | U9: =VLOOKUP(A9,[1]Лист11!B12:D44,3,0) -> 27290 | AA9: =SUM(O9:Z9) -> 12381506 | AB9: =VLOOKUP(A9,[1]Лист4!A19:D51,4,0) -> 177862.43 | AC9: =VLOOKUP(A9,[1]Лист5!A24:D55,4,0) -> 124178.99 | AD9: =VLOOKUP(A9,[1]Лист6!A24:D55,4,0) -> 129294.82 | AE9: =VLOOKUP(A9,[1]Лист7!A24:D55,4,0) -> 84680.98 | AF9: =VLOOKUP(A9,[1]Лист8!A24:D57,4,0) -> 98824.45 | AG9: =VLOOKUP(A9,[1]Лист9!A24:D55,4,0) -> 89908.3 | AH9: =VLOOKUP(A9,[1]Лист11!B12:E44,4,0) -> 2355.21 | AN9: =SUM(AB9:AM9) -> 707105.18 | AO9: =VLOOKUP(A9,[1]Лист4!A19:E51,5,0) -> 3070190.1 | AP9: =VLOOKUP(A9,[1]Лист5!A24:E55,5,0) -> 2768118.3 | AQ9: =VLOOKUP(A9,[1]Лист6!A24:E55,5,0) -> 1792728.4 | AR9: =VLOOKUP(A9,[1]Лист7!A24:E55,5,0) -> 1376011.1 | AS9: =VLOOKUP(A9,[1]Лист8!A24:E57,5,0) -> 1688383.2 | AT9: =VLOOKUP(A9,[1]Лист9!A24:E55,5,0) -> 2123109.2 | AU9: =VLOOKUP(A9,[1]Лист11!B12:F44,5,0) -> 49326.95 | BA9: =AT9 -> 2123109.2 | BN9: =SUM(BB9:BM9) -> 0 | CA9: =SUM(BO9:BZ9) -> 0 | CN9: =SUM(CB9:CM9) -> 0 | DA9: =SUM(CO9:CZ9) -> 0 | DB9: =BN9+CA9+CN9+DA9 -> 0 | DD9: =(P9-AC9)/(AO9+AP9)/2*12 -> 2.4977586 | DE9: =(Q9-AD9)/(AP9+AQ9)/2*12 -> 3.0994823 | DF9: =(R9-AE9)/(AQ9+AR9)/2*12 -> 2.5209225 | DG9: =(S9-AF9)/(AR9+AS9)/2*12 -> 2.6881311 | DH9: =(T9-AG9)/(AS9+AT9)/2*12 -> 1.97778 | DI9: =(U9-AH9)/(AT9+AU9)/2*12 -> 0.068866807 | DP9: =VLOOKUP(A9,[1]Лист3!A8:B39,2,0) -> 423082 | DQ9: =VLOOKUP(A9,[1]Лист3!A8:C39,3,0) -> 258324 | DR9: =VLOOKUP(A9,[1]Лист3!A8:D39,4,0) -> 0 | DS9: =VLOOKUP(A9,[1]Лист3!A8:E39,5,0) -> 0 | DT9: =VLOOKUP(A9,[1]Лист3!A8:F39,6,0) -> 0 | DU9: =VLOOKUP(A9,[1]Лист3!A8:G39,7,0) -> 1093354 | DV9: 0 | EB9: =SUM(DP9:EA9) -> 1774760 | EC9: =B9/$B$17 -> 0.12301382 | ED9: =C9/$C$17 -> 0.12091284 | EE9: =D9/$D$17 -> 0.11507354 | EF9: =E9/$E$17 -> 0.082276541 | EG9: =F9/$F$17 -> 0.0759358 | EH9: =G9/$G$17 -> 0.099475041 | EI9: =H9/$H$17 -> 0.0022200127 | EO9: =N9/$N$17 -> 0.095463397 | EP9: =AB9/$AB$17 -> 0.063569836 | EQ9: =AC9/$AC$17 -> 0.044977455 | ER9: =AD9/$AD$17 -> 0.049741318 | ES9: =AE9/$AE$17 -> 0.034292112 | ET9: =AF9/$AF$17 -> 0.0617962 | EU9: =AG9/$AG$17 -> 0.063595825 | EV9: =AH9/$AH$17 -> 0.0019643502 | FB9: =AA9/$N$17 -> 0.10124551 | FC9: =DP9/$DP$17 -> 0.024487766 | FD9: =DQ9/$DQ$17 -> 0.013111407 | FE9: =DR9/$DR$17 -> 0 | FF9: =DS9/$DS$17 -> 0 | FG9: =DT9/$DT$17 -> 0 | FH9: =DU9/$DU$17 -> 0.079177775 | FI9: =DV9/$DV$17 -> 0 | FO9: =EB9/$EB$17 -> 0.018221103
A10: Бостан ТОО | B10: =[1]Лист4!B21 -> 84481.38 | C10: =VLOOKUP(A10,[1]Лист5!A26:B57,2,0) -> 53486.95 | D10: =VLOOKUP(A10,[1]Лист6!A26:B57,2,0) -> 96967.63 | E10: =VLOOKUP(A10,[1]Лист7!A26:B57,2,0) -> 43196.45 | F10: =VLOOKUP(A10,[1]Лист8!A26:B59,2,0) -> 10154.04 | G10: =VLOOKUP(A10,[1]Лист9!A26:B57,2,0) -> 33521.87 | H10: =VLOOKUP(A10,[1]Лист11!B13:C45,2,0) -> 62790.32 | N10: =SUM(B10:M10) -> 384598.64 | O10: =VLOOKUP(A10,[1]Лист4!A21:C53,3,0) -> 108519 | P10: =VLOOKUP(A10,[1]Лист5!A26:C57,3,0) -> 68097.5 | Q10: =VLOOKUP(A10,[1]Лист6!A26:C57,3,0) -> 126443.5 | R10: =VLOOKUP(A10,[1]Лист7!A26:C57,3,0) -> 54963 | S10: =VLOOKUP(A10,[1]Лист8!A26:C59,3,0) -> 13195 | T10: =VLOOKUP(A10,[1]Лист9!A26:D57,3,0) -> 43964.5 | U10: =VLOOKUP(A10,[1]Лист11!B13:D45,3,0) -> 68671 | AA10: =SUM(O10:Z10) -> 483853.5 | AB10: =VLOOKUP(A10,[1]Лист4!A21:D53,4,0) -> 24037.62 | AC10: =VLOOKUP(A10,[1]Лист5!A26:D57,4,0) -> 14610.55 | AD10: =VLOOKUP(A10,[1]Лист6!A26:D57,4,0) -> 29475.87 | AE10: =VLOOKUP(A10,[1]Лист7!A26:D57,4,0) -> 11766.55 | AF10: =VLOOKUP(A10,[1]Лист8!A26:D59,4,0) -> 3040.96 | AG10: =VLOOKUP(A10,[1]Лист9!A26:D57,4,0) -> 10442.63 | AH10: =VLOOKUP(A10,[1]Лист11!B13:E45,4,0) -> 5880.68 | AN10: =SUM(AB10:AM10) -> 99254.86 | AO10: =VLOOKUP(A10,[1]Лист4!A21:E53,5,0) -> 770115.88 | AP10: =VLOOKUP(A10,[1]Лист5!A26:E57,5,0) -> 725212.96 | AQ10: =VLOOKUP(A10,[1]Лист6!A26:E57,5,0) -> 630360.1 | AR10: =VLOOKUP(A10,[1]Лист7!A26:E57,5,0) -> 589692.24 | AS10: =VLOOKUP(A10,[1]Лист8!A26:E59,5,0) -> 85136.69 | AT10: =VLOOKUP(A10,[1]Лист9!A26:E57,5,0) -> 535540.48 | AU10: =VLOOKUP(A10,[1]Лист11!B13:F45,5,0) -> 474423.43 | BA10: =AT10 -> 535540.48 | BN10: =SUM(BB10:BM10) -> 0 | CA10: =SUM(BO10:BZ10) -> 0 | CN10: =SUM(CB10:CM10) -> 0 | DA10: =SUM(CO10:CZ10) -> 0 | DB10: =BN10+CA10+CN10+DA10 -> 0 | DD10: =(P10-AC10)/(AO10+AP10)/2*12 -> 0.21461614 | DE10: =(Q10-AD10)/(AP10+AQ10)/2*12 -> 0.42919544 | DF10: =(R10-AE10)/(AQ10+AR10)/2*12 -> 0.21243244 | DG10: =(S10-AF10)/(AR10+AS10)/2*12 -> 0.090281014 | DH10: =(T10-AG10)/(AS10+AT10)/2*12 -> 0.32405126 | DI10: =(U10-AH10)/(AT10+AU10)/2*12 -> 0.37302513 | DP10: =VLOOKUP(A10,[1]Лист3!A9:B40,2,0) -> 38154 | DQ10: =VLOOKUP(A10,[1]Лист3!A9:C40,3,0) -> 7710 | DR10: =VLOOKUP(A10,[1]Лист3!A9:D40,4,0) -> 4827 | DS10: =VLOOKUP(A10,[1]Лист3!A9:E40,5,0) -> 0 | DT10: =VLOOKUP(A10,[1]Лист3!A9:F40,6,0) -> 0 | DU10: =VLOOKUP(A10,[1]Лист3!A9:G40,7,0) -> 37514 | DV10: =[1]Лист14!G13 -> 5772 | EB10: =SUM(DP10:EA10) -> 93977 | EC10: =B10/$B$17 -> 0.0035807152 | ED10: =C10/$C$17 -> 0.0026609334 | EE10: =D10/$D$17 -> 0.0047360781 | EF10: =E10/$E$17 -> 0.0026694962 | EG10: =F10/$F$17 -> 0.00056161878 | EH10: =G10/$G$17 -> 0.0026541202 | EI10: =H10/$H$17 -> 0.0055903943 | EO10: =N10/$N$17 -> 0.0031449231 | EP10: =AB10/$AB$17 -> 0.0085912892 | EQ10: =AC10/$AC$17 -> 0.0052919205 | ER10: =AD10/$AD$17 -> 0.011339732 | ES10: =AE10/$AE$17 -> 0.0047649407 | ET10: =AF10/$AF$17 -> 0.0019015514 | EU10: =AG10/$AG$17 -> 0.0073865001 | EV10: =AH10/$AH$17 -> 0.0049047494 | FB10: =AA10/$N$17 -> 0.0039565456 | FC10: =DP10/$DP$17 -> 0.0022083336 | FD10: =DQ10/$DQ$17 -> 0.0003913262 | FE10: =DR10/$DR$17 -> 0.00031221903 | FF10: =DS10/$DS$17 -> 0 | FG10: =DT10/$DT$17 -> 0 | FH10: =DU10/$DU$17 -> 0.0027166636 | FI10: =DV10/$DV$17 -> 0.00085650586 | FO10: =EB10/$EB$17 -> 0.0009648429
A11: Весна Trade ТОО | B11: =VLOOKUP(A11,[1]Лист4!A13:B55,2,0) -> 20249.28 | C11: =VLOOKUP(A11,[1]Лист5!A27:B58,2,0) -> 14673.01 | D11: =VLOOKUP(A11,[1]Лист6!A27:B58,2,0) -> 16206.6 | E11: =VLOOKUP(A11,[1]Лист7!A27:B58,2,0) -> 12093.25 | F11: =VLOOKUP(A11,[1]Лист8!A27:B60,2,0) -> 12588.93 | G11: =VLOOKUP(A11,[1]Лист9!A27:B58,2,0) -> 2694.72 | H11: =VLOOKUP(A11,[1]Лист11!B14:C46,2,0) -> 2992.5 | N11: =SUM(B11:M11) -> 81498.29 | O11: =VLOOKUP(A11,[1]Лист4!A22:C54,3,0) -> 26285 | P11: =VLOOKUP(A11,[1]Лист5!A27:C58,3,0) -> 18870 | Q11: =VLOOKUP(A11,[1]Лист6!A27:C58,3,0) -> 21030 | R11: =VLOOKUP(A11,[1]Лист7!A27:C58,3,0) -> 15700 | S11: =VLOOKUP(A11,[1]Лист8!A27:C60,3,0) -> 15960 | T11: =VLOOKUP(A11,[1]Лист9!A27:D58,3,0) -> 3430 | U11: =VLOOKUP(A11,[1]Лист11!B14:D46,3,0) -> 3650 | AA11: =SUM(O11:Z11) -> 104925 | AB11: =VLOOKUP(A11,[1]Лист4!A22:D54,4,0) -> 6035.72 | AC11: =VLOOKUP(A11,[1]Лист5!A27:D58,4,0) -> 4196.99 | AD11: =VLOOKUP(A11,[1]Лист6!A27:D58,4,0) -> 4823.4 | AE11: =VLOOKUP(A11,[1]Лист7!A27:D58,4,0) -> 3606.75 | AF11: =VLOOKUP(A11,[1]Лист8!A27:D60,4,0) -> 3371.07 | AG11: =VLOOKUP(A11,[1]Лист9!A27:D58,4,0) -> 735.28 | AH11: =VLOOKUP(A11,[1]Лист11!B14:E46,4,0) -> 657.5 | AN11: =SUM(AB11:AM11) -> 23426.71 | AO11: =VLOOKUP(A11,[1]Лист4!A22:E54,5,0) -> 33076.5 | AP11: =VLOOKUP(A11,[1]Лист5!A27:E58,5,0) -> 30233.46 | AQ11: =VLOOKUP(A11,[1]Лист6!A27:E58,5,0) -> 27605.88 | AR11: =VLOOKUP(A11,[1]Лист7!A27:E58,5,0) -> 24851.02 | AS11: =VLOOKUP(A11,[1]Лист8!A27:E60,5,0) -> 18043.54 | AT11: =VLOOKUP(A11,[1]Лист9!A27:E58,5,0) -> 15266.95 | AU11: =VLOOKUP(A11,[1]Лист11!B14:F46,5,0) -> 12274.45 | BA11: =AT11 -> 15266.95 | BN11: =SUM(BB11:BM11) -> 0 | CA11: =SUM(BO11:BZ11) -> 0 | CN11: =SUM(CB11:CM11) -> 0 | DA11: =SUM(CO11:CZ11) -> 0 | DB11: =BN11+CA11+CN11+DA11 -> 0 | DD11: =(P11-AC11)/(AO11+AP11)/2*12 -> 1.3905878 | DE11: =(Q11-AD11)/(AP11+AQ11)/2*12 -> 1.6812018 | DF11: =(R11-AE11)/(AQ11+AR11)/2*12 -> 1.3832213 | DG11: =(S11-AF11)/(AR11+AS11)/2*12 -> 1.7609128 | DH11: =(T11-AG11)/(AS11+AT11)/2*12 -> 0.48538223 | DI11: =(U11-AH11)/(AT11+AU11)/2*12 -> 0.65192764 | DP11: =VLOOKUP(A11,[1]Лист3!A10:B41,2,0) -> 61320 | DQ11: =VLOOKUP(A11,[1]Лист3!A10:C41,3,0) -> 34080 | DR11: =VLOOKUP(A11,[1]Лист3!A10:D41,4,0) -> 44322 | DS11: =VLOOKUP(A11,[1]Лист3!A10:E41,5,0) -> 29900 | DT11: =VLOOKUP(A11,[1]Лист3!A10:F41,6,0) -> 24790 | DU11: =VLOOKUP(A11,[1]Лист3!A10:G41,7,0) -> 0 | DV11: 0 | EB11: =SUM(DP11:EA11) -> 194412 | EC11: =B11/$B$17 -> 0.00085825901 | ED11: =C11/$C$17 -> 0.00072997062 | EE11: =D11/$D$17 -> 0.00079156027 | EF11: =E11/$E$17 -> 0.00074735041 | EG11: =F11/$F$17 -> 0.00069629226 | EH11: =G11/$G$17 -> 0.00021335656 | EI11: =H11/$H$17 -> 0.00026643048 | EO11: =N11/$N$17 -> 0.00066642425 | EP11: =AB11/$AB$17 -> 0.0021572275 | EQ11: =AC11/$AC$17 -> 0.0015201438 | ER11: =AD11/$AD$17 -> 0.0018556217 | ES11: =AE11/$AE$17 -> 0.0014605768 | ET11: =AF11/$AF$17 -> 0.0021079734 | EU11: =AG11/$AG$17 -> 0.00052009367 | EV11: =AH11/$AH$17 -> 0.00054838432 | FB11: =AA11/$N$17 -> 0.00085798811 | FC11: =DP11/$DP$17 -> 0.0035491697 | FD11: =DQ11/$DQ$17 -> 0.0017297532 | FE11: =DR11/$DR$17 -> 0.0028668265 | FF11: =DS11/$DS$17 -> 0.0023684902 | FG11: =DT11/$DT$17 -> 0.0021027005 | FH11: =DU11/$DU$17 -> 0 | FI11: =DV11/$DV$17 -> 0 | FO11: =EB11/$EB$17 -> 0.0019959888
A12: ИнтерБиКом ТОО | B12: =VLOOKUP(A12,[1]Лист4!A13:B56,2,0) -> 2262532 | C12: =VLOOKUP(A12,[1]Лист5!A28:B59,2,0) -> 2124893.7 | D12: =VLOOKUP(A12,[1]Лист6!A28:B59,2,0) -> 2089417.5 | E12: =VLOOKUP(A12,[1]Лист7!A28:B59,2,0) -> 1082890.9 | F12: =VLOOKUP(A12,[1]Лист8!A28:B61,2,0) -> 1516249.4 | G12: =VLOOKUP(A12,[1]Лист9!A28:B59,2,0) -> 1388235.3 | H12: =VLOOKUP(A12,[1]Лист11!B15:C47,2,0) -> 106230.57 | N12: =SUM(B12:M12) -> 10570449 | O12: =VLOOKUP(A12,[1]Лист4!A23:C55,3,0) -> 2419543.5 | P12: =VLOOKUP(A12,[1]Лист5!A28:C59,3,0) -> 2232013.8 | Q12: =VLOOKUP(A12,[1]Лист6!A28:C59,3,0) -> 2190931.8 | R12: =VLOOKUP(A12,[1]Лист7!A28:C59,3,0) -> 1146965.5 | S12: =VLOOKUP(A12,[1]Лист8!A28:C61,3,0) -> 1623418 | T12: =VLOOKUP(A12,[1]Лист9!A28:D59,3,0) -> 1495198.5 | U12: =VLOOKUP(A12,[1]Лист11!B15:D47,3,0) -> 111902 | AA12: =SUM(O12:Z12) -> 11219973 | AB12: =VLOOKUP(A12,[1]Лист4!A23:D55,4,0) -> 157011.45 | AC12: =VLOOKUP(A12,[1]Лист5!A28:D59,4,0) -> 107120.03 | AD12: =VLOOKUP(A12,[1]Лист6!A28:D59,4,0) -> 101514.28 | AE12: =VLOOKUP(A12,[1]Лист7!A28:D59,4,0) -> 64074.64 | AF12: =VLOOKUP(A12,[1]Лист8!A28:D61,4,0) -> 107168.65 | AG12: =VLOOKUP(A12,[1]Лист9!A28:D59,4,0) -> 106963.24 | AH12: =VLOOKUP(A12,[1]Лист11!B15:E47,4,0) -> 5671.43 | AN12: =SUM(AB12:AM12) -> 649523.72 | AO12: =VLOOKUP(A12,[1]Лист4!A23:E55,5,0) -> 1964492.6 | AP12: =VLOOKUP(A12,[1]Лист5!A28:E59,5,0) -> 1857209.1 | AQ12: =VLOOKUP(A12,[1]Лист6!A28:E59,5,0) -> 1122144.6 | AR12: =VLOOKUP(A12,[1]Лист7!A28:E59,5,0) -> 996246.88 | AS12: =VLOOKUP(A12,[1]Лист8!A28:E61,5,0) -> 1232189.6 | AT12: =VLOOKUP(A12,[1]Лист9!A28:E59,5,0) -> 1179905.5 | AU12: =VLOOKUP(A12,[1]Лист11!B15:F47,5,0) -> 105372.36 | BA12: =AT12 -> 1179905.5 | BE12: =[1]Лист1!J9 -> 8202.8 | BF12: =[1]Лист1!R9 -> 18355.36 | BH12: ='[1]Компенсация промо'!AJ9 -> 19435.884 | BN12: =SUM(BB12:BM12) -> 45994.044 | CA12: =SUM(BO12:BZ12) -> 0 | CN12: =SUM(CB12:CM12) -> 0 | DA12: =SUM(CO12:CZ12) -> 0 | DB12: =BN12+CA12+CN12+DA12 -> 45994.044 | DD12: =(P12-AC12)/(AO12+AP12)/2*12 -> 3.3360434 | DE12: =(Q12-AD12)/(AP12+AQ12)/2*12 -> 4.2077934 | DF12: =(R12-AE12)/(AQ12+AR12)/2*12 -> 3.0671125 | DG12: =(S12-AF12)/(AR12+AS12)/2*12 -> 4.0824569 | DH12: =(T12-AG12)/(AS12+AT12)/2*12 -> 3.4531853 | DI12: =(U12-AH12)/(AT12+AU12)/2*12 -> 0.49591098 | DP12: =VLOOKUP(A12,[1]Лист3!A11:B42,2,0) -> 157820 | DQ12: =VLOOKUP(A12,[1]Лист3!A11:C42,3,0) -> 120920 | DR12: =VLOOKUP(A12,[1]Лист3!A11:D42,4,0) -> 46771 | DS12: =VLOOKUP(A12,[1]Лист3!A11:E42,5,0) -> 129951 | DT12: =VLOOKUP(A12,[1]Лист3!A11:F42,6,0) -> 200793 | DU12: =VLOOKUP(A12,[1]Лист3!A11:G42,7,0) -> 142558 | DV12: =[1]Лист14!G12 -> 330104 | EB12: =SUM(DP12:EA12) -> 1128917 | EC12: =B12/$B$17 -> 0.09589667 | ED12: =C12/$C$17 -> 0.10571178 | EE12: =D12/$D$17 -> 0.10205101 | EF12: =E12/$E$17 -> 0.066921541 | EG12: =F12/$F$17 -> 0.083863576 | EH12: =G12/$G$17 -> 0.10991461 | EI12: =H12/$H$17 -> 0.0094579989 | EO12: =N12/$N$17 -> 0.086436215 | EP12: =AB12/$AB$17 -> 0.056117485 | EQ12: =AC12/$AC$17 -> 0.038798723 | ER12: =AD12/$AD$17 -> 0.0390538 | ES12: =AE12/$AE$17 -> 0.025947441 | ET12: =AF12/$AF$17 -> 0.067013935 | EU12: =AG12/$AG$17 -> 0.075659482 | EV12: =AH12/$AH$17 -> 0.0047302255 | FB12: =AA12/$N$17 -> 0.091747472 | FC12: =DP12/$DP$17 -> 0.0091345394 | FD12: =DQ12/$DQ$17 -> 0.0061373754 | FE12: =DR12/$DR$17 -> 0.0030252323 | FF12: =DS12/$DS$17 -> 0.010293902 | FG12: =DT12/$DT$17 -> 0.017031365 | FH12: =DU12/$DU$17 -> 0.010323669 | FI12: =DV12/$DV$17 -> 0.048984063 | FO12: =EB12/$EB$17 -> 0.011590363
A13: Космета-Азия СП ТОО# | B13: =VLOOKUP(A13,[1]Лист4!A13:B57,2,0) -> 977537.06 | C13: =VLOOKUP(A13,[1]Лист5!A29:B60,2,0) -> 850368.17 | D13: =VLOOKUP(A13,[1]Лист6!A29:B60,2,0) -> 782294.38 | E13: =VLOOKUP(A13,[1]Лист7!A29:B60,2,0) -> 543562.99 | F13: =VLOOKUP(A13,[1]Лист8!A29:B62,2,0) -> 926883.72 | G13: =VLOOKUP(A13,[1]Лист9!A29:B60,2,0) -> 1041832.9 | H13: =VLOOKUP(A13,[1]Лист11!B16:C48,2,0) -> 2381328.3 | N13: =SUM(B13:M13) -> 7503807.5 | O13: =VLOOKUP(A13,[1]Лист4!A24:C56,3,0) -> 1048461.5 | P13: =VLOOKUP(A13,[1]Лист5!A29:C60,3,0) -> 894102.75 | Q13: =VLOOKUP(A13,[1]Лист6!A29:C60,3,0) -> 821614.75 | R13: =VLOOKUP(A13,[1]Лист7!A29:C60,3,0) -> 588640.75 | S13: =VLOOKUP(A13,[1]Лист8!A29:C62,3,0) -> 992900.5 | T13: =VLOOKUP(A13,[1]Лист9!A29:D60,3,0) -> 1095415 | U13: =VLOOKUP(A13,[1]Лист11!B16:D48,3,0) -> 2493023.5 | AA13: =SUM(O13:Z13) -> 7934158.8 | AB13: =VLOOKUP(A13,[1]Лист4!A24:D56,4,0) -> 70924.44 | AC13: =VLOOKUP(A13,[1]Лист5!A29:D60,4,0) -> 43734.58 | AD13: =VLOOKUP(A13,[1]Лист6!A29:D60,4,0) -> 39320.37 | AE13: =VLOOKUP(A13,[1]Лист7!A29:D60,4,0) -> 45077.76 | AF13: =VLOOKUP(A13,[1]Лист8!A29:D62,4,0) -> 66016.78 | AG13: =VLOOKUP(A13,[1]Лист9!A29:D60,4,0) -> 53582.11 | AH13: =VLOOKUP(A13,[1]Лист11!B16:E48,4,0) -> 111695.22 | AN13: =SUM(AB13:AM13) -> 430351.26 | AO13: =VLOOKUP(A13,[1]Лист4!A24:E56,5,0) -> 753625.86 | AP13: =VLOOKUP(A13,[1]Лист5!A29:E60,5,0) -> 977517.26 | AQ13: =VLOOKUP(A13,[1]Лист6!A29:E60,5,0) -> 668304.33 | AR13: =VLOOKUP(A13,[1]Лист7!A29:E60,5,0) -> 472226.74 | AS13: =VLOOKUP(A13,[1]Лист8!A29:E62,5,0) -> 914179.46 | AT13: =VLOOKUP(A13,[1]Лист9!A29:E60,5,0) -> 807577.81 | AU13: =VLOOKUP(A13,[1]Лист11!B16:F48,5,0) -> 3204660.2 | BA13: =AT13 -> 807577.81 | BF13: =[1]Лист1!R10 -> 76033.28 | BG13: =[1]Лист1!AA10 -> 136845.51 | BH13: ='[1]Компенсация промо'!AJ10 -> 109365.52 | BN13: =SUM(BB13:BM13) -> 322244.32 | CA13: =SUM(BO13:BZ13) -> 0 | CN13: =SUM(CB13:CM13) -> 0 | DA13: =SUM(CO13:CZ13) -> 0 | DB13: =BN13+CA13+CN13+DA13 -> 322244.32 | DD13: =(P13-AC13)/(AO13+AP13)/2*12 -> 2.9473063 | DE13: =(Q13-AD13)/(AP13+AQ13)/2*12 -> 2.851929 | DF13: =(R13-AE13)/(AQ13+AR13)/2*12 -> 2.8595257 | DG13: =(S13-AF13)/(AR13+AS13)/2*12 -> 4.011308 | DH13: =(T13-AG13)/(AS13+AT13)/2*12 -> 3.6305915 | DI13: =(U13-AH13)/(AT13+AU13)/2*12 -> 3.5610972 | DP13: =VLOOKUP(A13,[1]Лист3!A12:B43,2,0) -> 4422960 | DQ13: =VLOOKUP(A13,[1]Лист3!A12:C43,3,0) -> 4886993 | DR13: =VLOOKUP(A13,[1]Лист3!A12:D43,4,0) -> 3265341 | DS13: =VLOOKUP(A13,[1]Лист3!A12:E43,5,0) -> 2094356 | DT13: =VLOOKUP(A13,[1]Лист3!A12:F43,6,0) -> 4353893 | DU13: =VLOOKUP(A13,[1]Лист3!A12:G43,7,0) -> 2360054 | DV13: =[1]Лист14!G8 -> 893274 | EB13: =SUM(DP13:EA13) -> 22276871 | EC13: =B13/$B$17 -> 0.041432584 | ED13: =C13/$C$17 -> 0.042305143 | EE13: =D13/$D$17 -> 0.038208702 | EF13: =E13/$E$17 -> 0.033591634 | EG13: =F13/$F$17 -> 0.051265831 | EH13: =G13/$G$17 -> 0.082487932 | EI13: =H13/$H$17 -> 0.21201618 | EO13: =N13/$N$17 -> 0.061359806 | EP13: =AB13/$AB$17 -> 0.025349114 | EQ13: =AC13/$AC$17 -> 0.015840603 | ER13: =AD13/$AD$17 -> 0.015127033 | ES13: =AE13/$AE$17 -> 0.018254531 | ET13: =AF13/$AF$17 -> 0.041281142 | EU13: =AG13/$AG$17 -> 0.037900822 | EV13: =AH13/$AH$17 -> 0.093158794 | FB13: =AA13/$N$17 -> 0.064878855 | FC13: =DP13/$DP$17 -> 0.25599862 | FD13: =DQ13/$DQ$17 -> 0.2480426 | FE13: =DR13/$DR$17 -> 0.21120812 | FF13: =DS13/$DS$17 -> 0.16590173 | FG13: =DT13/$DT$17 -> 0.36929943 | FH13: =DU13/$DU$17 -> 0.1709088 | FI13: =DV13/$DV$17 -> 0.13255274 | FO13: =EB13/$EB$17 -> 0.22871214
A14: Олтри ТОО | B14: =VLOOKUP(A14,[1]Лист4!A14:B59,2,0) -> 1642850.7 | C14: =VLOOKUP(A14,[1]Лист5!A31:B62,2,0) -> 1277176.9 | D14: =VLOOKUP(A14,[1]Лист6!A31:B62,2,0) -> 1331019.5 | E14: =VLOOKUP(A14,[1]Лист7!A31:B62,2,0) -> 1331494.1 | F14: =VLOOKUP(A14,[1]Лист8!A31:B64,2,0) -> 1377793.2 | G14: =VLOOKUP(A14,[1]Лист9!A31:B62,2,0) -> 1009020.3 | H14: =VLOOKUP(A14,[1]Лист11!B17:C49,2,0) -> 1538098.1 | N14: =SUM(B14:M14) -> 9507452.8 | O14: =VLOOKUP(A14,[1]Лист4!A26:C58,3,0) -> 2091720 | P14: =VLOOKUP(A14,[1]Лист5!A31:C62,3,0) -> 1601660 | Q14: =VLOOKUP(A14,[1]Лист6!A31:C62,3,0) -> 1665160 | R14: =VLOOKUP(A14,[1]Лист7!A31:C62,3,0) -> 1665270 | S14: =VLOOKUP(A14,[1]Лист8!A31:C64,3,0) -> 1725820 | T14: =VLOOKUP(A14,[1]Лист9!A31:D62,3,0) -> 1266854 | U14: =VLOOKUP(A14,[1]Лист11!B17:D49,3,0) -> 1827545.5 | AA14: =SUM(O14:Z14) -> 11844030 | AB14: =VLOOKUP(A14,[1]Лист4!A26:D58,4,0) -> 448869.34 | AC14: =VLOOKUP(A14,[1]Лист5!A31:D62,4,0) -> 324483.12 | AD14: =VLOOKUP(A14,[1]Лист6!A31:D62,4,0) -> 334140.51 | AE14: =VLOOKUP(A14,[1]Лист7!A31:D62,4,0) -> 333775.85 | AF14: =VLOOKUP(A14,[1]Лист8!A31:D64,4,0) -> 348026.78 | AG14: =VLOOKUP(A14,[1]Лист9!A31:D62,4,0) -> 257833.69 | AH14: =VLOOKUP(A14,[1]Лист11!B17:E49,4,0) -> 289447.39 | AN14: =SUM(AB14:AM14) -> 2336576.7 | AO14: =VLOOKUP(A14,[1]Лист4!A26:E58,5,0) -> 9304415.5 | AP14: =VLOOKUP(A14,[1]Лист5!A31:E62,5,0) -> 9634815.3 | AQ14: =VLOOKUP(A14,[1]Лист6!A31:E62,5,0) -> 11198953 | AR14: =VLOOKUP(A14,[1]Лист7!A31:E62,5,0) -> 9888960.9 | AS14: =VLOOKUP(A14,[1]Лист8!A31:E64,5,0) -> 8477758.1 | AT14: =VLOOKUP(A14,[1]Лист9!A31:E62,5,0) -> 10098582 | AU14: =VLOOKUP(A14,[1]Лист11!B17:F49,5,0) -> 8612961.7 | BA14: =AT14 -> 10098582 | BN14: =SUM(BB14:BM14) -> 0 | CA14: =SUM(BO14:BZ14) -> 0 | CN14: =SUM(CB14:CM14) -> 0 | DA14: =SUM(CO14:CZ14) -> 0 | DB14: =BN14+CA14+CN14+DA14 -> 0 | DD14: =(P14-AC14)/(AO14+AP14)/2*12 -> 0.40461312 | DE14: =(Q14-AD14)/(AP14+AQ14)/2*12 -> 0.3833256 | DF14: =(R14-AE14)/(AQ14+AR14)/2*12 -> 0.37884092 | DG14: =(S14-AF14)/(AR14+AS14)/2*12 -> 0.45009451 | DH14: =(T14-AG14)/(AS14+AT14)/2*12 -> 0.32590498 | DI14: =(U14-AH14)/(AT14+AU14)/2*12 -> 0.49320295 | DP14: =VLOOKUP(A14,[1]Лист3!A13:B44,2,0) -> 0 | DQ14: =VLOOKUP(A14,[1]Лист3!A13:C44,3,0) -> 1786248.6 | DR14: =VLOOKUP(A14,[1]Лист3!A13:D44,4,0) -> 2875890.3 | DS14: =VLOOKUP(A14,[1]Лист3!A13:E44,5,0) -> 0 | DT14: =VLOOKUP(A14,[1]Лист3!A13:F44,6,0) -> 0 | DU14: =VLOOKUP(A14,[1]Лист3!A13:G44,7,0) -> 2615746.3 | DV14: 0 | EB14: =SUM(DP14:EA14) -> 7277885.2 | EC14: =B14/$B$17 -> 0.06963168 | ED14: =C14/$C$17 -> 0.063538538 | EE14: =D14/$D$17 -> 0.06500945 | EF14: =E14/$E$17 -> 0.082284969 | EG14: =F14/$F$17 -> 0.076205584 | EH14: =G14/$G$17 -> 0.079889971 | EI14: =H14/$H$17 -> 0.13694109 | EO14: =N14/$N$17 -> 0.077743927 | EP14: =AB14/$AB$17 -> 0.16043045 | EQ14: =AC14/$AC$17 -> 0.11752733 | ER14: =AD14/$AD$17 -> 0.12854799 | ES14: =AE14/$AE$17 -> 0.13516469 | ET14: =AF14/$AF$17 -> 0.21762562 | EU14: =AG14/$AG$17 -> 0.18237633 | EV14: =AH14/$AH$17 -> 0.24141203 | FB14: =AA14/$N$17 -> 0.096850479 | FC14: =DP14/$DP$17 -> 0 | FD14: =DQ14/$DQ$17 -> 0.090662244 | FE14: =DR14/$DR$17 -> 0.18601775 | FF14: =DS14/$DS$17 -> 0 | FG14: =DT14/$DT$17 -> 0 | FH14: =DU14/$DU$17 -> 0.18942536 | FI14: =DV14/$DV$17 -> 0 | FO14: =EB14/$EB$17 -> 0.074720579
A15: Прима Дистрибьюшн ТОО | B15: =[1]Лист4!B28 -> 2851109.8 | C15: =VLOOKUP(A15,[1]Лист5!A33:B64,2,0) -> 2443713.4 | D15: =VLOOKUP(A15,[1]Лист6!A33:B64,2,0) -> 2147663 | E15: =VLOOKUP(A15,[1]Лист7!A33:B64,2,0) -> 2047628.3 | F15: =VLOOKUP(A15,[1]Лист8!A33:B66,2,0) -> 1001681.9 | G15: =VLOOKUP(A15,[1]Лист9!A33:B64,2,0) -> 736086.26 | H15: =VLOOKUP(A15,[1]Лист11!B18:C50,2,0) -> 732537.53 | N15: =SUM(B15:M15) -> 11960420 | O15: =VLOOKUP(A15,[1]Лист4!A28:C60,3,0) -> 3211579 | P15: =VLOOKUP(A15,[1]Лист5!A33:C64,3,0) -> 2732111.5 | Q15: =VLOOKUP(A15,[1]Лист6!A33:C64,3,0) -> 2407630.8 | R15: =VLOOKUP(A15,[1]Лист7!A33:C64,3,0) -> 2281043 | S15: =VLOOKUP(A15,[1]Лист8!A33:C66,3,0) -> 1105276.2 | T15: =VLOOKUP(A15,[1]Лист9!A33:D64,3,0) -> 802222 | U15: =VLOOKUP(A15,[1]Лист11!B18:D50,3,0) -> 820721 | AA15: =SUM(O15:Z15) -> 13360584 | AB15: =VLOOKUP(A15,[1]Лист4!A28:D60,4,0) -> 360469.21 | AC15: =VLOOKUP(A15,[1]Лист5!A33:D64,4,0) -> 288398.08 | AD15: =VLOOKUP(A15,[1]Лист6!A33:D64,4,0) -> 259967.72 | AE15: =VLOOKUP(A15,[1]Лист7!A33:D64,4,0) -> 233414.74 | AF15: =VLOOKUP(A15,[1]Лист8!A33:D66,4,0) -> 103594.3 | AG15: =VLOOKUP(A15,[1]Лист9!A33:D64,4,0) -> 66135.74 | AH15: =VLOOKUP(A15,[1]Лист11!B18:E50,4,0) -> 88183.47 | AN15: =SUM(AB15:AM15) -> 1400163.3 | AO15: =VLOOKUP(A15,[1]Лист4!A28:E60,5,0) -> 3965038.5 | AP15: =VLOOKUP(A15,[1]Лист5!A33:E64,5,0) -> 3692886.5 | AQ15: =VLOOKUP(A15,[1]Лист6!A33:E64,5,0) -> 3354156 | AR15: =VLOOKUP(A15,[1]Лист7!A33:E64,5,0) -> 2282643.6 | AS15: =VLOOKUP(A15,[1]Лист8!A33:E66,5,0) -> 2255802.3 | AT15: =VLOOKUP(A15,[1]Лист9!A33:E64,5,0) -> 2132890.4 | AU15: =VLOOKUP(A15,[1]Лист11!B18:F50,5,0) -> 1641683.9 | BA15: =AT15 -> 2132890.4 | BE15: =[1]Лист1!J2 -> 55476 | BF15: =[1]Лист1!R2 -> 18610.639 | BG15: =[1]Лист1!AA2 -> 7001.64 | BH15: ='[1]Компенсация промо'!AJ2 -> 5978 | BN15: =SUM(BB15:BM15) -> 87066.279 | CA15: =SUM(BO15:BZ15) -> 0 | CN15: =SUM(CB15:CM15) -> 0 | DA15: =SUM(CO15:CZ15) -> 0 | DB15: =BN15+CA15+CN15+DA15 -> 87066.279 | DD15: =(P15-AC15)/(AO15+AP15)/2*12 -> 1.9146545 | DE15: =(Q15-AD15)/(AP15+AQ15)/2*12 -> 1.8285654 | DF15: =(R15-AE15)/(AQ15+AR15)/2*12 -> 2.1795647 | DG15: =(S15-AF15)/(AR15+AS15)/2*12 -> 1.324262 | DH15: =(T15-AG15)/(AS15+AT15)/2*12 -> 1.0063401 | DI15: =(U15-AH15)/(AT15+AU15)/2*12 -> 1.1644294 | DP15: =VLOOKUP(A15,[1]Лист3!A14:B45,2,0) -> 2059271.6 | DQ15: =VLOOKUP(A15,[1]Лист3!A14:C45,3,0) -> 2126925.3 | DR15: =VLOOKUP(A15,[1]Лист3!A14:D45,4,0) -> 1827577.6 | DS15: =VLOOKUP(A15,[1]Лист3!A14:E45,5,0) -> 877581 | DT15: =VLOOKUP(A15,[1]Лист3!A14:F45,6,0) -> 964849 | DU15: =VLOOKUP(A15,[1]Лист3!A14:G45,7,0) -> 633943 | DV15: =[1]Лист14!G11 -> 669457 | EB15: =SUM(DP15:EA15) -> 9159604.6 | EC15: =B15/$B$17 -> 0.12084334 | ED15: =C15/$C$17 -> 0.12157281 | EE15: =D15/$D$17 -> 0.10489583 | EF15: =E15/$E$17 -> 0.12654132 | EG15: =F15/$F$17 -> 0.055402913 | EH15: =G15/$G$17 -> 0.058280204 | EI15: =H15/$H$17 -> 0.065219824 | EO15: =N15/$N$17 -> 0.097802224 | EP15: =AB15/$AB$17 -> 0.12883535 | EQ15: =AC15/$AC$17 -> 0.10445738 | ER15: =AD15/$AD$17 -> 0.1000128 | ES15: =AE15/$AE$17 -> 0.094522812 | ET15: =AF15/$AF$17 -> 0.064778848 | EU15: =AG15/$AG$17 -> 0.046780519 | EV15: =AH15/$AH$17 -> 0.073548946 | FB15: =AA15/$N$17 -> 0.10925158 | FC15: =DP15/$DP$17 -> 0.11918957 | FD15: =DQ15/$DQ$17 -> 0.10795352 | FE15: =DR15/$DR$17 -> 0.118211 | FF15: =DS15/$DS$17 -> 0.069516455 | FG15: =DT15/$DT$17 -> 0.081838985 | FH15: =DU15/$DU$17 -> 0.045908458 | FI15: =DV15/$DV$17 -> 0.099340583 | FO15: =EB15/$EB$17 -> 0.094039812
A16: Прогресс Торг ТОО | B16: =VLOOKUP(A16,[1]Лист4!A15:B62,2,0) -> 47673.11 | C16: =VLOOKUP(A16,[1]Лист5!A34:B65,2,0) -> 34050.3 | D16: =VLOOKUP(A16,[1]Лист6!A34:B65,2,0) -> 567528.53 | E16: =VLOOKUP(A16,[1]Лист7!A34:B65,2,0) -> 258364.08 | F16: =VLOOKUP(A16,[1]Лист8!A34:B67,2,0) -> 173686.27 | G16: =VLOOKUP(A16,[1]Лист9!A34:B65,2,0) -> 109356.01 | H16: =VLOOKUP(A16,[1]Лист11!B19:C51,2,0) -> 79682.59 | N16: =SUM(B16:M16) -> 1270340.9 | O16: =VLOOKUP(A16,[1]Лист4!A29:C61,3,0) -> 55380 | P16: =VLOOKUP(A16,[1]Лист5!A34:C65,3,0) -> 39095 | Q16: =VLOOKUP(A16,[1]Лист6!A34:C65,3,0) -> 349945 | R16: =VLOOKUP(A16,[1]Лист7!A34:C65,3,0) -> 228694 | S16: =VLOOKUP(A16,[1]Лист8!A34:C67,3,0) -> 167395 | T16: =VLOOKUP(A16,[1]Лист9!A34:D65,3,0) -> 125655 | U16: =VLOOKUP(A16,[1]Лист11!B19:D51,3,0) -> 79682.59 | AA16: =SUM(O16:Z16) -> 1045846.6 | AB16: =VLOOKUP(A16,[1]Лист4!A29:D61,4,0) -> 7706.89 | AC16: =VLOOKUP(A16,[1]Лист5!A34:D65,4,0) -> 5044.7 | AD16: =VLOOKUP(A16,[1]Лист6!A34:D65,4,0) -> -217583.53 | AE16: =VLOOKUP(A16,[1]Лист7!A34:D65,4,0) -> -29670.08 | AF16: =VLOOKUP(A16,[1]Лист8!A34:D67,4,0) -> -6291.27 | AG16: =VLOOKUP(A16,[1]Лист9!A34:D65,4,0) -> 16298.99 | AH16: =VLOOKUP(A16,[1]Лист11!B19:E51,4,0) -> 79682.59 | AN16: =SUM(AB16:AM16) -> -144811.71 | AO16: =VLOOKUP(A16,[1]Лист4!A29:E61,5,0) -> 138302.98 | AP16: =VLOOKUP(A16,[1]Лист5!A34:E65,5,0) -> 155981.46 | AQ16: =VLOOKUP(A16,[1]Лист6!A34:E65,5,0) -> 454097.07 | AR16: =VLOOKUP(A16,[1]Лист7!A34:E65,5,0) -> 359874.11 | AS16: =VLOOKUP(A16,[1]Лист8!A34:E67,5,0) -> 439190.2 | AT16: =VLOOKUP(A16,[1]Лист9!A34:E65,5,0) -> 327410.13 | AU16: =VLOOKUP(A16,[1]Лист11!B19:F51,5,0) -> 79682.59 | BA16: =AT16 -> 327410.13 | BE16: =[1]Лист1!J12 -> 77023.5 | BF16: =[1]Лист1!R12 -> 28473.75 | BN16: =SUM(BB16:BM16) -> 105497.25 | CA16: =SUM(BO16:BZ16) -> 0 | CN16: =SUM(CB16:CM16) -> 0 | DA16: =SUM(CO16:CZ16) -> 0 | DB16: =BN16+CA16+CN16+DA16 -> 105497.25 | DD16: =(P16-AC16)/(AO16+AP16)/2*12 -> 0.69423242 | DE16: =(Q16-AD16)/(AP16+AQ16)/2*12 -> 5.5815293 | DF16: =(R16-AE16)/(AQ16+AR16)/2*12 -> 1.904471 | DG16: =(S16-AF16)/(AR16+AS16)/2*12 -> 1.3041724 | DH16: =(T16-AG16)/(AS16+AT16)/2*12 -> 0.8559037 | DI16: =(U16-AH16)/(AT16+AU16)/2*12 -> 0 | DP16: =VLOOKUP(A16,[1]Лист3!A15:B46,2,0) -> 56758 | DQ16: =VLOOKUP(A16,[1]Лист3!A15:C46,3,0) -> 186162 | DR16: =VLOOKUP(A16,[1]Лист3!A15:D46,4,0) -> 920739 | DS16: =VLOOKUP(A16,[1]Лист3!A15:E46,5,0) -> 195450 | DT16: =VLOOKUP(A16,[1]Лист3!A15:F46,6,0) -> 319823 | DU16: =VLOOKUP(A16,[1]Лист3!A15:G46,7,0) -> 16352 | DV16: =[1]Лист14!G10 -> 181124 | EB16: =SUM(DP16:EA16) -> 1876408 | EC16: =B16/$B$17 -> 0.0020206089 | ED16: =C16/$C$17 -> 0.0016939754 | EE16: =D16/$D$17 -> 0.027719142 | EF16: =E16/$E$17 -> 0.015966634 | EG16: =F16/$F$17 -> 0.0096065675 | EH16: =G16/$G$17 -> 0.0086583475 | EI16: =H16/$H$17 -> 0.0070943594 | EO16: =N16/$N$17 -> 0.010387776 | EP16: =AB16/$AB$17 -> 0.0027545206 | EQ16: =AC16/$AC$17 -> 0.0018271832 | ER16: =AD16/$AD$17 -> -0.083707078 | ES16: =AE16/$AE$17 -> -0.012015091 | ET16: =AF16/$AF$17 -> -0.0039340121 | EU16: =AG16/$AG$17 -> 0.011528943 | EV16: =AH16/$AH$17 -> 0.066458833 | FB16: =AA16/$N$17 -> 0.0085520509 | FC16: =DP16/$DP$17 -> 0.0032851235 | FD16: =DQ16/$DQ$17 -> 0.0094487768 | FE16: =DR16/$DR$17 -> 0.059555052 | FF16: =DS16/$DS$17 -> 0.015482321 | FG16: =DT16/$DT$17 -> 0.02712755 | FH16: =DU16/$DU$17 -> 0.0011841681 | FI16: =DV16/$DV$17 -> 0.026876952 | FO16: =EB16/$EB$17 -> 0.019264702
A17: ИТОГО ПАРАФАРМАЦИЯ | B17: =SUM(B4:B15) -> 23593437 | C17: =SUM(C4:C15) -> 20100823 | D17: =SUM(D4:D15) -> 20474246 | E17: =SUM(E4:E15) -> 16181499 | F17: =SUM(F4:F15) -> 18079951 | G17: =SUM(G4:G15) -> 12630125 | H17: =SUM(H4:H15) -> 11231823 | N17: =SUM(B17:M17) -> 1.222919e+08 | O17: =SUM(O4:O15) -> 26391343 | P17: =SUM(P4:P15) -> 22861739 | Q17: =SUM(Q4:Q15) -> 23073591 | R17: =SUM(R4:R15) -> 18650900 | S17: =SUM(S4:S15) -> 19679150 | T17: =SUM(T4:T15) -> 14043870 | U17: =SUM(U4:U15) -> 12430800 | AA17: =SUM(AA4:AA16) -> 1.3817724e+08 | AB17: =SUM(AB4:AB15) -> 2797906.1 | AC17: =SUM(AC4:AC15) -> 2760916.4 | AD17: =SUM(AD4:AD15) -> 2599344.5 | AE17: =SUM(AE4:AE15) -> 2469401.1 | AF17: =SUM(AF4:AF15) -> 1599199.5 | AG17: =SUM(AG4:AG15) -> 1413745.3 | AH17: =SUM(AH4:AH15) -> 1198976.7 | AN17: =SUM(AB17:AM17) -> 14839490 | AO17: =SUM(AO4:AO15) -> 33673949 | AP17: =SUM(AP4:AP15) -> 35249259 | AQ17: =SUM(AQ4:AQ15) -> 32236712 | AR17: =SUM(AR4:AR15) -> 28498004 | AS17: =SUM(AS4:AS15) -> 24961258 | AT17: =SUM(AT4:AT15) -> 27697567 | AU17: =SUM(AU4:AU15) -> 22128179 | BA17: =SUM(AO17:AZ17) -> 2.0444493e+08 | BB17: =SUM(BB4:BB16) -> 0 | BC17: =SUM(BC4:BC16) -> 0 | BD17: =SUM(BD4:BD16) -> 0 | BE17: =SUM(BE4:BE16) -> 140702.3 | BF17: =SUM(BF4:BF16) -> 1079838.7 | BG17: =SUM(BG4:BG16) -> 554560.57 | BH17: =SUM(BH4:BH16) -> 134779.41 | BI17: =SUM(BI4:BI16) -> 0 | ... BM17: =SUM(BM4:BM16) -> 0 | BN17: =SUM(BB17:BM17) -> 1909881 | BO17: =SUM(BO4:BO16) -> 0 | BP17: =SUM(BP4:BP16) -> 0 | BQ17: =SUM(BQ4:BQ16) -> 0 | BR17: =SUM(BR4:BR16) -> 457656 | BS17: =SUM(BS4:BS16) -> 0 | BT17: =SUM(BT4:BT16) -> 0 | BU17: =SUM(BU4:BU16) -> 510313 | BV17: =SUM(BV4:BV16) -> 0 | ... BZ17: =SUM(BZ4:BZ16) -> 0 | CA17: =SUM(BO17:BZ17) -> 967969 | CB17: =SUM(CB4:CB16) -> 0 | CC17: =SUM(CC4:CC16) -> 0 | CD17: =SUM(CD4:CD16) -> 0 | CE17: =SUM(CE4:CE16) -> 0 | CF17: =SUM(CF4:CF16) -> 0 | CG17: =SUM(CG4:CG16) -> 0 | CH17: =SUM(CH4:CH16) -> 0 | CI17: =SUM(CI4:CI16) -> 0 | ... CM17: =SUM(CM4:CM16) -> 0 | CN17: =SUM(CB17:CM17) -> 0 | CO17: =SUM(CO4:CO16) -> 0 | CP17: =SUM(CP4:CP16) -> 0 | CQ17: =SUM(CQ4:CQ16) -> 0 | CR17: =SUM(CR4:CR16) -> 0 | CS17: =SUM(CS4:CS16) -> 0 | CT17: =SUM(CT4:CT16) -> 0 | CU17: =SUM(CU4:CU16) -> 0 | CV17: =SUM(CV4:CV16) -> 0 | ... CZ17: =SUM(CZ4:CZ16) -> 0 | DA17: =SUM(CO17:CZ17) -> 0 | DB17: =SUM(DB4:DB15) -> 2772352.7 | DP17: =SUM(DP4:DP16) -> 17277281 | DQ17: =SUM(DQ4:DQ16) -> 19702233 | DR17: =SUM(DR4:DR16) -> 15460301 | DS17: =SUM(DS4:DS16) -> 12624076 | DT17: =SUM(DT4:DT16) -> 11789601 | DU17: =SUM(DU4:DU16) -> 13808850 | DV17: =SUM(DV4:DV16) -> 6739008.2 | DW17: =SUM(DW4:DW16) -> 0 | ... EA17: =SUM(EA4:EA16) -> 0 | EB17: =SUM(DP17:EA17) -> 97401349 | EC17: 1 | ED17: 1 | EE17: 1 | EF17: 1 | EG17: 1 | EH17: 1 | EI17: 1 | EJ17: 1 | EK17: 1 | EL17: 1 | EM17: 1 | EN17: 1 | EO17: 1 | EP17: 1 | EQ17: 1 | ER17: 1 | ES17: 1 | ET17: 1 | EU17: 1 | EV17: 1 | EW17: 1 | EX17: 1 | EY17: 1 | EZ17: 1 | FA17: 1 | FB17: 1 | FC17: 1 | FD17: 1 | FE17: 1 | FF17: 1 | FG17: 1 | FH17: 1 | FI17: 1 | FJ17: 1 | FK17: 1 | FL17: 1 | FM17: 1 | FN17: 1 | FO17: 1
B18: 42005 | C18: 42036 | D18: 42064 | E18: 42095 | F18: 42125 | G18: 42156 | H18: 42186 | I18: 42217 | J18: 42248 | K18: 42278 | L18: 42309 | M18: 42339 | N18: итого | O18: 42005 | P18: 42036 | Q18: 42064 | R18: 42095 | S18: 42125 | T18: 42156 | U18: 42186 | V18: 42217 | W18: 42248 | X18: 42278 | Y18: 42309 | Z18: 42339 | AA18: итого | AB18: 42005 | AC18: 42036 | AD18: 42064 | AE18: 42095 | AF18: 42125 | AG18: 42156 | AH18: 42186 | AI18: 42217 | AJ18: 42248 | AK18: 42278 | AL18: 42309 | AM18: 42339 | AN18: итого | AO18: 42005 | AP18: 42036 | AQ18: 42064 | AR18: 42095 | AS18: 42125 | AT18: 42156 | AU18: 42186 | AV18: 42217 | AW18: 42248 | AX18: 42278 | AY18: 42309 | AZ18: 42339 | BA18: итого | BB18: 42005 | BC18: 42036 | BD18: 42064 | BE18: 42095 | BF18: 42125 | BG18: 42156 | BH18: 42186 | BI18: 42217 | BJ18: 42248 | BK18: 42278 | BL18: 42309 | BM18: 42339 | BN18: итого | BO18: 42339 | BP18: 42036 | BQ18: 42064 | BR18: 42095 | BS18: 42125 | BT18: 42156 | BU18: 42186 | BV18: 42217 | BW18: 42248 | BX18: 42278 | BY18: 42309 | BZ18: 42339 | CA18: итого | CB18: 42339 | CC18: 42036 | CD18: 42064 | CE18: 42095 | CF18: 42125 | CG18: 42156 | CH18: 42186 | CI18: 42217 | CJ18: 42248 | CK18: 42278 | CL18: 42309 | CM18: 42339 | CN18: итого | CO18: 42339 | CP18: 42036 | CQ18: 42064 | CR18: 42095 | CS18: 42125 | CT18: 42156 | CU18: 42186 | CV18: 42217 | CW18: 42248 | CX18: 42278 | CY18: 42309 | CZ18: 42339 | DA18: итого | DB18: Общая сумма по компенсациям | DC18: 42005 | DD18: 42036 | DE18: 42064 | DF18: 42095 | DG18: 42125 | DH18: 42156 | DI18: 42186 | DJ18: 42217 | DK18: 42248 | DL18: 42278 | DM18: 42309 | DN18: 42339 | DO18: оборачиваемость | DP18: 42005 | DQ18: 42036 | DR18: 42064 | DS18: 42095 | DT18: 42125 | DU18: 42156 | DV18: 42186 | DW18: 42217 | DX18: 42248 | DY18: 42278 | DZ18: 42309 | EA18: 42339 | EB18: итого | EC18: 42005 | ED18: 42036 | EE18: 42064 | EF18: 42095 | EG18: 42125 | EH18: 42156 | EI18: 42186 | EJ18: 42217 | EK18: 42248 | EL18: 42278 | EM18: 42309 | EN18: 42339 | EO18: итого | EP18: 42005 | EQ18: 42036 | ER18: 42064 | ES18: 42095 | ET18: 42125 | EU18: 42156 | EV18: 42186 | EW18: 42217 | EX18: 42248 | EY18: 42278 | EZ18: 42309 | FA18: 42339 | FB18: итого | FC18: 42005 | FD18: 42036 | FE18: 42064 | FF18: 42095 | FG18: 42125 | FH18: 42156 | FI18: 42186 | FJ18: 42217 | FK18: 42248 | FL18: 42278 | FM18: 42309 | FN18: 42339 | FO18: итого
A19: Baby Food KZ ТОО | B19: =VLOOKUP(A19,[1]Лист4!A6:B38,2,0) -> 264679.82 | C19: =VLOOKUP(A19,[1]Лист5!A11:B42,2,0) -> 308539.38 | D19: =VLOOKUP(A19,[1]Лист6!A11:B42,2,0) -> 323471.98 | E19: =VLOOKUP(A19,[1]Лист7!A11:B42,2,0) -> 295852.38 | F19: =VLOOKUP(A19,[1]Лист8!A11:B44,2,0) -> 346453.27 | G19: =VLOOKUP(A19,[1]Лист9!A11:B42,2,0) -> 301355.49 | H19: =VLOOKUP(A19,[1]Лист11!B7:C39,2,0) -> 244013.24 | N19: =SUM(B19:M19) -> 2084365.6 | O19: =VLOOKUP(A19,[1]Лист4!A6:C38,3,0) -> 286615 | P19: =VLOOKUP(A19,[1]Лист5!A11:C42,3,0) -> 334930 | Q19: =VLOOKUP(A19,[1]Лист6!A11:C42,3,0) -> 352925 | R19: =VLOOKUP(A19,[1]Лист7!A11:C42,3,0) -> 320020 | S19: =VLOOKUP(A19,[1]Лист8!A11:C44,3,0) -> 375370 | T19: =VLOOKUP(A19,[1]Лист9!A11:D42,3,0) -> 326945 | U19: =VLOOKUP(A19,[1]Лист11!B7:D39,3,0) -> 264585 | AA19: =SUM(O19:Z19) -> 2261390 | AB19: =VLOOKUP(A19,[1]Лист4!A6:D38,4,0) -> 21935.18 | AC19: =VLOOKUP(A19,[1]Лист5!A11:D42,4,0) -> 26390.62 | AD19: =VLOOKUP(A19,[1]Лист6!A11:D42,4,0) -> 29453.02 | AE19: =VLOOKUP(A19,[1]Лист7!A11:D42,4,0) -> 24167.62 | AF19: =VLOOKUP(A19,[1]Лист8!A11:D44,4,0) -> 28916.73 | AG19: =VLOOKUP(A19,[1]Лист9!A11:D42,4,0) -> 25589.51 | AH19: =VLOOKUP(A19,[1]Лист11!B7:E39,4,0) -> 20571.76 | AN19: =SUM(AB19:AM19) -> 177024.44 | AO19: =VLOOKUP(A19,[1]Лист4!A6:E38,5,0) -> 985025.11 | AP19: =VLOOKUP(A19,[1]Лист5!A11:E42,5,0) -> 968678.52 | AQ19: =VLOOKUP(A19,[1]Лист6!A11:E42,5,0) -> 949279.59 | AR19: =VLOOKUP(A19,[1]Лист7!A11:E42,5,0) -> 917452.5 | AS19: =VLOOKUP(A19,[1]Лист8!A11:E44,5,0) -> 810612.67 | AT19: =VLOOKUP(A19,[1]Лист9!A11:E42,5,0) -> 794632.96 | AU19: =VLOOKUP(A19,[1]Лист11!B7:F39,5,0) -> 559698.81 | BA19: =AT19 -> 794632.96 | BN19: =SUM(BB19:BM19) -> 0 | CA19: =SUM(BO19:BZ19) -> 0 | CN19: =SUM(CB19:CM19) -> 0 | DA19: =SUM(CO19:CZ19) -> 0 | DB19: =BN19+CA19+CN19+DA19 -> 0 | DD19: =(P19-AC19)/(AO19+AP19)/2*12 -> 0.94755225 | DE19: =(Q19-AD19)/(AP19+AQ19)/2*12 -> 1.0119261 | DF19: =(R19-AE19)/(AQ19+AR19)/2*12 -> 0.95092075 | DG19: =(S19-AF19)/(AR19+AS19)/2*12 -> 1.2029174 | DH19: =(T19-AG19)/(AS19+AT19)/2*12 -> 1.1263902 | DI19: =(U19-AH19)/(AT19+AU19)/2*12 -> 1.0810346 | DP19: =VLOOKUP(A19,[1]Лист3!A3:B34,2,0) -> 234870 | DQ19: =VLOOKUP(A19,[1]Лист3!A3:C34,3,0) -> 300240 | DR19: =VLOOKUP(A19,[1]Лист3!A3:D34,4,0) -> 305160 | DS19: =VLOOKUP(A19,[1]Лист3!A3:E34,5,0) -> 273770 | DT19: =VLOOKUP(A19,[1]Лист3!A3:F34,6,0) -> 245820 | DU19: =VLOOKUP(A19,[1]Лист3!A3:G34,7,0) -> 302430 | DV19: 0 | EB19: =SUM(DP19:EA19) -> 1662290 | EC19: =B19/$B$39 -> 0.018848411 | ED19: =C19/$C$39 -> 0.02510832 | EE19: =D19/$D$39 -> 0.025616093 | EF19: =E19/$E$39 -> 0.026003706 | EG19: =F19/$F$39 -> 0.030067787 | EH19: =G19/$G$39 -> 0.033587156 | EI19: =H19/$H$39 -> 0.027654347 | EO19: =N19/$N$39 -> 0.026167639 | EP19: =AB19/$AB$39 -> 0.02437277 | EQ19: =AC19/$AC$39 -> 0.032853932 | ER19: =AD19/$AD$39 -> 0.036009719 | ES19: =AE19/$AE$39 -> 0.036548743 | ET19: =AF19/$AF$39 -> 0.04761631 | EU19: =AG19/$AG$39 -> 0.043661415 | EV19: =AH19/$AH$39 -> 0.035793681 | FB19: =AA19/$AA$39 -> 0.026739841 | FC19: =DP19/$DP$39 -> 0.028682501 | FD19: =DQ19/$DQ$39 -> 0.026072621 | FE19: =DR19/$DR$39 -> 0.023938874 | FF19: =DS19/$DS$39 -> 0.021364042 | FG19: =DT19/$DT$39 -> 0.028454302 | FH19: =DU19/$DU$39 -> 0.029868403 | FI19: =DV19/$DV$39 -> 0 | FO19: =EB19/$EB$39 -> 0.023482074
A20: Food-Group ТОО г.Караганда | B20: =VLOOKUP(A20,[1]Лист4!A7:B41,2,0) -> 941172.59 | C20: =VLOOKUP(A20,[1]Лист5!A13:B44,2,0) -> 1020961.9 | D20: =VLOOKUP(A20,[1]Лист6!A13:B44,2,0) -> 929779.91 | E20: =VLOOKUP(A20,[1]Лист7!A13:B44,2,0) -> 857831.81 | F20: =VLOOKUP(A20,[1]Лист8!A13:B46,2,0) -> 1163320.9 | G20: =VLOOKUP(A20,[1]Лист9!A13:B44,2,0) -> 749833.95 | H20: =VLOOKUP(A20,[1]Лист11!B8:C40,2,0) -> 342925.05 | N20: =SUM(B20:M20) -> 6005826.2 | O20: =VLOOKUP(A20,[1]Лист4!A8:C40,3,0) -> 968708.5 | P20: =VLOOKUP(A20,[1]Лист5!A13:C44,3,0) -> 1079966.5 | Q20: =VLOOKUP(A20,[1]Лист6!A13:C44,3,0) -> 990210 | R20: =VLOOKUP(A20,[1]Лист7!A13:C44,3,0) -> 923689 | S20: =VLOOKUP(A20,[1]Лист8!A13:C46,3,0) -> 1168490.5 | T20: =VLOOKUP(A20,[1]Лист9!A13:D44,3,0) -> 809637.5 | U20: =VLOOKUP(A20,[1]Лист11!B8:D40,3,0) -> 378050 | AA20: =SUM(O20:Z20) -> 6318752 | AB20: =VLOOKUP(A20,[1]Лист4!A8:D40,4,0) -> 27535.91 | AC20: =VLOOKUP(A20,[1]Лист5!A13:D44,4,0) -> 59004.57 | AD20: =VLOOKUP(A20,[1]Лист6!A13:D44,4,0) -> 60430.09 | AE20: =VLOOKUP(A20,[1]Лист7!A13:D44,4,0) -> 65857.19 | AF20: =VLOOKUP(A20,[1]Лист8!A13:D46,4,0) -> 5169.58 | AG20: =VLOOKUP(A20,[1]Лист9!A13:D44,4,0) -> 59803.55 | AH20: =VLOOKUP(A20,[1]Лист11!B8:E40,4,0) -> 35124.95 | AN20: =SUM(AB20:AM20) -> 312925.84 | AO20: =VLOOKUP(A20,[1]Лист4!A8:E40,5,0) -> 1342468.4 | AP20: =VLOOKUP(A20,[1]Лист5!A13:E44,5,0) -> 1181403.1 | AQ20: =VLOOKUP(A20,[1]Лист6!A13:E44,5,0) -> 1493198.3 | AR20: =VLOOKUP(A20,[1]Лист7!A13:E44,5,0) -> 1894848.7 | AS20: =VLOOKUP(A20,[1]Лист8!A13:E46,5,0) -> 1288755.5 | AT20: =VLOOKUP(A20,[1]Лист9!A13:E44,5,0) -> 1804530.1 | AU20: =VLOOKUP(A20,[1]Лист11!B8:F40,5,0) -> 947221.9 | BA20: =AT20 -> 1804530.1 | BE20: =[1]Лист1!J7 -> 10409.3 | BF20: =[1]Лист1!R7 -> 1563.213 | BH20: ='[1]Компенсация промо'!AJ7 -> 6325.098 | BN20: =SUM(BB20:BM20) -> 18297.611 | CA20: =SUM(BO20:BZ20) -> 0 | CN20: =SUM(CB20:CM20) -> 0 | DA20: =SUM(CO20:CZ20) -> 0 | DB20: =BN20+CA20+CN20+DA20 -> 18297.611 | DD20: =(P20-AC20)/(AO20+AP20)/2*12 -> 2.427133 | DE20: =(Q20-AD20)/(AP20+AQ20)/2*12 -> 2.0857984 | DF20: =(R20-AE20)/(AQ20+AR20)/2*12 -> 1.5191616 | DG20: =(S20-AF20)/(AR20+AS20)/2*12 -> 2.1924603 | DH20: =(T20-AG20)/(AS20+AT20)/2*12 -> 1.4544418 | DI20: =(U20-AH20)/(AT20+AU20)/2*12 -> 0.74772374 | DP20: =VLOOKUP(A20,[1]Лист3!A4:B35,2,0) -> 90542 | DQ20: =VLOOKUP(A20,[1]Лист3!A4:C35,3,0) -> 294378 | DR20: =VLOOKUP(A20,[1]Лист3!A4:D35,4,0) -> 856640 | DS20: =VLOOKUP(A20,[1]Лист3!A4:E35,5,0) -> 396443 | DT20: =VLOOKUP(A20,[1]Лист3!A4:F35,6,0) -> 398613 | DU20: =VLOOKUP(A20,[1]Лист3!A4:G35,7,0) -> 663060 | DV20: =VLOOKUP(A20,[1]Лист13!E9:F20,2,0) -> 114720 | EB20: =SUM(DP20:EA20) -> 2814396 | EC20: =B20/$B$39 -> 0.067022896 | ED20: =C20/$C$39 -> 0.083083847 | EE20: =D20/$D$39 -> 0.073630269 | EF20: =E20/$E$39 -> 0.075398434 | EG20: =F20/$F$39 -> 0.10096163 | EH20: =G20/$G$39 -> 0.083571697 | EI20: =H20/$H$39 -> 0.038864154 | EO20: =N20/$N$39 -> 0.075398622 | EP20: =AB20/$AB$39 -> 0.030595892 | EQ20: =AC20/$AC$39 -> 0.073455347 | ER20: =AD20/$AD$39 -> 0.073882764 | ES20: =AE20/$AE$39 -> 0.099595969 | ET20: =AF20/$AF$39 -> 0.008512592 | EU20: =AG20/$AG$39 -> 0.1020382 | EV20: =AH20/$AH$39 -> 0.061115395 | FB20: =AA20/$AA$39 -> 0.074716181 | FC20: =DP20/$DP$39 -> 0.011057057 | FD20: =DQ20/$DQ$39 -> 0.02556357 | FE20: =DR20/$DR$39 -> 0.067200804 | FF20: =DS20/$DS$39 -> 0.030937009 | FG20: =DT20/$DT$39 -> 0.046140487 | FH20: =DU20/$DU$39 -> 0.065484718 | FI20: =DV20/$DV$39 -> 0.016972727 | FO20: =EB20/$EB$39 -> 0.039757115
A21: Future Trade Company ТОО | B21: =VLOOKUP(A21,[1]Лист4!A8:B42,2,0) -> 2047 | C21: =VLOOKUP(A21,[1]Лист5!A14:B45,2,0) -> 6497 | D21: =VLOOKUP(A21,[1]Лист6!A14:B45,2,0) -> 1691 | E21: =VLOOKUP(A21,[1]Лист7!A14:B45,2,0) -> 2403 | F21: =VLOOKUP(A21,[1]Лист8!A14:B47,2,0) -> 3649 | G21: =VLOOKUP(A21,[1]Лист9!A14:B45,2,0) -> 1068 | H21: =VLOOKUP(A21,[1]Лист11!B9:C41,2,0) -> 356 | N21: =SUM(B21:M21) -> 17711 | O21: =VLOOKUP(A21,[1]Лист4!A9:C41,3,0) -> 2415 | P21: =VLOOKUP(A21,[1]Лист5!A14:C45,3,0) -> 7665 | Q21: =VLOOKUP(A21,[1]Лист6!A14:C45,3,0) -> 1995 | R21: =VLOOKUP(A21,[1]Лист7!A14:C45,3,0) -> 2835 | S21: =VLOOKUP(A21,[1]Лист8!A14:C47,3,0) -> 4305 | T21: =VLOOKUP(A21,[1]Лист9!A14:D45,3,0) -> 1260 | U21: =VLOOKUP(A21,[1]Лист11!B9:D41,3,0) -> 420 | AA21: =SUM(O21:Z21) -> 20895 | AB21: =VLOOKUP(A21,[1]Лист4!A9:D41,4,0) -> 368 | AC21: =VLOOKUP(A21,[1]Лист5!A14:D45,4,0) -> 1168 | AD21: =VLOOKUP(A21,[1]Лист6!A14:D45,4,0) -> 304 | AE21: =VLOOKUP(A21,[1]Лист7!A14:D45,4,0) -> 432 | AF21: =VLOOKUP(A21,[1]Лист8!A14:D47,4,0) -> 656 | AG21: =VLOOKUP(A21,[1]Лист9!A14:D45,4,0) -> 192 | AH21: =VLOOKUP(A21,[1]Лист11!B9:E41,4,0) -> 64 | AN21: =SUM(AB21:AM21) -> 3184 | AO21: =VLOOKUP(A21,[1]Лист4!A9:E41,5,0) -> 178 | AP21: =VLOOKUP(A21,[1]Лист5!A14:E45,5,0) -> 2225 | AQ21: =VLOOKUP(A21,[1]Лист6!A14:E45,5,0) -> 178 | AR21: =VLOOKUP(A21,[1]Лист7!A14:E45,5,0) -> 5785 | AS21: =VLOOKUP(A21,[1]Лист8!A14:E47,5,0) -> 1869 | AT21: =VLOOKUP(A21,[1]Лист9!A14:E45,5,0) -> 445 | AU21: =VLOOKUP(A21,[1]Лист11!B9:F41,5,0) -> 0 | BA21: =AT21 -> 445 | BN21: =SUM(BB21:BM21) -> 0 | CA21: =SUM(BO21:BZ21) -> 0 | CN21: =SUM(CB21:CM21) -> 0 | DA21: =SUM(CO21:CZ21) -> 0 | DB21: =BN21+CA21+CN21+DA21 -> 0 | DD21: =(P21-AC21)/(AO21+AP21)/2*12 -> 16.222222 | DE21: =(Q21-AD21)/(AP21+AQ21)/2*12 -> 4.2222222 | DF21: =(R21-AE21)/(AQ21+AR21)/2*12 -> 2.4179104 | DG21: =(S21-AF21)/(AR21+AS21)/2*12 -> 2.8604651 | DH21: =(T21-AG21)/(AS21+AT21)/2*12 -> 2.7692308 | DI21: =(U21-AH21)/(AT21+AU21)/2*12 -> 4.8 | DP21: =VLOOKUP(A21,[1]Лист3!A5:B36,2,0) -> 80074 | DQ21: =VLOOKUP(A21,[1]Лист3!A5:C36,3,0) -> 90440 | DR21: =VLOOKUP(A21,[1]Лист3!A5:D36,4,0) -> 0 | DS21: =VLOOKUP(A21,[1]Лист3!A5:E36,5,0) -> 132760 | DT21: =VLOOKUP(A21,[1]Лист3!A5:F36,6,0) -> 0 | DU21: =VLOOKUP(A21,[1]Лист3!A5:G36,7,0) -> 0 | DV21: 0 | EB21: =SUM(DP21:EA21) -> 303274 | EC21: =B21/$B$39 -> 0.00014577121 | ED21: =C21/$C$39 -> 0.00052871291 | EE21: =D21/$D$39 -> 0.00013391211 | EF21: =E21/$E$39 -> 0.00021120974 | EG21: =F21/$F$39 -> 0.00031668731 | EH21: =G21/$G$39 -> 0.00011903245 | EI21: =H21/$H$39 -> 4.0345956e-05 | EO21: =N21/$N$39 -> 0.00022234826 | EP21: =AB21/$AB$39 -> 0.00040889473 | EQ21: =AC21/$AC$39 -> 0.0014540542 | ER21: =AD21/$AD$39 -> 0.00037167511 | ES21: =AE21/$AE$39 -> 0.00065331452 | ET21: =AF21/$AF$39 -> 0.0010802155 | EU21: =AG21/$AG$39 -> 0.00032759485 | EV21: =AH21/$AH$39 -> 0.00011135632 | FB21: =AA21/$AA$39 -> 0.00024707325 | FC21: =DP21/$DP$39 -> 0.009778697 | FD21: =DQ21/$DQ$39 -> 0.0078537433 | FE21: =DR21/$DR$39 -> 0 | FF21: =DS21/$DS$39 -> 0.010360121 | FG21: =DT21/$DT$39 -> 0 | FH21: =DU21/$DU$39 -> 0 | FI21: =DV21/$DV$39 -> 0 | FO21: =EB21/$EB$39 -> 0.0042841517
A22: Green House Best ТОО | B22: =[1]Лист4!B10 -> 552437.98 | C22: =VLOOKUP(A22,[1]Лист5!A15:B46,2,0) -> 300754.06 | D22: =VLOOKUP(A22,[1]Лист6!A15:B46,2,0) -> 335738.65 | E22: =VLOOKUP(A22,[1]Лист7!A15:B46,2,0) -> 284888.16 | F22: =VLOOKUP(A22,[1]Лист8!A15:B48,2,0) -> 227000.32 | G22: =VLOOKUP(A22,[1]Лист9!A15:B46,2,0) -> 212886.79 | H22: =VLOOKUP(A22,[1]Лист11!B10:C42,2,0) -> 209449.43 | N22: =SUM(B22:M22) -> 2123155.4 | O22: =VLOOKUP(A22,[1]Лист4!A10:C42,3,0) -> 630762 | P22: =VLOOKUP(A22,[1]Лист5!A15:C46,3,0) -> 346094.5 | Q22: =VLOOKUP(A22,[1]Лист6!A15:C46,3,0) -> 387198.5 | R22: =VLOOKUP(A22,[1]Лист7!A15:C46,3,0) -> 324813 | S22: =VLOOKUP(A22,[1]Лист8!A15:C48,3,0) -> 258404 | T22: =VLOOKUP(A22,[1]Лист9!A15:D46,3,0) -> 244430 | U22: =VLOOKUP(A22,[1]Лист11!B10:D42,3,0) -> 235909 | AA22: =SUM(O22:Z22) -> 2427611 | AB22: =VLOOKUP(A22,[1]Лист4!A10:D42,4,0) -> 78324.02 | AC22: =VLOOKUP(A22,[1]Лист5!A15:D46,4,0) -> 45340.44 | AD22: =VLOOKUP(A22,[1]Лист6!A15:D46,4,0) -> 51459.85 | AE22: =VLOOKUP(A22,[1]Лист7!A15:D46,4,0) -> 39924.84 | AF22: =VLOOKUP(A22,[1]Лист8!A15:D48,4,0) -> 31403.68 | AG22: =VLOOKUP(A22,[1]Лист9!A15:D46,4,0) -> 31543.21 | AH22: =VLOOKUP(A22,[1]Лист11!B10:E42,4,0) -> 26459.57 | AN22: =SUM(AB22:AM22) -> 304455.61 | AO22: =VLOOKUP(A22,[1]Лист4!A10:E42,5,0) -> 1826947 | AP22: =VLOOKUP(A22,[1]Лист5!A15:E46,5,0) -> 1503749.7 | AQ22: =VLOOKUP(A22,[1]Лист6!A15:E46,5,0) -> 1228398.5 | AR22: =VLOOKUP(A22,[1]Лист7!A15:E46,5,0) -> 1067822.8 | AS22: =VLOOKUP(A22,[1]Лист8!A15:E48,5,0) -> 877593 | AT22: =VLOOKUP(A22,[1]Лист9!A15:E46,5,0) -> 788645.36 | AU22: =VLOOKUP(A22,[1]Лист11!B10:F42,5,0) -> 683531.3 | BA22: =AT22 -> 788645.36 | BN22: =SUM(BB22:BM22) -> 0 | CA22: =SUM(BO22:BZ22) -> 0 | CN22: =SUM(CB22:CM22) -> 0 | DA22: =SUM(CO22:CZ22) -> 0 | DB22: =BN22+CA22+CN22+DA22 -> 0 | DD22: =(P22-AC22)/(AO22+AP22)/2*12 -> 0.54178586 | DE22: =(Q22-AD22)/(AP22+AQ22)/2*12 -> 0.73730697 | DF22: =(R22-AE22)/(AQ22+AR22)/2*12 -> 0.7444095 | DG22: =(S22-AF22)/(AR22+AS22)/2*12 -> 0.7001084 | DH22: =(T22-AG22)/(AS22+AT22)/2*12 -> 0.76658945 | DI22: =(U22-AH22)/(AT22+AU22)/2*12 -> 0.85363164 | DP22: =VLOOKUP(A22,[1]Лист3!A6:B37,2,0) -> 88397 | DQ22: =VLOOKUP(A22,[1]Лист3!A6:C37,3,0) -> 5426 | DR22: =VLOOKUP(A22,[1]Лист3!A6:D37,4,0) -> 136947 | DS22: =VLOOKUP(A22,[1]Лист3!A6:E37,5,0) -> 164185 | DT22: =VLOOKUP(A22,[1]Лист3!A6:F37,6,0) -> 45879 | DU22: =VLOOKUP(A22,[1]Лист3!A6:G37,7,0) -> 195647 | DV22: =[1]Лист13!F9 -> 157742 | EB22: =SUM(DP22:EA22) -> 794223 | EC22: =B22/$B$39 -> 0.03934028 | ED22: =C22/$C$39 -> 0.024474766 | EE22: =D22/$D$39 -> 0.026587504 | EF22: =E22/$E$39 -> 0.025040015 | EG22: =F22/$F$39 -> 0.019700773 | EH22: =G22/$G$39 -> 0.023727 | EI22: =H22/$H$39 -> 0.023737184 | EO22: =N22/$N$39 -> 0.026654616 | EP22: =AB22/$AB$39 -> 0.087027931 | EQ22: =AC22/$AC$39 -> 0.056444743 | ER22: =AD22/$AD$39 -> 0.06291561 | ES22: =AE22/$AE$39 -> 0.060378421 | ET22: =AF22/$AF$39 -> 0.051711496 | EU22: =AG22/$AG$39 -> 0.053819756 | EV22: =AH22/$AH$39 -> 0.046038132 | FB22: =AA22/$AA$39 -> 0.028705324 | FC22: =DP22/$DP$39 -> 0.010795108 | FD22: =DQ22/$DQ$39 -> 0.00047118986 | FE22: =DR22/$DR$39 -> 0.010743076 | FF22: =DS22/$DS$39 -> 0.012812416 | FG22: =DT22/$DT$39 -> 0.0053106131 | FH22: =DU22/$DU$39 -> 0.019322367 | FI22: =DV22/$DV$39 -> 0.023337795 | FO22: =EB22/$EB$39 -> 0.011219464
A23: Rad Distribution ТОО | B23: =VLOOKUP(A23,[1]Лист4!A10:B44,2,0) -> 20022.19 | C23: =VLOOKUP(A23,[1]Лист5!A16:B47,2,0) -> 13711.46 | D23: =VLOOKUP(A23,[1]Лист6!A16:B47,2,0) -> 8144 | E23: =VLOOKUP(A23,[1]Лист7!A16:B47,2,0) -> 16516 | F23: =VLOOKUP(A23,[1]Лист8!A16:B49,2,0) -> 12903 | G23: =VLOOKUP(A23,[1]Лист9!A16:B47,2,0) -> 13771.73 | H23: =VLOOKUP(A23,[1]Лист11!B11:C43,2,0) -> 4446.73 | N23: =SUM(B23:M23) -> 89515.11 | O23: =VLOOKUP(A23,[1]Лист4!A11:C43,3,0) -> 22485 | P23: =VLOOKUP(A23,[1]Лист5!A16:C47,3,0) -> 15860 | Q23: =VLOOKUP(A23,[1]Лист6!A16:C47,3,0) -> 9310 | R23: =VLOOKUP(A23,[1]Лист7!A16:C47,3,0) -> 18650 | S23: =VLOOKUP(A23,[1]Лист8!A16:C49,3,0) -> 14165 | T23: =VLOOKUP(A23,[1]Лист9!A16:D47,3,0) -> 15860 | U23: =VLOOKUP(A23,[1]Лист11!B11:D43,3,0) -> 5130 | AA23: =SUM(O23:Z23) -> 101460 | AB23: =VLOOKUP(A23,[1]Лист4!A11:D43,4,0) -> 2462.81 | AC23: =VLOOKUP(A23,[1]Лист5!A16:D47,4,0) -> 2148.54 | AD23: =VLOOKUP(A23,[1]Лист6!A16:D47,4,0) -> 1166 | AE23: =VLOOKUP(A23,[1]Лист7!A16:D47,4,0) -> 2134 | AF23: =VLOOKUP(A23,[1]Лист8!A16:D49,4,0) -> 1262 | AG23: =VLOOKUP(A23,[1]Лист9!A16:D47,4,0) -> 2088.27 | AH23: =VLOOKUP(A23,[1]Лист11!B11:E43,4,0) -> 683.27 | AN23: =SUM(AB23:AM23) -> 11944.89 | AO23: =VLOOKUP(A23,[1]Лист4!A11:E43,5,0) -> 92493.52 | AP23: =VLOOKUP(A23,[1]Лист5!A16:E47,5,0) -> 82212.07 | AQ23: =VLOOKUP(A23,[1]Лист6!A16:E47,5,0) -> 85250.07 | AR23: =VLOOKUP(A23,[1]Лист7!A16:E47,5,0) -> 100114.07 | AS23: =VLOOKUP(A23,[1]Лист8!A16:E49,5,0) -> 87010.07 | AT23: =VLOOKUP(A23,[1]Лист9!A16:E47,5,0) -> 74153.34 | AU23: =VLOOKUP(A23,[1]Лист11!B11:F43,5,0) -> 63538.61 | BA23: =AT23 -> 74153.34 | BN23: =SUM(BB23:BM23) -> 0 | CA23: =SUM(BO23:BZ23) -> 0 | CN23: =SUM(CB23:CM23) -> 0 | DA23: =SUM(CO23:CZ23) -> 0 | DB23: =BN23+CA23+CN23+DA23 -> 0 | DD23: =(P23-AC23)/(AO23+AP23)/2*12 -> 0.47089941 | DE23: =(Q23-AD23)/(AP23+AQ23)/2*12 -> 0.29179133 | DF23: =(R23-AE23)/(AQ23+AR23)/2*12 -> 0.53460178 | DG23: =(S23-AF23)/(AR23+AS23)/2*12 -> 0.41372535 | DH23: =(T23-AG23)/(AS23+AT23)/2*12 -> 0.51271179 | DI23: =(U23-AH23)/(AT23+AU23)/2*12 -> 0.19376863 | DP23: =VLOOKUP(A23,[1]Лист3!A7:B38,2,0) -> 0 | DQ23: =VLOOKUP(A23,[1]Лист3!A7:C38,3,0) -> 0 | DR23: =VLOOKUP(A23,[1]Лист3!A7:D38,4,0) -> 0 | DS23: =VLOOKUP(A23,[1]Лист3!A7:E38,5,0) -> 357503 | DT23: =VLOOKUP(A23,[1]Лист3!A7:F38,6,0) -> 0 | DU23: =VLOOKUP(A23,[1]Лист3!A7:G38,7,0) -> 0 | DV23: 0 | EB23: =SUM(DP23:EA23) -> 357503 | EC23: =B23/$B$39 -> 0.0014258226 | ED23: =C23/$C$39 -> 0.0011158113 | EE23: =D23/$D$39 -> 0.0006449321 | EF23: =E23/$E$39 -> 0.0014516605 | EG23: =F23/$F$39 -> 0.0011198181 | EH23: =G23/$G$39 -> 0.001534909 | EI23: =H23/$H$39 -> 0.00050395385 | EO23: =N23/$N$39 -> 0.0011237948 | EP23: =AB23/$AB$39 -> 0.0027364946 | EQ23: =AC23/$AC$39 -> 0.0026747378 | ER23: =AD23/$AD$39 -> 0.0014255697 | ES23: =AE23/$AE$39 -> 0.0032272527 | ET23: =AF23/$AF$39 -> 0.0020780975 | EU23: =AG23/$AG$39 -> 0.0035630547 | EV23: =AH23/$AH$39 -> 0.0011888505 | FB23: =AA23/$AA$39 -> 0.0011997153 | FC23: =DP23/$DP$39 -> 0 | FD23: =DQ23/$DQ$39 -> 0 | FE23: =DR23/$DR$39 -> 0 | FF23: =DS23/$DS$39 -> 0.027898269 | FG23: =DT23/$DT$39 -> 0 | FH23: =DU23/$DU$39 -> 0 | FI23: =DV23/$DV$39 -> 0 | FO23: =EB23/$EB$39 -> 0.005050209
A24: Snack Sauda ТОО | B24: =[1]Лист4!B13 -> 395828.28 | C24: =VLOOKUP(A24,[1]Лист5!A18:B49,2,0) -> 485113.57 | D24: =VLOOKUP(A24,[1]Лист6!A18:B49,2,0) -> 493173.37 | E24: =VLOOKUP(A24,[1]Лист7!A18:B49,2,0) -> 426013.33 | F24: =VLOOKUP(A24,[1]Лист8!A18:B51,2,0) -> 338680.32 | G24: =VLOOKUP(A24,[1]Лист9!A18:B49,2,0) -> 121738.96 | H24: =VLOOKUP(A24,[1]Лист11!B12:C44,2,0) -> 61406.51 | N24: =SUM(B24:M24) -> 2321954.3 | O24: =[1]Лист4!C13 -> 434624 | P24: =VLOOKUP(A24,[1]Лист5!A18:C49,3,0) -> 516299 | Q24: =VLOOKUP(A24,[1]Лист6!A18:C49,3,0) -> 542033 | R24: =VLOOKUP(A24,[1]Лист7!A18:C49,3,0) -> 461926 | S24: =VLOOKUP(A24,[1]Лист8!A18:C51,3,0) -> 347090 | T24: =VLOOKUP(A24,[1]Лист9!A18:D49,3,0) -> 133595 | U24: =VLOOKUP(A24,[1]Лист11!B12:D44,3,0) -> 66826 | AA24: =SUM(O24:Z24) -> 2502393 | AB24: =[1]Лист4!D13 -> 38795.72 | AC24: =VLOOKUP(A24,[1]Лист5!A18:D49,4,0) -> 31185.43 | AD24: =VLOOKUP(A24,[1]Лист6!A18:D49,4,0) -> 48859.63 | AE24: =VLOOKUP(A24,[1]Лист7!A18:D49,4,0) -> 35912.67 | AF24: =VLOOKUP(A24,[1]Лист8!A18:D51,4,0) -> 35409.68 | AG24: =VLOOKUP(A24,[1]Лист9!A18:D49,4,0) -> 11856.04 | AH24: =VLOOKUP(A24,[1]Лист11!B12:E44,4,0) -> 5419.49 | AN24: =SUM(AB24:AM24) -> 207438.66 | AO24: =[1]Лист4!E13 -> 345513.63 | AP24: =VLOOKUP(A24,[1]Лист5!A18:E49,5,0) -> 391871.32 | AQ24: =VLOOKUP(A24,[1]Лист6!A18:E49,5,0) -> 343531.42 | AR24: =VLOOKUP(A24,[1]Лист7!A18:E49,5,0) -> 256306.69 | AS24: =VLOOKUP(A24,[1]Лист8!A18:E51,5,0) -> 195236.25 | AT24: =VLOOKUP(A24,[1]Лист9!A18:E49,5,0) -> 112563.95 | AU24: =VLOOKUP(A24,[1]Лист11!B12:F44,5,0) -> 125493.82 | BA24: =AT24 -> 112563.95 | BN24: =SUM(BB24:BM24) -> 0 | CA24: =SUM(BO24:BZ24) -> 0 | CN24: =SUM(CB24:CM24) -> 0 | DA24: =SUM(CO24:CZ24) -> 0 | DB24: =BN24+CA24+CN24+DA24 -> 0 | DD24: =(P24-AC24)/(AO24+AP24)/2*12 -> 3.9473025 | DE24: =(Q24-AD24)/(AP24+AQ24)/2*12 -> 4.0237003 | DF24: =(R24-AE24)/(AQ24+AR24)/2*12 -> 4.2612831 | DG24: =(S24-AF24)/(AR24+AS24)/2*12 -> 4.1415373 | DH24: =(T24-AG24)/(AS24+AT24)/2*12 -> 2.3730776 | DI24: =(U24-AH24)/(AT24+AU24)/2*12 -> 1.5476876 | DP24: =VLOOKUP(A24,[1]Лист3!A8:B39,2,0) -> 270950 | DQ24: =VLOOKUP(A24,[1]Лист3!A8:C39,3,0) -> 535212 | DR24: =VLOOKUP(A24,[1]Лист3!A8:D39,4,0) -> 442964 | DS24: =VLOOKUP(A24,[1]Лист3!A8:E39,5,0) -> 338663 | DT24: =VLOOKUP(A24,[1]Лист3!A8:F39,6,0) -> 282173 | DU24: =VLOOKUP(A24,[1]Лист3!A8:G39,7,0) -> 40128 | DV24: =VLOOKUP(A24,[1]Лист13!E13:F24,2,0) -> 73330 | EB24: =SUM(DP24:EA24) -> 1983420 | EC24: =B24/$B$39 -> 0.028187771 | ED24: =C24/$C$39 -> 0.039477575 | EE24: =D24/$D$39 -> 0.039054929 | EF24: =E24/$E$39 -> 0.037444098 | EG24: =F24/$F$39 -> 0.029393193 | EH24: =G24/$G$39 -> 0.013568246 | EI24: =H24/$H$39 -> 0.0069592818 | EO24: =N24/$N$39 -> 0.029150387 | EP24: =AB24/$AB$39 -> 0.043106971 | EQ24: =AC24/$AC$39 -> 0.038823037 | ER24: =AD24/$AD$39 -> 0.059736541 | ES24: =AE24/$AE$39 -> 0.054310807 | ET24: =AF24/$AF$39 -> 0.058308056 | EU24: =AG24/$AG$39 -> 0.02022905 | EV24: =AH24/$AH$39 -> 0.0094296012 | FB24: =AA24/$AA$39 -> 0.029589585 | FC24: =DP24/$DP$39 -> 0.033088617 | FD24: =DQ24/$DQ$39 -> 0.046477417 | FE24: =DR24/$DR$39 -> 0.034749179 | FF24: =DS24/$DS$39 -> 0.026428062 | FG24: =DT24/$DT$39 -> 0.032662255 | FH24: =DU24/$DU$39 -> 0.0039630965 | FI24: =DV24/$DV$39 -> 0.010849111 | FO24: =EB24/$EB$39 -> 0.028018466
A25: ААА Плюс ТОО | B25: =[1]Лист4!B14 -> 2544055.3 | C25: =VLOOKUP(A25,[1]Лист5!A19:B50,2,0) -> 2240801.4 | D25: =VLOOKUP(A25,[1]Лист6!A19:B50,2,0) -> 2197445.3 | E25: =VLOOKUP(A25,[1]Лист7!A19:B50,2,0) -> 1817755.1 | F25: =VLOOKUP(A25,[1]Лист8!A19:B52,2,0) -> 2064420.8 | G25: =VLOOKUP(A25,[1]Лист9!A19:B50,2,0) -> 1712706.2 | H25: =VLOOKUP(A25,[1]Лист11!B13:C45,2,0) -> 2706703.2 | N25: =SUM(B25:M25) -> 15283887 | O25: =VLOOKUP(A25,[1]Лист4!A14:C46,3,0) -> 2651600.5 | P25: =VLOOKUP(A25,[1]Лист5!A19:C50,3,0) -> 2362683.2 | Q25: =VLOOKUP(A25,[1]Лист6!A19:C50,3,0) -> 2329140 | R25: =VLOOKUP(A25,[1]Лист7!A19:C50,3,0) -> 1965327 | S25: =VLOOKUP(A25,[1]Лист8!A19:C52,3,0) -> 2193897 | T25: =VLOOKUP(A25,[1]Лист9!A19:D50,3,0) -> 1813153.5 | U25: =VLOOKUP(A25,[1]Лист11!B13:D45,3,0) -> 2932118.8 | AA25: =SUM(O25:Z25) -> 16247920 | AB25: =VLOOKUP(A25,[1]Лист4!A14:D46,4,0) -> 107545.18 | AC25: =VLOOKUP(A25,[1]Лист5!A19:D50,4,0) -> 121881.89 | AD25: =VLOOKUP(A25,[1]Лист6!A19:D50,4,0) -> 131694.66 | AE25: =VLOOKUP(A25,[1]Лист7!A19:D50,4,0) -> 147571.87 | AF25: =VLOOKUP(A25,[1]Лист8!A19:D52,4,0) -> 129476.16 | AG25: =VLOOKUP(A25,[1]Лист9!A19:D50,4,0) -> 100447.34 | AH25: =VLOOKUP(A25,[1]Лист11!B13:E45,4,0) -> 225415.51 | AN25: =SUM(AB25:AM25) -> 964032.61 | AO25: =VLOOKUP(A25,[1]Лист4!A14:E46,5,0) -> 3243565.5 | AP25: =VLOOKUP(A25,[1]Лист5!A19:E50,5,0) -> 3104793.2 | AQ25: =VLOOKUP(A25,[1]Лист6!A19:E50,5,0) -> 3326819.7 | AR25: =VLOOKUP(A25,[1]Лист7!A19:E50,5,0) -> 4345069.2 | AS25: =VLOOKUP(A25,[1]Лист8!A19:E52,5,0) -> 3278362.8 | AT25: =VLOOKUP(A25,[1]Лист9!A19:E50,5,0) -> 4269438.8 | AU25: =VLOOKUP(A25,[1]Лист11!B13:F45,5,0) -> 4488861.9 | BA25: =AT25 -> 4269438.8 | BE25: =[1]Лист1!J4 -> 31261.8 | BF25: =[1]Лист1!R4 -> 160082.43 | BG25: =[1]Лист1!AA4 -> 61017.999 | BH25: ='[1]Компенсация промо'!AJ4 -> 60940.831 | BN25: =SUM(BB25:BM25) -> 313303.06 | CA25: =SUM(BO25:BZ25) -> 0 | CN25: =SUM(CB25:CM25) -> 0 | DA25: =SUM(CO25:CZ25) -> 0 | DB25: =BN25+CA25+CN25+DA25 -> 313303.06 | DD25: =(P25-AC25)/(AO25+AP25)/2*12 -> 2.11784 | DE25: =(Q25-AD25)/(AP25+AQ25)/2*12 -> 2.0499791 | DF25: =(R25-AE25)/(AQ25+AR25)/2*12 -> 1.4216226 | DG25: =(S25-AF25)/(AR25+AS25)/2*12 -> 1.6247964 | DH25: =(T25-AG25)/(AS25+AT25)/2*12 -> 1.3614874 | DI25: =(U25-AH25)/(AT25+AU25)/2*12 -> 1.854266 | DP25: =VLOOKUP(A25,[1]Лист3!A9:B40,2,0) -> 2872124 | DQ25: =VLOOKUP(A25,[1]Лист3!A9:C40,3,0) -> 2971184 | DR25: =VLOOKUP(A25,[1]Лист3!A9:D40,4,0) -> 3392228 | DS25: =VLOOKUP(A25,[1]Лист3!A9:E40,5,0) -> 4390297 | DT25: =VLOOKUP(A25,[1]Лист3!A9:F40,6,0) -> 1230188 | DU25: =VLOOKUP(A25,[1]Лист3!A9:G40,7,0) -> 3679526 | DV25: =[1]Лист13!F8 -> 745868 | EB25: =SUM(DP25:EA25) -> 19281415 | EC25: =B25/$B$39 -> 0.18116757 | ED25: =C25/$C$39 -> 0.18235195 | EE25: =D25/$D$39 -> 0.17401806 | EF25: =E25/$E$39 -> 0.15977012 | EG25: =F25/$F$39 -> 0.17916577 | EH25: =G25/$G$39 -> 0.19088728 | EI25: =H25/$H$39 -> 0.3067543 | EO25: =N25/$N$39 -> 0.19187769 | EP25: =AB25/$AB$39 -> 0.11949635 | EQ25: =AC25/$AC$39 -> 0.15173192 | ER25: =AD25/$AD$39 -> 0.16101193 | ES25: =AE25/$AE$39 -> 0.22317325 | ET25: =AF25/$AF$39 -> 0.2132045 | EU25: =AG25/$AG$39 -> 0.17138558 | EV25: =AH25/$AH$39 -> 0.39221004 | FB25: =AA25/$AA$39 -> 0.19212378 | FC25: =DP25/$DP$39 -> 0.35074594 | FD25: =DQ25/$DQ$39 -> 0.25801544 | FE25: =DR25/$DR$39 -> 0.26610998 | FF25: =DS25/$DS$39 -> 0.34260324 | FG25: =DT25/$DT$39 -> 0.14239745 | FH25: =DU25/$DU$39 -> 0.36339505 | FI25: =DV25/$DV$39 -> 0.11035054 | FO25: =EB25/$EB$39 -> 0.27237583
A26: Алма Комерц ЛТД ТОО | B26: =VLOOKUP(A26,[1]Лист4!A10:B48,2,0) -> 68004.55 | C26: =VLOOKUP(A26,[1]Лист5!A20:B51,2,0) -> 74402.63 | D26: =VLOOKUP(A26,[1]Лист6!A20:B51,2,0) -> 105912.2 | E26: =VLOOKUP(A26,[1]Лист7!A20:B51,2,0) -> 101108.43 | F26: =VLOOKUP(A26,[1]Лист8!A20:B53,2,0) -> 61317.82 | G26: =VLOOKUP(A26,[1]Лист9!A20:B51,2,0) -> 56168.69 | H26: =VLOOKUP(A26,[1]Лист11!B14:C46,2,0) -> 29671.62 | N26: =SUM(B26:M26) -> 496585.94 | O26: =VLOOKUP(A26,[1]Лист4!A15:C47,3,0) -> 75877.5 | P26: =VLOOKUP(A26,[1]Лист5!A20:C51,3,0) -> 83425 | Q26: =VLOOKUP(A26,[1]Лист6!A20:C51,3,0) -> 108045 | R26: =VLOOKUP(A26,[1]Лист7!A20:C51,3,0) -> 99008 | S26: =VLOOKUP(A26,[1]Лист8!A20:C53,3,0) -> 68388 | T26: =VLOOKUP(A26,[1]Лист9!A20:D51,3,0) -> 62695 | U26: =VLOOKUP(A26,[1]Лист11!B14:D46,3,0) -> 32736.25 | AA26: =SUM(O26:Z26) -> 530174.75 | AB26: =VLOOKUP(A26,[1]Лист4!A15:D47,4,0) -> 7872.95 | AC26: =VLOOKUP(A26,[1]Лист5!A20:D51,4,0) -> 9022.37 | AD26: =VLOOKUP(A26,[1]Лист6!A20:D51,4,0) -> 2132.8 | AE26: =VLOOKUP(A26,[1]Лист7!A20:D51,4,0) -> -2100.43 | AF26: =VLOOKUP(A26,[1]Лист8!A20:D53,4,0) -> 7070.18 | AG26: =VLOOKUP(A26,[1]Лист9!A20:D51,4,0) -> 6526.31 | AH26: =VLOOKUP(A26,[1]Лист11!B14:E46,4,0) -> 3064.63 | AN26: =SUM(AB26:AM26) -> 33588.81 | AO26: =VLOOKUP(A26,[1]Лист4!A15:E47,5,0) -> 181670.3 | AP26: =VLOOKUP(A26,[1]Лист5!A20:E51,5,0) -> 151561.63 | AQ26: =VLOOKUP(A26,[1]Лист6!A20:E51,5,0) -> 130827.76 | AR26: =VLOOKUP(A26,[1]Лист7!A20:E51,5,0) -> 98802.29 | AS26: =VLOOKUP(A26,[1]Лист8!A20:E53,5,0) -> 104315.37 | AT26: =VLOOKUP(A26,[1]Лист9!A20:E51,5,0) -> 155102.73 | AU26: =VLOOKUP(A26,[1]Лист11!B14:F46,5,0) -> 40978.46 | BA26: =AT26 -> 155102.73 | BE26: =[1]Лист1!J6 -> 3932.6 | BF26: =[1]Лист1!R6 -> 1935 | BH26: ='[1]Компенсация промо'!AJ6 -> 4933.2 | BN26: =SUM(BB26:BM26) -> 10800.8 | CA26: =SUM(BO26:BZ26) -> 0 | CN26: =SUM(CB26:CM26) -> 0 | DA26: =SUM(CO26:CZ26) -> 0 | DB26: =BN26+CA26+CN26+DA26 -> 10800.8 | DD26: =(P26-AC26)/(AO26+AP26)/2*12 -> 1.3396549 | DE26: =(Q26-AD26)/(AP26+AQ26)/2*12 -> 2.2503438 | DF26: =(R26-AE26)/(AQ26+AR26)/2*12 -> 2.6418606 | DG26: =(S26-AF26)/(AR26+AS26)/2*12 -> 1.8112995 | DH26: =(T26-AG26)/(AS26+AT26)/2*12 -> 1.299108 | DI26: =(U26-AH26)/(AT26+AU26)/2*12 -> 0.9079388 | DP26: =VLOOKUP(A26,[1]Лист3!A10:B41,2,0) -> 29295 | DQ26: =VLOOKUP(A26,[1]Лист3!A10:C41,3,0) -> 44535 | DR26: =VLOOKUP(A26,[1]Лист3!A10:D41,4,0) -> 138171 | DS26: =VLOOKUP(A26,[1]Лист3!A10:E41,5,0) -> 59250 | DT26: =VLOOKUP(A26,[1]Лист3!A10:F41,6,0) -> 72665 | DU26: =VLOOKUP(A26,[1]Лист3!A10:G41,7,0) -> 147542 | DV26: =[1]Лист13!F12 -> 8216 | EB26: =SUM(DP26:EA26) -> 499674 | EC26: =B26/$B$39 -> 0.0048427482 | ED26: =C26/$C$39 -> 0.0060547377 | EE26: =D26/$D$39 -> 0.0083873008 | EF26: =E26/$E$39 -> 0.0088868438 | EG26: =F26/$F$39 -> 0.0053216156 | EH26: =G26/$G$39 -> 0.006260203 | EI26: =H26/$H$39 -> 0.0033627243 | EO26: =N26/$N$39 -> 0.0062342623 | EP26: =AB26/$AB$39 -> 0.0087478471 | EQ26: =AC26/$AC$39 -> 0.011232034 | ER26: =AD26/$AD$39 -> 0.0026075943 | ES26: =AE26/$AE$39 -> -0.0031764848 | ET26: =AF26/$AF$39 -> 0.011642253 | EU26: =AG26/$AG$39 -> 0.011135341 | EV26: =AH26/$AH$39 -> 0.0053322801 | FB26: =AA26/$AA$39 -> 0.0062690595 | FC26: =DP26/$DP$39 -> 0.0035775274 | FD26: =DQ26/$DQ$39 -> 0.0038673867 | FE26: =DR26/$DR$39 -> 0.010839095 | FF26: =DS26/$DS$39 -> 0.0046236603 | FG26: =DT26/$DT$39 -> 0.0084111619 | FH26: =DU26/$DU$39 -> 0.014571451 | FI26: =DV26/$DV$39 -> 0.0012155502 | FO26: =EB26/$EB$39 -> 0.0070585649
A27: Алтын Алма Дистрибьюшн ТОО | B27: =VLOOKUP(A27,[1]Лист4!A10:B49,2,0) -> 349114.66 | C27: =VLOOKUP(A27,[1]Лист5!A21:B52,2,0) -> 321554.4 | D27: =VLOOKUP(A27,[1]Лист6!A21:B52,2,0) -> 310277.47 | E27: =VLOOKUP(A27,[1]Лист7!A21:B52,2,0) -> 314742.87 | F27: =VLOOKUP(A27,[1]Лист8!A21:B54,2,0) -> 283277.62 | G27: =VLOOKUP(A27,[1]Лист9!A21:B52,2,0) -> 235292.85 | H27: =VLOOKUP(A27,[1]Лист11!B15:C47,2,0) -> 40493.05 | N27: =SUM(B27:M27) -> 1854752.9 | O27: =VLOOKUP(A27,[1]Лист4!A16:C48,3,0) -> 365919 | P27: =VLOOKUP(A27,[1]Лист5!A21:C52,3,0) -> 339515.5 | Q27: =VLOOKUP(A27,[1]Лист6!A21:C52,3,0) -> 348532.75 | R27: =VLOOKUP(A27,[1]Лист7!A21:C52,3,0) -> 326372.25 | S27: =VLOOKUP(A27,[1]Лист8!A21:C54,3,0) -> 314168.75 | T27: =VLOOKUP(A27,[1]Лист9!A21:D52,3,0) -> 256377.5 | U27: =VLOOKUP(A27,[1]Лист11!B15:D47,3,0) -> 48390.75 | AA27: =SUM(O27:Z27) -> 1999276.5 | AB27: =VLOOKUP(A27,[1]Лист4!A16:D48,4,0) -> 16804.34 | AC27: =VLOOKUP(A27,[1]Лист5!A21:D52,4,0) -> 17961.1 | AD27: =VLOOKUP(A27,[1]Лист6!A21:D52,4,0) -> 38255.28 | AE27: =VLOOKUP(A27,[1]Лист7!A21:D52,4,0) -> 11629.38 | AF27: =VLOOKUP(A27,[1]Лист8!A21:D54,4,0) -> 30891.13 | AG27: =VLOOKUP(A27,[1]Лист9!A21:D52,4,0) -> 21084.65 | AH27: =VLOOKUP(A27,[1]Лист11!B15:E47,4,0) -> 7897.7 | AN27: =SUM(AB27:AM27) -> 144523.58 | AO27: =VLOOKUP(A27,[1]Лист4!A16:E48,5,0) -> 510508.41 | AP27: =VLOOKUP(A27,[1]Лист5!A21:E52,5,0) -> 525526.47 | AQ27: =VLOOKUP(A27,[1]Лист6!A21:E52,5,0) -> 551446.87 | AR27: =VLOOKUP(A27,[1]Лист7!A21:E52,5,0) -> 607219.35 | AS27: =VLOOKUP(A27,[1]Лист8!A21:E54,5,0) -> 663116.16 | AT27: =VLOOKUP(A27,[1]Лист9!A21:E52,5,0) -> 651534.81 | AU27: =VLOOKUP(A27,[1]Лист11!B15:F47,5,0) -> 148687.82 | BA27: =AT27 -> 651534.81 | BE27: =[1]Лист1!J5 -> 6174.6 | BF27: =[1]Лист1!R5 -> 2268.327 | BG27: =[1]Лист1!AA5 -> 11506.833 | BN27: =SUM(BB27:BM27) -> 19949.76 | CA27: =SUM(BO27:BZ27) -> 0 | CN27: =SUM(CB27:CM27) -> 0 | DA27: =SUM(CO27:CZ27) -> 0 | DB27: =BN27+CA27+CN27+DA27 -> 19949.76 | DD27: =(P27-AC27)/(AO27+AP27)/2*12 -> 1.8622215 | DE27: =(Q27-AD27)/(AP27+AQ27)/2*12 -> 1.7286081 | DF27: =(R27-AE27)/(AQ27+AR27)/2*12 -> 1.6298544 | DG27: =(S27-AF27)/(AR27+AS27)/2*12 -> 1.337966 | DH27: =(T27-AG27)/(AS27+AT27)/2*12 -> 1.0738646 | DI27: =(U27-AH27)/(AT27+AU27)/2*12 -> 0.30361338 | DP27: =VLOOKUP(A27,[1]Лист3!A11:B42,2,0) -> 101 | DQ27: =VLOOKUP(A27,[1]Лист3!A11:C42,3,0) -> 694580 | DR27: =VLOOKUP(A27,[1]Лист3!A11:D42,4,0) -> 385712 | DS27: =VLOOKUP(A27,[1]Лист3!A11:E42,5,0) -> 323866 | DT27: =VLOOKUP(A27,[1]Лист3!A11:F42,6,0) -> 399949 | DU27: =VLOOKUP(A27,[1]Лист3!A11:G42,7,0) -> 402124 | DV27: =[1]Лист13!F14 -> 83338 | EB27: =SUM(DP27:EA27) -> 2289670 | EC27: =B27/$B$39 -> 0.024861195 | ED27: =C27/$C$39 -> 0.026167456 | EE27: =D27/$D$39 -> 0.024571206 | EF27: =E27/$E$39 -> 0.02766407 | EG27: =F27/$F$39 -> 0.024584935 | EH27: =G27/$G$39 -> 0.026224236 | EI27: =H27/$H$39 -> 0.0045891315 | EO27: =N27/$N$39 -> 0.023285025 | EP27: =AB27/$AB$39 -> 0.018671755 | EQ27: =AC27/$AC$39 -> 0.022359943 | ER27: =AD27/$AD$39 -> 0.046771498 | ES27: =AE27/$AE$39 -> 0.017587136 | ET27: =AF27/$AF$39 -> 0.050867495 | EU27: =AG27/$AG$39 -> 0.035975118 | EV27: =AH27/$AH$39 -> 0.013741544 | FB27: =AA27/$AA$39 -> 0.023640476 | FC27: =DP27/$DP$39 -> 1.2334196e-05 | FD27: =DQ27/$DQ$39 -> 0.060316818 | FE27: =DR27/$DR$39 -> 0.030257934 | FF27: =DS27/$DS$39 -> 0.025273357 | FG27: =DT27/$DT$39 -> 0.046295133 | FH27: =DU27/$DU$39 -> 0.039714319 | FI27: =DV27/$DV$39 -> 0.012329786 | FO27: =EB27/$EB$39 -> 0.032344657
A28: Альянс Компани ТОО | B28: =VLOOKUP(A28,[1]Лист4!A10:B50,2,0) -> 739076 | C28: =VLOOKUP(A28,[1]Лист5!A22:B53,2,0) -> 779484.4 | D28: =VLOOKUP(A28,[1]Лист6!A22:B53,2,0) -> 729953.27 | E28: =VLOOKUP(A28,[1]Лист7!A22:B53,2,0) -> 587007.76 | F28: =VLOOKUP(A28,[1]Лист8!A22:B55,2,0) -> 592994.25 | G28: =VLOOKUP(A28,[1]Лист9!A22:B53,2,0) -> 563457.33 | H28: =VLOOKUP(A28,[1]Лист11!B16:C48,2,0) -> 172215.25 | N28: =SUM(B28:M28) -> 4164188.3 | O28: =VLOOKUP(A28,[1]Лист4!A17:C49,3,0) -> 793366.25 | P28: =VLOOKUP(A28,[1]Лист5!A22:C53,3,0) -> 840498 | Q28: =VLOOKUP(A28,[1]Лист6!A22:C53,3,0) -> 788223.5 | R28: =VLOOKUP(A28,[1]Лист7!A22:C53,3,0) -> 635555.5 | S28: =VLOOKUP(A28,[1]Лист8!A22:C55,3,0) -> 651657 | T28: =VLOOKUP(A28,[1]Лист9!A22:D53,3,0) -> 610161.75 | U28: =VLOOKUP(A28,[1]Лист11!B16:D48,3,0) -> 190525 | AA28: =SUM(O28:Z28) -> 4509987 | AB28: =VLOOKUP(A28,[1]Лист4!A17:D49,4,0) -> 54290.25 | AC28: =VLOOKUP(A28,[1]Лист5!A22:D53,4,0) -> 61013.6 | AD28: =VLOOKUP(A28,[1]Лист6!A22:D53,4,0) -> 58270.23 | AE28: =VLOOKUP(A28,[1]Лист7!A22:D53,4,0) -> 48547.74 | AF28: =VLOOKUP(A28,[1]Лист8!A22:D55,4,0) -> 58662.75 | AG28: =VLOOKUP(A28,[1]Лист9!A22:D53,4,0) -> 46704.42 | AH28: =VLOOKUP(A28,[1]Лист11!B16:E48,4,0) -> 18309.75 | AN28: =SUM(AB28:AM28) -> 345798.74 | AO28: =VLOOKUP(A28,[1]Лист4!A17:E49,5,0) -> 1111724.5 | AP28: =VLOOKUP(A28,[1]Лист5!A22:E53,5,0) -> 1066092.6 | AQ28: =VLOOKUP(A28,[1]Лист6!A22:E53,5,0) -> 1044772.2 | AR28: =VLOOKUP(A28,[1]Лист7!A22:E53,5,0) -> 1249632.8 | AS28: =VLOOKUP(A28,[1]Лист8!A22:E55,5,0) -> 1069651.6 | AT28: =VLOOKUP(A28,[1]Лист9!A22:E53,5,0) -> 1323941.2 | AU28: =VLOOKUP(A28,[1]Лист11!B16:F48,5,0) -> 368189.94 | BA28: =AT28 -> 1323941.2 | BE28: =[1]Лист1!J8 -> 9327.9 | BH28: ='[1]Компенсация промо'!AJ8 -> 5113.4338 | BN28: =SUM(BB28:BM28) -> 14441.334 | CA28: =SUM(BO28:BZ28) -> 0 | CN28: =SUM(CB28:CM28) -> 0 | DA28: =SUM(CO28:CZ28) -> 0 | DB28: =BN28+CA28+CN28+DA28 -> 14441.334 | DD28: =(P28-AC28)/(AO28+AP28)/2*12 -> 2.1475203 | DE28: =(Q28-AD28)/(AP28+AQ28)/2*12 -> 2.0748461 | DF28: =(R28-AE28)/(AQ28+AR28)/2*12 -> 1.5350588 | DG28: =(S28-AF28)/(AR28+AS28)/2*12 -> 1.534079 | DH28: =(T28-AG28)/(AS28+AT28)/2*12 -> 1.412414 | DI28: =(U28-AH28)/(AT28+AU28)/2*12 -> 0.61064505 | DP28: =VLOOKUP(A28,[1]Лист3!A12:B43,2,0) -> 188140 | DQ28: =VLOOKUP(A28,[1]Лист3!A12:C43,3,0) -> 220783 | DR28: =VLOOKUP(A28,[1]Лист3!A12:D43,4,0) -> 113478 | DS28: =VLOOKUP(A28,[1]Лист3!A12:E43,5,0) -> 223182 | DT28: =VLOOKUP(A28,[1]Лист3!A12:F43,6,0) -> 209068 | DU28: =VLOOKUP(A28,[1]Лист3!A12:G43,7,0) -> 351317 | DV28: =VLOOKUP(A28,[1]Лист13!E17:F28,2,0) -> 141769 | EB28: =SUM(DP28:EA28) -> 1447737 | EC28: =B28/$B$39 -> 0.052631169 | ED28: =C28/$C$39 -> 0.063432887 | EE28: =D28/$D$39 -> 0.057805783 | EF28: =E28/$E$39 -> 0.051594573 | EG28: =F28/$F$39 -> 0.051464443 | EH28: =G28/$G$39 -> 0.062799351 | EI28: =H28/$H$39 -> 0.019517384 | EO28: =N28/$N$39 -> 0.052278246 | EP28: =AB28/$AB$39 -> 0.060323361 | EQ28: =AC28/$AC$39 -> 0.075956408 | ER28: =AD28/$AD$39 -> 0.071242086 | ES28: =AE28/$AE$39 -> 0.073418851 | ET28: =AF28/$AF$39 -> 0.096598187 | EU28: =AG28/$AG$39 -> 0.079688164 | EV28: =AH28/$AH$39 -> 0.031857913 | FB28: =AA28/$AA$39 -> 0.053328411 | FC28: =DP28/$DP$39 -> 0.022975798 | FD28: =DQ28/$DQ$39 -> 0.019172634 | FE28: =DR28/$DR$39 -> 0.0089020042 | FF28: =DS28/$DS$39 -> 0.017416334 | FG28: =DT28/$DT$39 -> 0.024200162 | FH28: =DU28/$DU$39 -> 0.03469655 | FI28: =DV28/$DV$39 -> 0.020974603 | FO28: =EB28/$EB$39 -> 0.020451225
A29: Аманат ТОО | B29: =VLOOKUP(A29,[1]Лист4!A10:B51,2,0) -> 20386 | C29: =VLOOKUP(A29,[1]Лист5!A23:B54,2,0) -> 24021 | D29: =VLOOKUP(A29,[1]Лист6!A23:B54,2,0) -> 23309 | E29: =VLOOKUP(A29,[1]Лист7!A23:B54,2,0) -> 57523 | F29: =VLOOKUP(A29,[1]Лист8!A23:B56,2,0) -> 282481 | G29: =VLOOKUP(A29,[1]Лист9!A23:B54,2,0) -> 323178 | H29: =VLOOKUP(A29,[1]Лист11!B17:C49,2,0) -> 316845 | N29: =SUM(B29:M29) -> 1047743 | O29: =VLOOKUP(A29,[1]Лист4!A18:C50,3,0) -> 22040 | P29: =VLOOKUP(A29,[1]Лист5!A23:C54,3,0) -> 25970 | Q29: =VLOOKUP(A29,[1]Лист6!A23:C54,3,0) -> 25200 | R29: =VLOOKUP(A29,[1]Лист7!A23:C54,3,0) -> 62080 | S29: =VLOOKUP(A29,[1]Лист8!A23:C56,3,0) -> 305925 | T29: =VLOOKUP(A29,[1]Лист9!A23:D54,3,0) -> 352340 | U29: =VLOOKUP(A29,[1]Лист11!B17:D49,3,0) -> 345370 | AA29: =SUM(O29:Z29) -> 1138925 | AB29: =VLOOKUP(A29,[1]Лист4!A18:D50,4,0) -> 1654 | AC29: =VLOOKUP(A29,[1]Лист5!A23:D54,4,0) -> 1949 | AD29: =VLOOKUP(A29,[1]Лист6!A23:D54,4,0) -> 1891 | AE29: =VLOOKUP(A29,[1]Лист7!A23:D54,4,0) -> 4557 | AF29: =VLOOKUP(A29,[1]Лист8!A23:D56,4,0) -> 23444 | AG29: =VLOOKUP(A29,[1]Лист9!A23:D54,4,0) -> 29162 | AH29: =VLOOKUP(A29,[1]Лист11!B17:E49,4,0) -> 28525 | AN29: =SUM(AB29:AM29) -> 91182 | AO29: =VLOOKUP(A29,[1]Лист4!A18:E50,5,0) -> 50965 | AP29: =VLOOKUP(A29,[1]Лист5!A23:E54,5,0) -> 26944 | AQ29: =VLOOKUP(A29,[1]Лист6!A23:E54,5,0) -> 124452 | AR29: =VLOOKUP(A29,[1]Лист7!A23:E54,5,0) -> 894473 | AS29: =VLOOKUP(A29,[1]Лист8!A23:E56,5,0) -> 908226 | AT29: =VLOOKUP(A29,[1]Лист9!A23:E54,5,0) -> 821136 | AU29: =VLOOKUP(A29,[1]Лист11!B17:F49,5,0) -> 504291 | BA29: =AT29 -> 821136 | BN29: =SUM(BB29:BM29) -> 0 | BR29: =[1]Лист10!C4 -> 41013.7 | BS29: =[1]Лист10!D4 -> 14811.7 | BT29: =[1]Лист10!E4 -> 10417.85 | CA29: =SUM(BO29:BZ29) -> 66243.25 | CN29: =SUM(CB29:CM29) -> 0 | DA29: =SUM(CO29:CZ29) -> 0 | DB29: =BN29+CA29+CN29+DA29 -> 66243.25 | DD29: =(P29-AC29)/(AO29+AP29)/2*12 -> 1.8499275 | DE29: =(Q29-AD29)/(AP29+AQ29)/2*12 -> 0.92376285 | DF29: =(R29-AE29)/(AQ29+AR29)/2*12 -> 0.33872758 | DG29: =(S29-AF29)/(AR29+AS29)/2*12 -> 0.94019357 | DH29: =(T29-AG29)/(AS29+AT29)/2*12 -> 1.1212621 | DI29: =(U29-AH29)/(AT29+AU29)/2*12 -> 1.4343076 | DP29: =VLOOKUP(A29,[1]Лист3!A13:B44,2,0) -> 0 | DQ29: =VLOOKUP(A29,[1]Лист3!A13:C44,3,0) -> 0 | DR29: =VLOOKUP(A29,[1]Лист3!A13:D44,4,0) -> 124452 | DS29: =VLOOKUP(A29,[1]Лист3!A13:E44,5,0) -> 827544 | DT29: =VLOOKUP(A29,[1]Лист3!A13:F44,6,0) -> 296234 | DU29: =VLOOKUP(A29,[1]Лист3!A13:G44,7,0) -> 236088 | DV29: 0 | EB29: =SUM(DP29:EA29) -> 1484318 | EC29: =B29/$B$39 -> 0.0014517303 | ED29: =C29/$C$39 -> 0.0019547811 | EE29: =D29/$D$39 -> 0.0018458647 | EF29: =E29/$E$39 -> 0.0050559376 | EG29: =F29/$F$39 -> 0.024515798 | EH29: =G29/$G$39 -> 0.036019353 | EI29: =H29/$H$39 -> 0.035908467 | EO29: =N29/$N$39 -> 0.013153624 | EP29: =AB29/$AB$39 -> 0.001837804 | EQ29: =AC29/$AC$39 -> 0.0024263285 | ER29: =AD29/$AD$39 -> 0.0023119659 | ES29: =AE29/$AE$39 -> 0.0068915608 | ET29: =AF29/$AF$39 -> 0.03860453 | EU29: =AG29/$AG$39 -> 0.04975688 | EV29: =AH29/$AH$39 -> 0.049631861 | FB29: =AA29/$AA$39 -> 0.013467236 | FC29: =DP29/$DP$39 -> 0 | FD29: =DQ29/$DQ$39 -> 0 | FE29: =DR29/$DR$39 -> 0.0097628811 | FF29: =DS29/$DS$39 -> 0.064578605 | FG29: =DT29/$DT$39 -> 0.034289853 | FH29: =DU29/$DU$39 -> 0.023316376 | FI29: =DV29/$DV$39 -> 0 | FO29: =EB29/$EB$39 -> 0.020967981
A30: Атыгай Плюс ТОО | B30: =VLOOKUP(A30,[1]Лист4!A12:B53,2,0) -> 511392.73 | C30: =VLOOKUP(A30,[1]Лист5!A25:B56,2,0) -> 313348.5 | D30: =VLOOKUP(A30,[1]Лист6!A25:B56,2,0) -> 365350.81 | E30: =VLOOKUP(A30,[1]Лист7!A25:B56,2,0) -> 327580.93 | F30: =VLOOKUP(A30,[1]Лист8!A25:B58,2,0) -> 388669.77 | G30: =VLOOKUP(A30,[1]Лист9!A25:B56,2,0) -> 308665.24 | H30: =VLOOKUP(A30,[1]Лист11!B18:C50,2,0) -> 322571.55 | N30: =SUM(B30:M30) -> 2537579.5 | O30: =VLOOKUP(A30,[1]Лист4!A20:C52,3,0) -> 565455 | P30: =VLOOKUP(A30,[1]Лист5!A25:C56,3,0) -> 345595 | Q30: =VLOOKUP(A30,[1]Лист6!A25:C56,3,0) -> 402785 | R30: =VLOOKUP(A30,[1]Лист7!A25:C56,3,0) -> 360770 | S30: =VLOOKUP(A30,[1]Лист8!A25:C58,3,0) -> 429060 | T30: =VLOOKUP(A30,[1]Лист9!A25:D56,3,0) -> 340565 | U30: =VLOOKUP(A30,[1]Лист11!B18:D50,3,0) -> 354930 | AA30: =SUM(O30:Z30) -> 2799160 | AB30: =VLOOKUP(A30,[1]Лист4!A20:D52,4,0) -> 54062.27 | AC30: =VLOOKUP(A30,[1]Лист5!A25:D56,4,0) -> 32246.5 | AD30: =VLOOKUP(A30,[1]Лист6!A25:D56,4,0) -> 37434.19 | AE30: =VLOOKUP(A30,[1]Лист7!A25:D56,4,0) -> 33189.07 | AF30: =VLOOKUP(A30,[1]Лист8!A25:D58,4,0) -> 40390.23 | AG30: =VLOOKUP(A30,[1]Лист9!A25:D56,4,0) -> 31899.76 | AH30: =VLOOKUP(A30,[1]Лист11!B18:E50,4,0) -> 32358.45 | AN30: =SUM(AB30:AM30) -> 261580.47 | AO30: =VLOOKUP(A30,[1]Лист4!A20:E52,5,0) -> 467796.7 | AP30: =VLOOKUP(A30,[1]Лист5!A25:E56,5,0) -> 361810.78 | AQ30: =VLOOKUP(A30,[1]Лист6!A25:E56,5,0) -> 366448.62 | AR30: =VLOOKUP(A30,[1]Лист7!A25:E56,5,0) -> 368501.69 | AS30: =VLOOKUP(A30,[1]Лист8!A25:E58,5,0) -> 279676.15 | AT30: =VLOOKUP(A30,[1]Лист9!A25:E56,5,0) -> 406370.33 | AU30: =VLOOKUP(A30,[1]Лист11!B18:F50,5,0) -> 402667.78 | BA30: =AT30 -> 406370.33 | BN30: =SUM(BB30:BM30) -> 0 | CA30: =SUM(BO30:BZ30) -> 0 | CN30: =SUM(CB30:CM30) -> 0 | DA30: =SUM(CO30:CZ30) -> 0 | DB30: =BN30+CA30+CN30+DA30 -> 0 | DD30: =(P30-AC30)/(AO30+AP30)/2*12 -> 2.2662416 | DE30: =(Q30-AD30)/(AP30+AQ30)/2*12 -> 3.0100605 | DF30: =(R30-AE30)/(AQ30+AR30)/2*12 -> 2.6743108 | DG30: =(S30-AF30)/(AR30+AS30)/2*12 -> 3.5978068 | DH30: =(T30-AG30)/(AS30+AT30)/2*12 -> 2.6995131 | DI30: =(U30-AH30)/(AT30+AU30)/2*12 -> 2.3922597 | DP30: =VLOOKUP(A30,[1]Лист3!A14:B45,2,0) -> 57742 | DQ30: =VLOOKUP(A30,[1]Лист3!A14:C45,3,0) -> 131091 | DR30: =VLOOKUP(A30,[1]Лист3!A14:D45,4,0) -> 82683 | DS30: =VLOOKUP(A30,[1]Лист3!A14:E45,5,0) -> 129200 | DT30: =VLOOKUP(A30,[1]Лист3!A14:F45,6,0) -> 172262 | DU30: =VLOOKUP(A30,[1]Лист3!A14:G45,7,0) -> 160417 | DV30: =[1]Лист13!F18 -> 234456 | EB30: =SUM(DP30:EA30) -> 967851 | EC30: =B30/$B$39 -> 0.036417361 | ED30: =C30/$C$39 -> 0.025499676 | EE30: =D30/$D$39 -> 0.028932523 | EF30: =E30/$E$39 -> 0.028792461 | EG30: =F30/$F$39 -> 0.033731648 | EH30: =G30/$G$39 -> 0.034401854 | EI30: =H30/$H$39 -> 0.036557465 | EO30: =N30/$N$39 -> 0.031857399 | EP30: =AB30/$AB$39 -> 0.060070047 | EQ30: =AC30/$AC$39 -> 0.040143973 | ER30: =AD30/$AD$39 -> 0.045767621 | ES30: =AE30/$AE$39 -> 0.050191901 | ET30: =AF30/$AF$39 -> 0.066509378 | EU30: =AG30/$AG$39 -> 0.05442811 | EV30: =AH30/$AH$39 -> 0.056301844 | FB30: =AA30/$AA$39 -> 0.033098711 | FC30: =DP30/$DP$39 -> 0.0070514964 | FD30: =DQ30/$DQ$39 -> 0.011383846 | FE30: =DR30/$DR$39 -> 0.00648623 | FF30: =DS30/$DS$39 -> 0.010082311 | FG30: =DT30/$DT$39 -> 0.019939773 | FH30: =DU30/$DU$39 -> 0.015843004 | FI30: =DV30/$DV$39 -> 0.034687567 | FO30: =EB30/$EB$39 -> 0.013672192
A31: Нико-Ник ТД ТОО | B31: =VLOOKUP(A31,[1]Лист4!A14:B58,2,0) -> 106662.03 | C31: =VLOOKUP(A31,[1]Лист5!A30:B61,2,0) -> 78575.27 | D31: =VLOOKUP(A31,[1]Лист6!A30:B61,2,0) -> 91324.65 | E31: =VLOOKUP(A31,[1]Лист7!A30:B61,2,0) -> 78137.4 | F31: =VLOOKUP(A31,[1]Лист8!A30:B63,2,0) -> 116345.77 | G31: =VLOOKUP(A31,[1]Лист9!A30:B61,2,0) -> 110359.74 | H31: =VLOOKUP(A31,[1]Лист11!B19:C51,2,0) -> 288073.06 | N31: =SUM(B31:M31) -> 869477.92 | O31: =VLOOKUP(A31,[1]Лист4!A25:C57,3,0) -> 117730 | P31: =VLOOKUP(A31,[1]Лист5!A30:C61,3,0) -> 86625 | Q31: =VLOOKUP(A31,[1]Лист6!A30:C61,3,0) -> 100615 | R31: =VLOOKUP(A31,[1]Лист7!A30:C61,3,0) -> 86395 | S31: =VLOOKUP(A31,[1]Лист8!A30:C63,3,0) -> 128465 | T31: =VLOOKUP(A31,[1]Лист9!A30:D61,3,0) -> 122180 | U31: =VLOOKUP(A31,[1]Лист11!B19:D51,3,0) -> 320235 | AA31: =SUM(O31:Z31) -> 962245 | AB31: =VLOOKUP(A31,[1]Лист4!A25:D57,4,0) -> 11067.97 | AC31: =VLOOKUP(A31,[1]Лист5!A30:D61,4,0) -> 8049.73 | AD31: =VLOOKUP(A31,[1]Лист6!A30:D61,4,0) -> 9290.35 | AE31: =VLOOKUP(A31,[1]Лист7!A30:D61,4,0) -> 8257.6 | AF31: =VLOOKUP(A31,[1]Лист8!A30:D63,4,0) -> 12119.23 | AG31: =VLOOKUP(A31,[1]Лист9!A30:D61,4,0) -> 11820.26 | AH31: =VLOOKUP(A31,[1]Лист11!B19:E51,4,0) -> 32161.94 | AN31: =SUM(AB31:AM31) -> 92767.08 | AO31: =VLOOKUP(A31,[1]Лист4!A25:E57,5,0) -> 106737.76 | AP31: =VLOOKUP(A31,[1]Лист5!A30:E61,5,0) -> 125077.02 | AQ31: =VLOOKUP(A31,[1]Лист6!A30:E61,5,0) -> 140839.96 | AR31: =VLOOKUP(A31,[1]Лист7!A30:E61,5,0) -> 133704.89 | AS31: =VLOOKUP(A31,[1]Лист8!A30:E63,5,0) -> 110746.66 | AT31: =VLOOKUP(A31,[1]Лист9!A30:E61,5,0) -> 148507.01 | AU31: =VLOOKUP(A31,[1]Лист11!B19:F51,5,0) -> 271658.73 | BA31: =AT31 -> 148507.01 | BN31: =SUM(BB31:BM31) -> 0 | BR31: =[1]Лист10!C3 -> 5455.62 | BS31: =[1]Лист10!D3 -> 3077.4372 | BT31: =[1]Лист10!E3 -> 5049.63 | CA31: =SUM(BO31:BZ31) -> 13582.687 | CN31: =SUM(CB31:CM31) -> 0 | DA31: =SUM(CO31:CZ31) -> 0 | DB31: =BN31+CA31+CN31+DA31 -> 13582.687 | DD31: =(P31-AC31)/(AO31+AP31)/2*12 -> 2.0337427 | DE31: =(Q31-AD31)/(AP31+AQ31)/2*12 -> 2.0605976 | DF31: =(R31-AE31)/(AQ31+AR31)/2*12 -> 1.7076423 | DG31: =(S31-AF31)/(AR31+AS31)/2*12 -> 2.8556768 | DH31: =(T31-AG31)/(AS31+AT31)/2*12 -> 2.5540948 | DI31: =(U31-AH31)/(AT31+AU31)/2*12 -> 4.1137061 | DP31: =VLOOKUP(A31,[1]Лист3!A15:B46,2,0) -> 39427 | DQ31: =VLOOKUP(A31,[1]Лист3!A15:C46,3,0) -> 0 | DR31: =VLOOKUP(A31,[1]Лист3!A15:D46,4,0) -> 147465 | DS31: =VLOOKUP(A31,[1]Лист3!A15:E46,5,0) -> 181854 | DT31: =VLOOKUP(A31,[1]Лист3!A15:F46,6,0) -> 114891 | DU31: =VLOOKUP(A31,[1]Лист3!A15:G46,7,0) -> 168321 | DV31: =[1]Лист13!F15 -> 185843 | EB31: =SUM(DP31:EA31) -> 837801 | EC31: =B31/$B$39 -> 0.0075956293 | ED31: =C31/$C$39 -> 0.0063942988 | EE31: =D31/$D$39 -> 0.0072320971 | EF31: =E31/$E$39 -> 0.0068678237 | EG31: =F31/$F$39 -> 0.01009735 | EH31: =G31/$G$39 -> 0.012299991 | EI31: =H31/$H$39 -> 0.032647705 | EO31: =N31/$N$39 -> 0.01091564 | EP31: =AB31/$AB$39 -> 0.01229792 | EQ31: =AC31/$AC$39 -> 0.010021185 | ER31: =AD31/$AD$39 -> 0.011358526 | ES31: =AE31/$AE$39 -> 0.012487986 | ET31: =AF31/$AF$39 -> 0.019956372 | EU31: =AG31/$AG$39 -> 0.020168002 | EV31: =AH31/$AH$39 -> 0.055959928 | FB31: =AA31/$AA$39 -> 0.011378081 | FC31: =DP31/$DP$39 -> 0.0048148548 | FD31: =DQ31/$DQ$39 -> 0 | FE31: =DR31/$DR$39 -> 0.011568181 | FF31: =DS31/$DS$39 -> 0.014191243 | FG31: =DT31/$DT$39 -> 0.013298931 | FH31: =DU31/$DU$39 -> 0.016623614 | FI31: =DV31/$DV$39 -> 0.027495314 | FO31: =EB31/$EB$39 -> 0.011835062
A32: Партнер Актау Компани ТОО | B32: =VLOOKUP(A32,[1]Лист4!A14:B60,2,0) -> 636141.49 | C32: =VLOOKUP(A32,[1]Лист5!A32:B63,2,0) -> 367743.87 | D32: =VLOOKUP(A32,[1]Лист6!A32:B63,2,0) -> 377771.46 | E32: =VLOOKUP(A32,[1]Лист7!A32:B63,2,0) -> 380111.1 | F32: =VLOOKUP(A32,[1]Лист8!A32:B65,2,0) -> 434969.42 | G32: =VLOOKUP(A32,[1]Лист9!A32:B63,2,0) -> 387558.07 | H32: =VLOOKUP(A32,[1]Лист11!B20:C52,2,0) -> 196982.02 | N32: =SUM(B32:M32) -> 2781277.4 | O32: =VLOOKUP(A32,[1]Лист4!A27:C59,3,0) -> 704827 | P32: =VLOOKUP(A32,[1]Лист5!A32:C63,3,0) -> 407395 | Q32: =VLOOKUP(A32,[1]Лист6!A32:C63,3,0) -> 418165 | R32: =VLOOKUP(A32,[1]Лист7!A32:C63,3,0) -> 419715 | S32: =VLOOKUP(A32,[1]Лист8!A32:C65,3,0) -> 481455 | T32: =VLOOKUP(A32,[1]Лист9!A32:D63,3,0) -> 429645 | U32: =VLOOKUP(A32,[1]Лист11!B20:D52,3,0) -> 216236 | AA32: =SUM(O32:Z32) -> 3077438 | AB32: =VLOOKUP(A32,[1]Лист4!A27:D59,4,0) -> 68685.51 | AC32: =VLOOKUP(A32,[1]Лист5!A32:D63,4,0) -> 39651.13 | AD32: =VLOOKUP(A32,[1]Лист6!A32:D63,4,0) -> 40393.54 | AE32: =VLOOKUP(A32,[1]Лист7!A32:D63,4,0) -> 39603.9 | AF32: =VLOOKUP(A32,[1]Лист8!A32:D65,4,0) -> 46485.58 | AG32: =VLOOKUP(A32,[1]Лист9!A32:D63,4,0) -> 42086.93 | AH32: =VLOOKUP(A32,[1]Лист11!B20:E52,4,0) -> 19253.98 | AN32: =SUM(AB32:AM32) -> 296160.57 | AO32: =VLOOKUP(A32,[1]Лист4!A27:E59,5,0) -> 461538.04 | AP32: =VLOOKUP(A32,[1]Лист5!A32:E63,5,0) -> 342517.81 | AQ32: =VLOOKUP(A32,[1]Лист6!A32:E63,5,0) -> 367835.85 | AR32: =VLOOKUP(A32,[1]Лист7!A32:E63,5,0) -> 327553.08 | AS32: =VLOOKUP(A32,[1]Лист8!A32:E65,5,0) -> 274457.48 | AT32: =VLOOKUP(A32,[1]Лист9!A32:E63,5,0) -> 471910.44 | AU32: =VLOOKUP(A32,[1]Лист11!B20:F52,5,0) -> 204905.31 | BA32: =AT32 -> 471910.44 | BN32: =SUM(BB32:BM32) -> 0 | CA32: =SUM(BO32:BZ32) -> 0 | CN32: =SUM(CB32:CM32) -> 0 | DA32: =SUM(CO32:CZ32) -> 0 | DB32: =BN32+CA32+CN32+DA32 -> 0 | DD32: =(P32-AC32)/(AO32+AP32)/2*12 -> 2.7441666 | DE32: =(Q32-AD32)/(AP32+AQ32)/2*12 -> 3.1908455 | DF32: =(R32-AE32)/(AQ32+AR32)/2*12 -> 3.2796993 | DG32: =(S32-AF32)/(AR32+AS32)/2*12 -> 4.3351673 | DH32: =(T32-AG32)/(AS32+AT32)/2*12 -> 3.1155525 | DI32: =(U32-AH32)/(AT32+AU32)/2*12 -> 1.7462539 | DP32: =VLOOKUP(A32,[1]Лист3!A16:B47,2,0) -> 170004 | DQ32: =VLOOKUP(A32,[1]Лист3!A16:C47,3,0) -> 0 | DR32: =VLOOKUP(A32,[1]Лист3!A16:D47,4,0) -> 274908 | DS32: =VLOOKUP(A32,[1]Лист3!A16:E47,5,0) -> 185724 | DT32: =VLOOKUP(A32,[1]Лист3!A16:F47,6,0) -> 318836 | DU32: =VLOOKUP(A32,[1]Лист3!A16:G47,7,0) -> 181555 | DV32: =[1]Лист13!F10 -> 332088 | EB32: =SUM(DP32:EA32) -> 1463115 | EC32: =B32/$B$39 -> 0.045300984 | ED32: =C32/$C$39 -> 0.029926263 | EE32: =D32/$D$39 -> 0.029916127 | EF32: =E32/$E$39 -> 0.033409558 | EG32: =F32/$F$39 -> 0.037749875 | EH32: =G32/$G$39 -> 0.043194744 | EI32: =H32/$H$39 -> 0.022324236 | EO32: =N32/$N$39 -> 0.034916842 | EP32: =AB32/$AB$39 -> 0.076318323 | EQ32: =AC32/$AC$39 -> 0.049362067 | ER32: =AD32/$AD$39 -> 0.049385768 | ES32: =AE32/$AE$39 -> 0.059893062 | ET32: =AF32/$AF$39 -> 0.076546408 | EU32: =AG32/$AG$39 -> 0.071809695 | EV32: =AH32/$AH$39 -> 0.033500819 | FB32: =AA32/$AA$39 -> 0.036389213 | FC32: =DP32/$DP$39 -> 0.020761016 | FD32: =DQ32/$DQ$39 -> 0 | FE32: =DR32/$DR$39 -> 0.021565697 | FF32: =DS32/$DS$39 -> 0.014493244 | FG32: =DT32/$DT$39 -> 0.036906093 | FH32: =DU32/$DU$39 -> 0.017930622 | FI32: =DV32/$DV$39 -> 0.049132138 | FO32: =EB32/$EB$39 -> 0.02066846
A33: Сат-Сентрал Азия Трейдинг ТОО | B33: =VLOOKUP(A33,[1]Лист4!A16:B63,2,0) -> 6852539.9 | C33: =VLOOKUP(A33,[1]Лист5!A35:B66,2,0) -> 5923638.3 | D33: =VLOOKUP(A33,[1]Лист6!A35:B66,2,0) -> 6306110.4 | E33: =VLOOKUP(A33,[1]Лист7!A35:B66,2,0) -> 5818655.8 | F33: =VLOOKUP(A33,[1]Лист8!A35:B68,2,0) -> 5196373.4 | G33: =VLOOKUP(A33,[1]Лист9!A35:B66,2,0) -> 3866452.7 | H33: =VLOOKUP(A33,[1]Лист11!B21:C53,2,0) -> 3882752.4 | N33: =SUM(B33:M33) -> 37846523 | O33: =VLOOKUP(A33,[1]Лист4!A30:C62,3,0) -> 7253561.8 | P33: =VLOOKUP(A33,[1]Лист5!A35:C66,3,0) -> 6265097 | Q33: =VLOOKUP(A33,[1]Лист6!A35:C66,3,0) -> 6609141.8 | R33: =VLOOKUP(A33,[1]Лист7!A35:C66,3,0) -> 6018198.8 | S33: =VLOOKUP(A33,[1]Лист8!A35:C68,3,0) -> 5350412.8 | T33: =VLOOKUP(A33,[1]Лист9!A35:D66,3,0) -> 4029597.8 | U33: =VLOOKUP(A33,[1]Лист11!B21:D53,3,0) -> 4001209.8 | AA33: =SUM(O33:Z33) -> 39527220 | AB33: =VLOOKUP(A33,[1]Лист4!A30:D62,4,0) -> 401021.82 | AC33: =VLOOKUP(A33,[1]Лист5!A35:D66,4,0) -> 341458.67 | AD33: =VLOOKUP(A33,[1]Лист6!A35:D66,4,0) -> 303031.34 | AE33: =VLOOKUP(A33,[1]Лист7!A35:D66,4,0) -> 199542.93 | AF33: =VLOOKUP(A33,[1]Лист8!A35:D68,4,0) -> 154039.34 | AG33: =VLOOKUP(A33,[1]Лист9!A35:D66,4,0) -> 163145.03 | AH33: =VLOOKUP(A33,[1]Лист11!B21:E53,4,0) -> 118457.36 | AN33: =SUM(AB33:AM33) -> 1680696.5 | AO33: =VLOOKUP(A33,[1]Лист4!A30:E62,5,0) -> 7772536 | AP33: =VLOOKUP(A33,[1]Лист5!A35:E66,5,0) -> 7922978.7 | AQ33: =VLOOKUP(A33,[1]Лист6!A35:E66,5,0) -> 7645187.9 | AR33: =VLOOKUP(A33,[1]Лист7!A35:E66,5,0) -> 6592329.3 | AS33: =VLOOKUP(A33,[1]Лист8!A35:E68,5,0) -> 6267611.4 | AT33: =VLOOKUP(A33,[1]Лист9!A35:E66,5,0) -> 5673080.5 | AU33: =VLOOKUP(A33,[1]Лист11!B21:F53,5,0) -> 6438191 | BA33: =AT33 -> 5673080.5 | BE33: =[1]Лист1!J3+[1]Лист2!I2 -> 217377.66 | BF33: =[1]Лист1!R3+[1]Лист2!O2 -> 222510.87 | BG33: =[1]Лист1!AA3+[1]Лист2!U2 -> 146559.73 | BH33: ='[1]Компенсация промо'!AJ3 -> 170129.8 | BN33: =SUM(BB33:BM33) -> 756578.05 | BR33: =[1]Лист10!C2 -> 256293.53 | BS33: =[1]Лист10!D2 -> 208819.72 | BT33: =[1]Лист10!E2 -> 162106.72 | BU33: =[1]РБ!F2 -> 225814.39 | CA33: =SUM(BO33:BZ33) -> 853034.36 | CE33: =[1]СВД!I5 -> 80750.1 | CF33: =[1]СВД!O5 -> 59883.01 | CG33: =[1]СВД!P5 -> 30678.383 | CH33: =[1]СВД!U5 -> 25638.74 | CN33: =SUM(CB33:CM33) -> 196950.23 | CR33: 69227.25 | CS33: 74211.5 | CT33: 46809.25 | CU33: 41070 | DA33: =SUM(CO33:CZ33) -> 231318 | DB33: =BN33+CA33+CN33+DA33 -> 2037880.6 | DD33: =(P33-AC33)/(AO33+AP33)/2*12 -> 2.2644578 | DE33: =(Q33-AD33)/(AP33+AQ33)/2*12 -> 2.4303865 | DF33: =(R33-AE33)/(AQ33+AR33)/2*12 -> 2.4521083 | DG33: =(S33-AF33)/(AR33+AS33)/2*12 -> 2.4244467 | DH33: =(T33-AG33)/(AS33+AT33)/2*12 -> 1.9428285 | DI33: =(U33-AH33)/(AT33+AU33)/2*12 -> 1.9235399 | DP33: =VLOOKUP(A33,[1]Лист3!A17:B48,2,0) -> 3833135.5 | DQ33: =VLOOKUP(A33,[1]Лист3!A17:C48,3,0) -> 6098504 | DR33: =VLOOKUP(A33,[1]Лист3!A17:D48,4,0) -> 6280671.5 | DS33: =VLOOKUP(A33,[1]Лист3!A17:E48,5,0) -> 4803601.6 | DT33: =VLOOKUP(A33,[1]Лист3!A17:F48,6,0) -> 4852537.6 | DU33: =VLOOKUP(A33,[1]Лист3!A17:G48,7,0) -> 3294127.9 | DV33: 4681708.9 | EB33: =SUM(DP33:EA33) -> 33844287 | EC33: =B33/$B$39 -> 0.4879839 | ED33: =C33/$C$39 -> 0.48205388 | EE33: =D33/$D$39 -> 0.49938765 | EF33: =E33/$E$39 -> 0.51142605 | EG33: =F33/$F$39 -> 0.45097986 | EH33: =G33/$G$39 -> 0.4309301 | EI33: =H33/$H$39 -> 0.44003752 | EO33: =N33/$N$39 -> 0.47513458 | EP33: =AB33/$AB$39 -> 0.44558616 | EQ33: =AC33/$AC$39 -> 0.42508513 | ER33: =AD33/$AD$39 -> 0.37049081 | ES33: =AE33/$AE$39 -> 0.3017692 | ET33: =AF33/$AF$39 -> 0.25365195 | EU33: =AG33/$AG$39 -> 0.27836183 | EV33: =AH33/$AH$39 -> 0.206109 | FB33: =AA33/$AA$39 -> 0.46739022 | FC33: =DP33/$DP$39 -> 0.46810539 | FD33: =DQ33/$DQ$39 -> 0.52958961 | FE33: =DR33/$DR$39 -> 0.49269959 | FF33: =DS33/$DS$39 -> 0.37485607 | FG33: =DT33/$DT$39 -> 0.56169379 | FH33: =DU33/$DU$39 -> 0.3253326 | FI33: =DV33/$DV$39 -> 0.69265487 | FO33: =EB33/$EB$39 -> 0.47809591
A34: Табыс ТОО | B34: =VLOOKUP(A34,[1]Лист4!A17:B64,2,0) -> 8237.72 | C34: =VLOOKUP(A34,[1]Лист5!A36:B67,2,0) -> 5493.3 | D34: =VLOOKUP(A34,[1]Лист6!A36:B67,2,0) -> 7896.16 | E34: =VLOOKUP(A34,[1]Лист7!A36:B67,2,0) -> 4754.99 | F34: =VLOOKUP(A34,[1]Лист8!A36:B69,2,0) -> 7097 | G34: =VLOOKUP(A34,[1]Лист9!A36:B67,2,0) -> 4730 | H34: =[1]Лист12!C6 -> 1740 | N34: =SUM(B34:M34) -> 39949.17 | O34: =VLOOKUP(A34,[1]Лист4!A31:C63,3,0) -> 9090 | P34: =VLOOKUP(A34,[1]Лист5!A36:C67,3,0) -> 6040 | Q34: =VLOOKUP(A34,[1]Лист6!A36:C67,3,0) -> 8705 | R34: =VLOOKUP(A34,[1]Лист7!A36:C67,3,0) -> 5235 | S34: =VLOOKUP(A34,[1]Лист8!A36:C69,3,0) -> 7910 | T34: =VLOOKUP(A34,[1]Лист9!A36:D67,3,0) -> 5240 | U34: =[1]Лист12!D6 -> 1895 | AA34: =SUM(O34:Z34) -> 44115 | AB34: =VLOOKUP(A34,[1]Лист4!A31:D63,4,0) -> 852.28 | AC34: =VLOOKUP(A34,[1]Лист5!A36:D67,4,0) -> 546.7 | AD34: =VLOOKUP(A34,[1]Лист6!A36:D67,4,0) -> 808.84 | AE34: =VLOOKUP(A34,[1]Лист7!A36:D67,4,0) -> 480.01 | AF34: =VLOOKUP(A34,[1]Лист8!A36:D69,4,0) -> 813 | AG34: =VLOOKUP(A34,[1]Лист9!A36:D67,4,0) -> 510 | AH34: =[1]Лист12!E6 -> 155 | AN34: =SUM(AB34:AM34) -> 4165.83 | AO34: =VLOOKUP(A34,[1]Лист4!A31:E63,5,0) -> 4520.7 | AP34: =VLOOKUP(A34,[1]Лист5!A36:E67,5,0) -> 6782.16 | AQ34: =VLOOKUP(A34,[1]Лист6!A36:E67,5,0) -> 10912.97 | AR34: =VLOOKUP(A34,[1]Лист7!A36:E67,5,0) -> 4886 | AS34: =VLOOKUP(A34,[1]Лист8!A36:E69,5,0) -> 2494 | AT34: =VLOOKUP(A34,[1]Лист9!A36:E67,5,0) -> 4505 | AU34: =[1]Лист12!G6 -> 2765 | BA34: =AT34 -> 4505 | BN34: =SUM(BB34:BM34) -> 0 | CA34: =SUM(BO34:BZ34) -> 0 | CN34: =SUM(CB34:CM34) -> 0 | DA34: =SUM(CO34:CZ34) -> 0 | DB34: =BN34+CA34+CN34+DA34 -> 0 | DD34: =(P34-AC34)/(AO34+AP34)/2*12 -> 2.9160584 | DE34: =(Q34-AD34)/(AP34+AQ34)/2*12 -> 2.6774011 | DF34: =(R34-AE34)/(AQ34+AR34)/2*12 -> 1.8058101 | DG34: =(S34-AF34)/(AR34+AS34)/2*12 -> 5.7699187 | DH34: =(T34-AG34)/(AS34+AT34)/2*12 -> 4.054865 | DI34: =(U34-AH34)/(AT34+AU34)/2*12 -> 1.4360385 | DP34: =VLOOKUP(A34,[1]Лист3!A18:B49,2,0) -> 0 | DQ34: =VLOOKUP(A34,[1]Лист3!A18:C49,3,0) -> 0 | DR34: =VLOOKUP(A34,[1]Лист3!A18:D49,4,0) -> 0 | DS34: =VLOOKUP(A34,[1]Лист3!A18:E49,5,0) -> 0 | DT34: =VLOOKUP(A34,[1]Лист3!A18:F49,6,0) -> 0 | DU34: =VLOOKUP(A34,[1]Лист3!A18:G49,7,0) -> 303133 | DV34: 0 | EB34: =SUM(DP34:EA34) -> 303133 | EC34: =B34/$B$39 -> 0.00058662551 | ED34: =C34/$C$39 -> 0.0004470338 | EE34: =D34/$D$39 -> 0.00062530539 | EF34: =E34/$E$39 -> 0.00041793601 | EG34: =F34/$F$39 -> 0.00061593035 | EH34: =G34/$G$39 -> 0.00052717555 | EI34: =H34/$H$39 -> 0.00019719653 | EO34: =N34/$N$39 -> 0.00050153173 | EP34: =AB34/$AB$39 -> 0.0009469913 | EQ34: =AC34/$AC$39 -> 0.000680592 | ER34: =AD34/$AD$39 -> 0.00098890031 | ES34: =AE34/$AE$39 -> 0.00072592015 | ET34: =AF34/$AF$39 -> 0.0013387427 | EU34: =AG34/$AG$39 -> 0.00087017382 | EV34: =AH34/$AH$39 -> 0.0002696911 | FB34: =AA34/$AA$39 -> 0.0005216385 | FC34: =DP34/$DP$39 -> 0 | FD34: =DQ34/$DQ$39 -> 0 | FE34: =DR34/$DR$39 -> 0 | FF34: =DS34/$DS$39 -> 0 | FG34: =DT34/$DT$39 -> 0 | FH34: =DU34/$DU$39 -> 0.029937832 | FI34: =DV34/$DV$39 -> 0 | FO34: =EB34/$EB$39 -> 0.0042821599
A35: Токката ТОО | B35: =VLOOKUP(A35,[1]Лист4!A18:B65,2,0) -> 13271.06 | C35: =[1]Лист5!B37 -> 13599.88 | D35: =VLOOKUP(A35,[1]Лист6!A37:B68,2,0) -> 10892.58 | E35: =VLOOKUP(A35,[1]Лист7!A37:B68,2,0) -> 2859.86 | F35: =VLOOKUP(A35,[1]Лист8!A37:B70,2,0) -> 1934.09 | G35: =VLOOKUP(A35,[1]Лист9!A37:B68,2,0) -> 3119.48 | H35: =VLOOKUP(A35,[1]Лист11!B23:C55,2,0) -> 1247.8 | N35: =SUM(B35:M35) -> 46924.75 | O35: =VLOOKUP(A35,[1]Лист4!A32:C64,3,0) -> 17560 | P35: =VLOOKUP(A35,[1]Лист5!A37:C68,3,0) -> 16925 | Q35: =VLOOKUP(A35,[1]Лист6!A37:C68,3,0) -> 13160 | R35: =VLOOKUP(A35,[1]Лист7!A37:C68,3,0) -> 4035 | S35: =VLOOKUP(A35,[1]Лист8!A37:C70,3,0) -> 2945 | T35: =VLOOKUP(A35,[1]Лист9!A37:D68,3,0) -> 4750 | U35: =VLOOKUP(A35,[1]Лист11!B23:D55,3,0) -> 1900 | AA35: =SUM(O35:Z35) -> 61275 | AB35: =VLOOKUP(A35,[1]Лист4!A32:D64,4,0) -> 4288.94 | AC35: =VLOOKUP(A35,[1]Лист5!A37:D68,4,0) -> 3325.12 | AD35: =VLOOKUP(A35,[1]Лист6!A37:D68,4,0) -> 2267.42 | AE35: =VLOOKUP(A35,[1]Лист7!A37:D68,4,0) -> 1175.14 | AF35: =VLOOKUP(A35,[1]Лист8!A37:D70,4,0) -> 1010.91 | AG35: =VLOOKUP(A35,[1]Лист9!A37:D68,4,0) -> 1630.52 | AH35: =VLOOKUP(A35,[1]Лист11!B23:E55,4,0) -> 652.2 | AN35: =SUM(AB35:AM35) -> 14350.25 | AO35: =VLOOKUP(A35,[1]Лист4!A32:E64,5,0) -> 34964.24 | AP35: =VLOOKUP(A35,[1]Лист5!A37:E68,5,0) -> 20118.38 | AQ35: =VLOOKUP(A35,[1]Лист6!A37:E68,5,0) -> 6655.8 | AR35: =VLOOKUP(A35,[1]Лист7!A37:E68,5,0) -> 7877.59 | AS35: =VLOOKUP(A35,[1]Лист8!A37:E70,5,0) -> 5497.63 | AT35: =VLOOKUP(A35,[1]Лист9!A37:E68,5,0) -> 2404.78 | AU35: =VLOOKUP(A35,[1]Лист11!B23:F55,5,0) -> 1157 | BA35: =AT35 -> 2404.78 | BN35: =SUM(BB35:BM35) -> 0 | CA35: =SUM(BO35:BZ35) -> 0 | CN35: =SUM(CB35:CM35) -> 0 | DA35: =SUM(CO35:CZ35) -> 0 | DB35: =BN35+CA35+CN35+DA35 -> 0 | DD35: =(P35-AC35)/(AO35+AP35)/2*12 -> 1.4813979 | DE35: =(Q35-AD35)/(AP35+AQ35)/2*12 -> 2.440989 | DF35: =(R35-AE35)/(AQ35+AR35)/2*12 -> 1.1806715 | DG35: =(S35-AF35)/(AR35+AS35)/2*12 -> 0.86761489 | DH35: =(T35-AG35)/(AS35+AT35)/2*12 -> 2.3685028 | DI35: =(U35-AH35)/(AT35+AU35)/2*12 -> 2.1019827 | DP35: =VLOOKUP(A35,[1]Лист3!A19:B50,2,0) -> 137387 | DQ35: =VLOOKUP(A35,[1]Лист3!A19:C50,3,0) -> 0 | DR35: =VLOOKUP(A35,[1]Лист3!A19:D50,4,0) -> 0 | DS35: =VLOOKUP(A35,[1]Лист3!A19:E50,5,0) -> 26680 | DT35: =VLOOKUP(A35,[1]Лист3!A19:F50,6,0) -> 0 | DU35: =VLOOKUP(A35,[1]Лист3!A19:G50,7,0) -> 0 | DV35: 0 | EB35: =SUM(DP35:EA35) -> 164067 | EC35: =B35/$B$39 -> 0.00094506032 | ED35: =C35/$C$39 -> 0.0011067311 | EE35: =D35/$D$39 -> 0.0008625951 | EF35: =E35/$E$39 -> 0.00025136509 | EG35: =F35/$F$39 -> 0.00016785469 | EH35: =G35/$G$39 -> 0.00034767729 | EI35: =H35/$H$39 -> 0.00014141484 | EO35: =N35/$N$39 -> 0.00058910488 | EP35: =AB35/$AB$39 -> 0.0047655569 | EQ35: =AC35/$AC$39 -> 0.0041394733 | ER35: =AD35/$AD$39 -> 0.0027721828 | ES35: =AE35/$AE$39 -> 0.0017771667 | ET35: =AF35/$AF$39 -> 0.0016646351 | EU35: =AG35/$AG$39 -> 0.002782031 | EV35: =AH35/$AH$39 -> 0.0011347905 | FB35: =AA35/$AA$39 -> 0.00072454718 | FC35: =DP35/$DP$39 -> 0.016777804 | FD35: =DQ35/$DQ$39 -> 0 | FE35: =DR35/$DR$39 -> 0 | FF35: =DS35/$DS$39 -> 0.0020820128 | FG35: =DT35/$DT$39 -> 0 | FH35: =DU35/$DU$39 -> 0 | FI35: =DV35/$DV$39 -> 0 | FO35: =EB35/$EB$39 -> 0.0023176662
A36: Хорека Фуд ТОО | B36: =[1]Лист4!B34 -> 15649 | C36: =VLOOKUP(A36,[1]Лист5!A38:B69,2,0) -> 9324.2 | D36: =VLOOKUP(A36,[1]Лист6!A38:B69,2,0) -> 5518.6 | E36: =VLOOKUP(A36,[1]Лист7!A38:B69,2,0) -> 3344 | F36: =VLOOKUP(A36,[1]Лист8!A38:B71,2,0) -> 126 | G36: 0 | H36: 0 | N36: =SUM(B36:M36) -> 33961.8 | O36: =VLOOKUP(A36,[1]Лист4!A33:C65,3,0) -> 8650 | P36: =VLOOKUP(A36,[1]Лист5!A38:C69,3,0) -> 10160 | Q36: =VLOOKUP(A36,[1]Лист6!A38:C69,3,0) -> 5990 | R36: =VLOOKUP(A36,[1]Лист7!A38:C69,3,0) -> 3685 | S36: =VLOOKUP(A36,[1]Лист8!A38:C71,3,0) -> 135 | T36: 0 | U36: 0 | AA36: =SUM(O36:Z36) -> 28620 | AB36: =VLOOKUP(A36,[1]Лист4!A33:D65,4,0) -> 790 | AC36: =VLOOKUP(A36,[1]Лист5!A38:D69,4,0) -> 835.8 | AD36: =VLOOKUP(A36,[1]Лист6!A38:D69,4,0) -> 471.4 | AE36: =VLOOKUP(A36,[1]Лист7!A38:D69,4,0) -> 341 | AF36: =VLOOKUP(A36,[1]Лист8!A38:D71,4,0) -> 9 | AG36: 0 | AH36: 0 | AN36: =SUM(AB36:AM36) -> 2447.2 | AO36: =VLOOKUP(A36,[1]Лист4!A33:E65,5,0) -> 8784 | AP36: =VLOOKUP(A36,[1]Лист5!A38:E69,5,0) -> 12957.4 | AQ36: =VLOOKUP(A36,[1]Лист6!A38:E69,5,0) -> 8446.8 | AR36: =VLOOKUP(A36,[1]Лист7!A38:E69,5,0) -> 1549.8 | AS36: =VLOOKUP(A36,[1]Лист8!A38:E71,5,0) -> 0 | AT36: 0 | AU36: 0 | BA36: =AT36 -> 0 | BN36: =SUM(BB36:BM36) -> 0 | CA36: =SUM(BO36:BZ36) -> 0 | CN36: =SUM(CB36:CM36) -> 0 | DA36: =SUM(CO36:CZ36) -> 0 | DB36: =BN36+CA36+CN36+DA36 -> 0 | DD36: =(P36-AC36)/(AO36+AP36)/2*12 -> 2.5732106 | DE36: =(Q36-AD36)/(AP36+AQ36)/2*12 -> 1.5469674 | DF36: =(R36-AE36)/(AQ36+AR36)/2*12 -> 2.0070824 | DG36: =(S36-AF36)/(AR36+AS36)/2*12 -> 0.48780488 | DH36: 0 | DI36: 0 | DP36: =VLOOKUP(A36,[1]Лист3!A20:B51,2,0) -> 96428 | DQ36: =VLOOKUP(A36,[1]Лист3!A20:C51,3,0) -> 129155 | DR36: =VLOOKUP(A36,[1]Лист3!A20:D51,4,0) -> 65987 | DS36: =VLOOKUP(A36,[1]Лист3!A20:E51,5,0) -> 0 | DT36: =VLOOKUP(A36,[1]Лист3!A20:F51,6,0) -> 0 | DU36: =VLOOKUP(A36,[1]Лист3!A20:G51,7,0) -> 0 | DV36: 0 | EB36: =SUM(DP36:EA36) -> 291570 | EC36: =B36/$B$39 -> 0.0011143985 | ED36: =C36/$C$39 -> 0.00075878481 | EE36: =D36/$D$39 -> 0.00043702386 | EF36: =E36/$E$39 -> 0.00029391818 | EG36: =F36/$F$39 -> 1.0935215e-05 | EH36: =G36/$G$39 -> 0 | EI36: =H36/$H$39 -> 0 | EO36: =N36/$N$39 -> 0.00042636481 | EP36: =AB36/$AB$39 -> 0.00087779031 | EQ36: =AC36/$AC$39 -> 0.0010404953 | ER36: =AD36/$AD$39 -> 0.00057634094 | ES36: =AE36/$AE$39 -> 0.00051569503 | ET36: =AF36/$AF$39 -> 1.482003e-05 | EU36: =AG36/$AG$39 -> 0 | EV36: =AH36/$AH$39 -> 0 | FB36: =AA36/$AA$39 -> 0.00033841763 | FC36: =DP36/$DP$39 -> 0.01177586 | FD36: =DQ36/$DQ$39 -> 0.011215725 | FE36: =DR36/$DR$39 -> 0.0051764796 | FF36: =DS36/$DS$39 -> 0 | FG36: =DT36/$DT$39 -> 0 | FH36: =DU36/$DU$39 -> 0 | FI36: =DV36/$DV$39 -> 0 | FO36: =EB36/$EB$39 -> 0.004118817
A37: Хумана Казахстан ТОО | B37: =VLOOKUP(A37,[1]Лист4!A20:B67,2,0) -> 1835 | C37: =VLOOKUP(A37,[1]Лист5!A39:B70,2,0) -> 767.94 | D37: =VLOOKUP(A37,[1]Лист6!A39:B70,2,0) -> 3925 | E37: =VLOOKUP(A37,[1]Лист7!A39:B70,2,0) -> 230 | F37: =VLOOKUP(A37,[1]Лист8!A39:B72,2,0) -> 392.94 | G37: =VLOOKUP(A37,[1]Лист9!A39:B70,2,0) -> 0 | H37: =VLOOKUP(A37,[1]Лист11!B25:C57,2,0) -> 1792.94 | N37: =SUM(B37:M37) -> 8943.82 | O37: =VLOOKUP(A37,[1]Лист4!A34:C66,3,0) -> 3465 | P37: =VLOOKUP(A37,[1]Лист5!A39:C70,3,0) -> 860 | Q37: =VLOOKUP(A37,[1]Лист6!A39:C70,3,0) -> 4230 | R37: =VLOOKUP(A37,[1]Лист7!A39:C70,3,0) -> 250 | S37: =VLOOKUP(A37,[1]Лист8!A39:C72,3,0) -> 450 | T37: =VLOOKUP(A37,[1]Лист9!A39:D70,3,0) -> 0 | U37: =VLOOKUP(A37,[1]Лист11!B25:D57,3,0) -> 1950 | AA37: =SUM(O37:Z37) -> 11205 | AB37: =VLOOKUP(A37,[1]Лист4!A34:D66,4,0) -> 1630 | AC37: =VLOOKUP(A37,[1]Лист5!A39:D70,4,0) -> 92.06 | AD37: =VLOOKUP(A37,[1]Лист6!A39:D70,4,0) -> 305 | AE37: =VLOOKUP(A37,[1]Лист7!A39:D70,4,0) -> 20 | AF37: =VLOOKUP(A37,[1]Лист8!A39:D72,4,0) -> 57.06 | AG37: =VLOOKUP(A37,[1]Лист9!A39:D70,4,0) -> 0 | AH37: =VLOOKUP(A37,[1]Лист11!B25:E57,4,0) -> 157.06 | AN37: =SUM(AB37:AM37) -> 2261.18 | AO37: =VLOOKUP(A37,[1]Лист4!A34:E66,5,0) -> 14243.82 | AP37: =VLOOKUP(A37,[1]Лист5!A39:E70,5,0) -> 12875.88 | AQ37: =VLOOKUP(A37,[1]Лист6!A39:E70,5,0) -> 8950.88 | AR37: =VLOOKUP(A37,[1]Лист7!A39:E70,5,0) -> 7650.88 | AS37: =VLOOKUP(A37,[1]Лист8!A39:E72,5,0) -> 7257.94 | AT37: =VLOOKUP(A37,[1]Лист9!A39:E70,5,0) -> 7257.94 | AU37: =VLOOKUP(A37,[1]Лист11!B25:F57,5,0) -> 5465 | BA37: =AT37 -> 7257.94 | BN37: =SUM(BB37:BM37) -> 0 | CA37: =SUM(BO37:BZ37) -> 0 | CN37: =SUM(CB37:CM37) -> 0 | DA37: =SUM(CO37:CZ37) -> 0 | DB37: =BN37+CA37+CN37+DA37 -> 0 | DD37: =(P37-AC37)/(AO37+AP37)/2*12 -> 0.16990011 | DE37: =(Q37-AD37)/(AP37+AQ37)/2*12 -> 1.0789508 | DF37: =(R37-AE37)/(AQ37+AR37)/2*12 -> 0.083123717 | DG37: =(S37-AF37)/(AR37+AS37)/2*12 -> 0.15813726 | DH37: =(T37-AG37)/(AS37+AT37)/2*12 -> 0 | DI37: =(U37-AH37)/(AT37+AU37)/2*12 -> 0.84553099 | DP37: 0 | DQ37: 0 | DR37: 0 | DS37: 0 | DT37: 0 | DU37: 0 | DV37: 0 | EB37: =SUM(DP37:EA37) -> 0 | EC37: =B37/$B$39 -> 0.00013067424 | ED37: =C37/$C$39 -> 6.2493426e-05 | EE37: =D37/$D$39 -> 0.00031082496 | EF37: =E37/$E$39 -> 2.0215664e-05 | EG37: =F37/$F$39 -> 3.410225e-05 | EH37: =G37/$G$39 -> 0 | EI37: =H37/$H$39 -> 0.00020319629 | EO37: =N37/$N$39 -> 0.00011228292 | EP37: =AB37/$AB$39 -> 0.001811137 | EQ37: =AC37/$AC$39 -> 0.00011460636 | ER37: =AD37/$AD$39 -> 0.00037289772 | ES37: =AE37/$AE$39 -> 3.0246043e-05 | ET37: =AF37/$AF$39 -> 9.3958987e-05 | EU37: =AG37/$AG$39 -> 0 | EV37: =AH37/$AH$39 -> 0.00027327538 | FB37: =AA37/$AA$39 -> 0.0001324937 | FC37: =DP37/$DP$39 -> 0 | FD37: =DQ37/$DQ$39 -> 0 | FE37: =DR37/$DR$39 -> 0 | FF37: =DS37/$DS$39 -> 0 | FG37: =DT37/$DT$39 -> 0 | FH37: =DU37/$DU$39 -> 0 | FI37: =DV37/$DV$39 -> 0 | FO37: =EB37/$EB$39 -> 0
A38: Жактас Трейд ТОО | B38: =[1]Лист17!C6 -> 422306.39 | C38: =[1]Лист18!C6 -> 209488.81 | D38: =[1]Лист19!C6 -> 288767.39 | E38: =[1]Лист20!C6 -> 262057.48 | F38: =[1]Лист24!C6 -> 294205.4 | G38: =[1]Лист22!C6 -> 258610.84 | H38: =[1]Лист23!C6 -> 317238.89 | O38: =[1]Лист17!D6 -> 468715 | P38: =[1]Лист18!D6 -> 231840 | Q38: =[1]Лист19!D6 -> 320565 | R38: =[1]Лист20!D6 -> 289460 | S38: =[1]Лист24!D6 -> 325480 | T38: =[1]Лист22!D6 -> 286110 | U38: =[1]Лист23!D6 -> 350950 | AB38: =[1]Лист17!E6 -> 46408.61 | AC38: =[1]Лист18!E6 -> 22351.19 | AD38: =[1]Лист19!E6 -> 31797.61 | AE38: =[1]Лист20!E6 -> 27402.52 | AF38: =[1]Лист24!E6 -> 31274.6 | AG38: =[1]Лист22!E6 -> 27499.16 | AH38: =[1]Лист23!E6 -> 33711.11 | AO38: =[1]Лист17!F6 -> 288444.86 | AP38: =[1]Лист18!F6 -> 278237.02 | AQ38: =[1]Лист19!G6 -> 298185.66 | AR38: =[1]Лист20!G6 -> 239251.25 | AS38: =[1]Лист24!G6 -> 204897.59 | AT38: =[1]Лист22!G6 -> 311070.12 | AU38: =[1]Лист24!G6 -> 204897.59 | DB38: =BN38+CA38+CN38+DA38 -> 0 | DD38: =(P38-AC38)/(AO38+AP38)/2*12 -> 2.2180573 | DE38: =(Q38-AD38)/(AP38+AQ38)/2*12 -> 3.0057879 | DF38: =(R38-AE38)/(AQ38+AR38)/2*12 -> 2.9256362 | DG38: =(S38-AF38)/(AR38+AS38)/2*12 -> 3.9744163 | DH38: =(T38-AG38)/(AS38+AT38)/2*12 -> 3.007291 | DI38: =(U38-AH38)/(AT38+AU38)/2*12 -> 3.6890552 | DP38: 0 | DQ38: 0 | DR38: 0 | DS38: 0 | DT38: 0 | DU38: 0 | DV38: =[1]Лист13!F17 -> 265218 | EC38: =B38/$B$39 -> 0.030073333 | ED38: =C38/$C$39 -> 0.017047782 | EE38: =D38/$D$39 -> 0.0228678 | EF38: =E38/$E$39 -> 0.023033331 | EG38: =F38/$F$39 -> 0.025533329 | EH38: =G38/$G$39 -> 0.028823111 | EI38: =H38/$H$39 -> 0.035953107 | EP38: =AB38/$AB$39 -> 0.051565858 | EQ38: =AC38/$AC$39 -> 0.027825208 | ER38: =AD38/$AD$39 -> 0.038876251 | ES38: =AE38/$AE$39 -> 0.041440889 | ET38: =AF38/$AF$39 -> 0.051498944 | EU38: =AG38/$AG$39 -> 0.046919704 | EV38: =AH38/$AH$39 -> 0.058655395 | FC38: =DP38/$DP$39 -> 0 | FD38: =DQ38/$DQ$39 -> 0 | FE38: =DR38/$DR$39 -> 0 | FF38: =DS38/$DS$39 -> 0 | FG38: =DT38/$DT$39 -> 0 | FH38: =DU38/$DU$39 -> 0 | FI38: =DV38/$DV$39 -> 0.039238778
A39: ИТОГО ПИТАНИЕ | B39: =SUM(B19:B37) -> 14042553 | C39: =SUM(C19:C37) -> 12288332 | D39: =SUM(D19:D37) -> 12627686 | E39: =SUM(E19:E37) -> 11377316 | F39: =SUM(F19:F37) -> 11522407 | G39: =SUM(G19:G37) -> 8972343.2 | H39: =SUM(H19:H37) -> 8823684.9 | N39: =SUM(B39:M39) -> 79654322 | O39: =SUM(O19:O37) -> 14934752 | P39: =SUM(P19:P37) -> 13091604 | Q39: =SUM(Q19:Q37) -> 13445604 | R39: =SUM(R19:R37) -> 12038560 | S39: =SUM(S19:S37) -> 12102693 | T39: =SUM(T19:T37) -> 9558433 | U39: =SUM(U19:U37) -> 9398416.5 | AA39: =SUM(O39:U39) -> 84570062 | AB39: =SUM(AB19:AB37) -> 899987.15 | AC39: =SUM(AC19:AC37) -> 803271.27 | AD39: =SUM(AD19:AD37) -> 817918.64 | AE39: =SUM(AE19:AE37) -> 661243.53 | AF39: =SUM(AF19:AF37) -> 607286.24 | AG39: =SUM(AG19:AG37) -> 586089.8 | AH39: =SUM(AH19:AH37) -> 574731.62 | AN39: =SUM(AN19:AN37) -> 4950528.2 | AO39: =SUM(AO19:AO37) -> 18562181 | AP39: =SUM(AP19:AP37) -> 17810176 | AQ39: =SUM(AQ19:AQ37) -> 17833433 | AR39: =SUM(AR19:AR37) -> 18881580 | AS39: =SUM(AS19:AS37) -> 16232490 | AT39: =SUM(AT19:AT37) -> 17510160 | AU39: =SUM(AU19:AU37) -> 15257303 | BA39: =SUM(BA19:BA37) -> 17510160 | BB39: =SUM(BB19:BB37) -> 0 | BC39: =SUM(BC19:BC37) -> 0 | BD39: =SUM(BD19:BD37) -> 0 | BE39: =SUM(BE19:BE37) -> 278483.86 | BF39: =SUM(BF19:BF37) -> 388359.84 | BG39: =SUM(BG19:BG37) -> 219084.56 | BH39: =SUM(BH19:BH37) -> 247442.37 | ... BM39: =SUM(BM19:BM37) -> 0 | BN39: =SUM(BB39:BM39) -> 1133370.6 | BO39: =SUM(BO19:BO37) -> 0 | BP39: =SUM(BP19:BP37) -> 0 | BQ39: =SUM(BQ19:BQ37) -> 0 | BR39: =SUM(BR19:BR37) -> 302762.85 | BS39: =SUM(BS19:BS37) -> 226708.86 | BT39: =SUM(BT19:BT37) -> 177574.2 | BU39: =SUM(BU19:BU37) -> 225814.39 | BV39: =SUM(BV19:BV37) -> 0 | ... BZ39: =SUM(BZ19:BZ37) -> 0 | CA39: =SUM(BO39:BZ39) -> 932860.3 | CB39: =SUM(CB19:CB37) -> 0 | CC39: =SUM(CC19:CC37) -> 0 | CD39: =SUM(CD19:CD37) -> 0 | CE39: =SUM(CE19:CE37) -> 80750.1 | CF39: =SUM(CF19:CF37) -> 59883.01 | CG39: =SUM(CG19:CG37) -> 30678.383 | CH39: =SUM(CH19:CH37) -> 25638.74 | CI39: =SUM(CI19:CI37) -> 0 | ... CM39: =SUM(CM19:CM37) -> 0 | CN39: =SUM(CB39:CM39) -> 196950.23 | CO39: =SUM(CO19:CO37) -> 0 | CP39: =SUM(CP19:CP37) -> 0 | CQ39: =SUM(CQ19:CQ37) -> 0 | CR39: =SUM(CR19:CR37) -> 69227.25 | CS39: =SUM(CS19:CS37) -> 74211.5 | CT39: =SUM(CT19:CT37) -> 46809.25 | CU39: =SUM(CU19:CU37) -> 41070 | CV39: =SUM(CV19:CV37) -> 0 | ... CZ39: =SUM(CZ19:CZ37) -> 0 | DA39: =SUM(CO39:CZ39) -> 231318 | DB39: =SUM(DB19:DB38) -> 2494499.2 | DP39: =SUM(DP19:DP37) -> 8188616.5 | DQ39: =SUM(DQ19:DQ37) -> 11515528 | DR39: =SUM(DR19:DR37) -> 12747467 | DS39: =SUM(DS19:DS37) -> 12814523 | DT39: =SUM(DT19:DT37) -> 8639115.6 | DU39: =SUM(DU19:DU37) -> 10125416 | DV39: =SUM(DV19:DV37) -> 6759078.9 | DW39: =SUM(DW19:DW37) -> 0 | ... EA39: =SUM(EA19:EA37) -> 0 | EB39: =SUM(DP39:EA39) -> 70789744 | EC39: 1 | ED39: 1 | EE39: 1 | EF39: 1 | EG39: 1 | EH39: 1 | EI39: 1 | EJ39: 1 | EK39: 1 | EL39: 1 | EM39: 1 | EN39: 1 | EO39: 1 | EP39: 1 | EQ39: 1 | ER39: 1 | ES39: 1 | ET39: 1 | EU39: 1 | EV39: 1 | EW39: 1 | EX39: 1 | EY39: 1 | EZ39: 1 | FA39: 1 | FB39: 1 | FC39: 1 | FD39: 1 | FE39: 1 | FF39: 1 | FG39: 1 | FH39: 1 | FI39: 1 | FJ39: 1 | FK39: 1 | FL39: 1 | FM39: 1 | FN39: 1 | FO39: 1
B40: =B39+B17 -> 37635991 | C40: =C39+C17 -> 32389155 | D40: =D39+D17 -> 33101932 | E40: =E39+E17 -> 27558815 | F40: =F39+F17 -> 29602358 | G40: =G39+G17 -> 21602468 | H40: =H39+H17 -> 20055508 | I40: =I39+I17 -> 0 | ... M40: =M39+M17 -> 0 | N40: =SUM(B40:M40) -> 2.0194623e+08 | O40: =O17+O39 -> 41326095 | P40: =P17+P39 -> 35953343 | Q40: =Q17+Q39 -> 36519195 | R40: =R17+R39 -> 30689460 | S40: =S17+S39 -> 31781843 | T40: =T17+T39 -> 23602303 | U40: =U17+U39 -> 21829216 | V40: =V17+V39 -> 0 | ... Z40: =Z17+Z39 -> 0 | AA40: =SUM(O40:Z40) -> 2.2170146e+08 | AB40: =AB17+AB39 -> 3697893.2 | AC40: =AC17+AC39 -> 3564187.6 | AD40: =AD17+AD39 -> 3417263.1 | AE40: =AE17+AE39 -> 3130644.7 | AF40: =AF17+AF39 -> 2206485.7 | AG40: =AG17+AG39 -> 1999835.1 | AH40: =AH17+AH39 -> 1773708.3 | AI40: =AI17+AI39 -> 0 | ... AM40: =AM17+AM39 -> 0 | AN40: =SUM(AB40:AM40) -> 19790018 | AO40: =AO39+AO17 -> 52236130 | AP40: =AP39+AP17 -> 53059435 | AQ40: =AQ39+AQ17 -> 50070145 | AR40: =AR39+AR17 -> 47379583 | AS40: =AS39+AS17 -> 41193747 | AT40: =AT39+AT17 -> 45207727 | AU40: =AU39+AU17 -> 37385483 | AV40: =AV39+AV17 -> 0 | ... BM40: =BM39+BM17 -> 0 | BN40: =SUM(BB40:BM40) -> 3043251.6 | BO40: =BO39+BO17 -> 0 | BP40: =BP39+BP17 -> 0 | BQ40: =BQ39+BQ17 -> 0 | BR40: =BR39+BR17 -> 760418.85 | BS40: =BS39+BS17 -> 226708.86 | BT40: =BT39+BT17 -> 177574.2 | BU40: =BU39+BU17 -> 736127.39 | BV40: =BV39+BV17 -> 0 | ... BZ40: =BZ39+BZ17 -> 0 | CA40: =SUM(BO40:BZ40) -> 1900829.3 | CB40: =CB39+CB17 -> 0 | CC40: =CC39+CC17 -> 0 | CD40: =CD39+CD17 -> 0 | CE40: =CE39+CE17 -> 80750.1 | CF40: =CF39+CF17 -> 59883.01 | CG40: =CG39+CG17 -> 30678.383 | CH40: =CH39+CH17 -> 25638.74 | CI40: =CI39+CI17 -> 0 | ... CM40: =CM39+CM17 -> 0 | CN40: =SUM(CB40:CM40) -> 196950.23 | CO40: =CO39+CO17 -> 0 | CP40: =CP39+CP17 -> 0 | CQ40: =CQ39+CQ17 -> 0 | CR40: =CR39+CR17 -> 69227.25 | CS40: =CS39+CS17 -> 74211.5 | CT40: =CT39+CT17 -> 46809.25 | CU40: =CU39+CU17 -> 41070 | CV40: =CV39+CV17 -> 0 | ... CZ40: =CZ39+CZ17 -> 0 | DA40: =SUM(CO40:CZ40) -> 231318 | DB40: =DB39+DB17 -> 5266851.9 | DP40: =DP39+DP17 -> 25465897 | DQ40: =DQ39+DQ17 -> 31217761 | DR40: =DR39+DR17 -> 28207767 | DS40: =DS39+DS17 -> 25438598 | DT40: =DT39+DT17 -> 20428717 | DU40: =DU39+DU17 -> 23934266 | DV40: =DV39+DV17 -> 13498087 | DW40: =DW39+DW17 -> 0 | ... EA40: =EA39+EA17 -> 0 | EB40: =SUM(DP40:EA40) -> 1.6819109e+08
C42: 1кв | D42: 2кв | E42: 3кв | F42: 4кв | P42: 1кв | Q42: 2кв | R42: 3кв | S42: 4кв | AC42: 1кв | AD42: 2кв | AE42: 3кв | AF42: 4кв | AP42: 1кв | AQ42: 2кв | AR42: 3кв | AS42: 4кв | BC42: 1кв | BD42: 2кв | BE42: 3кв | BF42: 4кв
B43: Питание | C43: =SUM(B39:D39) -> 38958572 | D43: =SUM(E39:G39) -> 31872066 | E43: =SUM(H39:J39) -> 8823684.9 | F43: =SUM(K39:M39) -> 0 | O43: Питание | P43: =SUM(O39:Q39) -> 41471960 | Q43: =SUM(R39:T39) -> 33699686 | R43: =SUM(U39:W39) -> 9398416.5 | S43: =SUM(X39:Z39) -> 0 | AB43: Питание | AC43: =SUM(AB39:AD39) -> 2521177.1 | AD43: =SUM(AE39:AG39) -> 1854619.6 | AE43: =SUM(AH39:AJ39) -> 574731.62 | AF43: =SUM(AK39:AM39) -> 0 | AO43: Питание | AP43: =SUM(AO39:AQ39) -> 54205790 | AQ43: =SUM(AR39:AT39) -> 52624229 | AR43: =SUM(AU39:AW39) -> 15257303 | AS43: =SUM(AX39:AZ39) -> 0 | BB43: Питание | BC43: =SUM(BB39:BD39) -> 0 | BD43: =SUM(BE39:BG39) -> 885928.25 | BE43: =SUM(BH39:BJ39) -> 247442.37 | BF43: =SUM(BK39:BM39) -> 0
B44: Парафармация | C44: =SUM(B17:D17) -> 64168506 | D44: =SUM(E17:G17) -> 46891575 | E44: =SUM(H17:J17) -> 11231823 | F44: =SUM(K17:M17) -> 0 | O44: Парафармация | P44: =SUM(O17:Q17) -> 72326673 | Q44: =SUM(R17:T17) -> 52373921 | R44: =SUM(U17:W17) -> 12430800 | S44: =SUM(X17:Z17) -> 0 | AB44: Парафармация | AC44: =SUM(AB17:AD17) -> 8158166.9 | AD44: =SUM(AE17:AG17) -> 5482345.9 | AE44: =SUM(AH17:AJ17) -> 1198976.7 | AF44: =SUM(AK17:AM17) -> 0 | AO44: Парафармация | AP44: =SUM(AO17:AQ17) -> 1.0115992e+08 | AQ44: =SUM(AR17:AT17) -> 81156829 | AR44: =SUM(AU17:AW17) -> 22128179 | AS44: =SUM(AX17:AZ17) -> 0 | BB44: Парафармация | BC44: =SUM(BB17:BD17) -> 0 | BD44: =SUM(BE17:BG17) -> 1775101.6 | BE44: =SUM(BH17:BJ17) -> 134779.41 | BF44: =SUM(BK17:BM17) -> 0
D45: % октлонения | E45: % октлонения | F45: % октлонения | Q45: % октлонения | R45: % октлонения | S45: % октлонения | AD45: % октлонения | AE45: % октлонения | AF45: % октлонения | AQ45: % октлонения | AR45: % октлонения | AS45: % октлонения | BD45: % октлонения | BE45: % октлонения | BF45: % октлонения
B46: Питание | D46: =(D43-C43)/C43*100 -> -18.18985 | E46: =(E43-D43)/D43*100 -> -72.315303 | F46: =(F43-E43)/E43*100 -> -100 | O46: Питание | Q46: =(Q43-P43)/P43*100 -> -18.741034 | R46: =(R43-Q43)/Q43*100 -> -72.111263 | S46: =(S43-R43)/R43*100 -> -100 | AB46: Питание | AD46: =(AD43-AC43)/AC43*100 -> -26.438345 | AE46: =(AE43-AD43)/AD43*100 -> -69.010808 | AF46: =(AF43-AE43)/AE43*100 -> -100 | AO46: Питание | AQ46: =(AQ43-AP43)/AP43*100 -> -2.9176959 | AR46: =(AR43-AQ43)/AQ43*100 -> -71.007075 | AS46: =(AS43-AR43)/AR43*100 -> -100 | BB46: Питание | BD46: =(BD43-BC43)/BC43*100 -> #DIV/0! | BE46: =(BE43-BD43)/BD43*100 -> -72.069706 | BF46: =(BF43-BE43)/BE43*100 -> -100
B47: Парафармация | D47: =(D44-C44)/C44*100 -> -26.924316 | E47: =(E44-D44)/D44*100 -> -76.047247 | F47: =(F44-E44)/E44*100 -> -100 | O47: Парафармация | Q47: =(Q44-P44)/P44*100 -> -27.58699 | R47: =(R44-Q44)/Q44*100 -> -76.265287 | S47: =(S44-R44)/R44*100 -> -100 | AB47: Парафармация | AD47: =(AD44-AC44)/AC44*100 -> -32.799292 | AE47: =(AE44-AD44)/AD44*100 -> -78.130226 | AF47: =(AF44-AE44)/AE44*100 -> -100 | AO47: Парафармация | AQ47: =(AQ44-AP44)/AP44*100 -> -19.773731 | AR47: =(AR44-AQ44)/AQ44*100 -> -72.734051 | AS47: =(AS44-AR44)/AR44*100 -> -100 | BB47: Парафармация | BD47: =(BD44-BC44)/BC44*100 -> #DIV/0! | BE47: =(BE44-BD44)/BD44*100 -> -92.407228 | BF47: =(BF44-BE44)/BE44*100 -> -100

Sheet Импорт
A1: Наименование поставщика | B1: Сумма продаж в учетных ценах | O1: Сумма продаж в отпускных ценах ценах | AB1: Валовая прибыль | AO1: остаток в учетных ценах на расчетный месяц | BB1: оборачиваемость в годовом выражение если уровень продаж и складские запасы будут на таком уровне, как в анализируемом месяце | BN1: оборачиваемость | BO1: Поставки | CB1: Доля продаж | CO1: Доля прибыли | DB1: Доля поставок
B2: 42005 | C2: 42036 | D2: 42064 | E2: 42095 | F2: 42125 | G2: 42156 | H2: 42186 | I2: 42217 | J2: 42248 | K2: 42278 | L2: 42309 | M2: 42339 | N2: итого | O2: 42005 | P2: 42036 | Q2: 42064 | R2: 42095 | S2: 42125 | T2: 42156 | U2: 42186 | V2: 42217 | W2: 42248 | X2: 42278 | Y2: 42309 | Z2: 42339 | AA2: итого | AB2: 42005 | AC2: 42036 | AD2: 42064 | AE2: 42095 | AF2: 42125 | AG2: 42156 | AH2: 42186 | AI2: 42217 | AJ2: 42248 | AK2: 42278 | AL2: 42309 | AM2: 42339 | AN2: итого | AO2: 42005 | AP2: 42036 | AQ2: 42064 | AR2: 42095 | AS2: 42125 | AT2: 42156 | AU2: 42186 | AV2: 42217 | AW2: 42248 | AX2: 42278 | AY2: 42309 | AZ2: 42339 | BA2: итого | BB2: 42005 | BC2: 42036 | BD2: 42064 | BE2: 42095 | BF2: 42125 | BG2: 42156 | BH2: 42186 | BI2: 42217 | BJ2: 42248 | BK2: 42278 | BL2: 42309 | BM2: 42339 | BO2: 42005 | BP2: 42036 | BQ2: 42064 | BR2: 42095 | BS2: 42125 | BT2: 42156 | BU2: 42186 | BV2: 42217 | BW2: 42248 | BX2: 42278 | BY2: 42309 | BZ2: 42339 | CA2: итого | CB2: 42005 | CC2: 42036 | CD2: 42064 | CE2: 42095 | CF2: 42125 | CG2: 42156 | CH2: 42186 | CI2: 42217 | CJ2: 42248 | CK2: 42278 | CL2: 42309 | CM2: 42339 | CN2: итого | CO2: 42005 | CP2: 42036 | CQ2: 42064 | CR2: 42095 | CS2: 42125 | CT2: 42156 | CU2: 42186 | CV2: 42217 | CW2: 42248 | CX2: 42278 | CY2: 42309 | CZ2: 42339 | DA2: итого | DB2: 42005 | DC2: 42036 | DD2: 42064 | DE2: 42095 | DF2: 42125 | DG2: 42156 | DH2: 42186 | DI2: 42217 | DJ2: 42248 | DK2: 42278 | DL2: 42309 | DM2: 42339 | DN2: итого
A4: ##Авангард ООО | B4: =VLOOKUP(A4,[1]Лист26!B6:C15,2,0) -> 186216.86 | C4: =VLOOKUP(A4,[1]Лист27!B6:C15,2,0) -> 176013.78 | D4: =VLOOKUP(A4,[1]Лист28!B6:C15,2,0) -> 212514.84 | E4: =VLOOKUP(A4,[1]Лист29!B6:C15,2,0) -> 195644.9 | F4: =VLOOKUP(A4,[1]Лист30!B6:C15,2,0) -> 154277.62 | G4: =VLOOKUP(A4,[1]Лист31!B6:C15,2,0) -> 114486.01 | H4: =VLOOKUP(A4,[1]Лист32!B6:C15,2,0) -> 106148.65 | N4: =SUM(B4:M4) -> 1145302.7 | O4: =VLOOKUP(A4,[1]Лист26!B6:D15,3,0) -> 292170 | P4: =VLOOKUP(A4,[1]Лист27!B6:D15,3,0) -> 290080 | Q4: =VLOOKUP(A4,[1]Лист28!B6:D15,3,0) -> 348885 | R4: =VLOOKUP(A4,[1]Лист29!B6:D15,3,0) -> 315590 | S4: =VLOOKUP(A4,[1]Лист30!B6:D15,3,0) -> 250825 | T4: =VLOOKUP(A4,[1]Лист31!B6:D15,3,0) -> 182915 | U4: =VLOOKUP(A4,[1]Лист32!B6:D15,3,0) -> 162260 | AA4: =SUM(O4:Z4) -> 1842725 | AB4: =VLOOKUP(A4,[1]Лист26!B6:E15,4,0) -> 105953.14 | AC4: =VLOOKUP(A4,[1]Лист27!B6:E15,4,0) -> 114066.22 | AD4: =VLOOKUP(A4,[1]Лист28!B6:E15,4,0) -> 136370.16 | AE4: =VLOOKUP(A4,[1]Лист29!B6:E15,4,0) -> 119945.1 | AF4: =VLOOKUP(A4,[1]Лист30!B6:E15,4,0) -> 96547.38 | AG4: =VLOOKUP(A4,[1]Лист31!B6:E15,4,0) -> 68428.99 | AH4: =VLOOKUP(A4,[1]Лист32!B6:E15,4,0) -> 56111.35 | AN4: =SUM(AB4:AM4) -> 697422.34 | AO4: 1895104.7 | AP4: =[1]Лист21!G13 -> 1864100.3 | AQ4: =VLOOKUP(A4,[1]Лист28!B6:G15,6,0) -> 1697144.4 | AR4: =VLOOKUP(A4,[1]Лист29!B6:G15,6,0) -> 1503507.2 | AS4: =VLOOKUP(A4,[1]Лист30!B6:G15,6,0) -> 1351493.2 | AT4: =VLOOKUP(A4,[1]Лист31!B6:G15,6,0) -> 1220075.2 | AU4: =VLOOKUP(A4,[1]Лист32!B6:G15,6,0) -> 1122130.7 | BA4: =AT4 -> 1220075.2 | BC4: =(P4-AC4)/(AO4+AP4)/2*12 -> 0.28093246 | BD4: =(Q4-AD4)/(AP4+AQ4)/2*12 -> 0.3580459 | BE4: =(R4-AE4)/(AQ4+AR4)/2*12 -> 0.36675951 | BF4: =(S4-AF4)/(AR4+AS4)/2*12 -> 0.32422613 | BG4: =(T4-AG4)/(AS4+AT4)/2*12 -> 0.2671195 | BH4: =(U4-AH4)/(AT4+AU4)/2*12 -> 0.27191968 | BO4: =[1]Лист34!C8 -> 2004.6 | BP4: =[1]Лист34!D8 -> 164697.25 | BQ4: =[1]Лист34!E8 -> 42266.78 | BR4: =[1]Лист34!F8 -> 0 | BS4: =[1]Лист34!G8 -> 0 | BT4: =[1]Лист34!H8 -> 0 | BU4: =[1]Лист34!I8 -> 0 | CA4: =SUM(BO4:BZ4) -> 208968.63 | CB4: =B4/$B$14 -> 0.032006655 | CC4: =C4/$C$14 -> 0.033080206 | CD4: =D4/$D$14 -> 0.039391925 | CE4: =E4/$E$14 -> 0.039531787 | CF4: =F4/$F$14 -> 0.026366355 | CG4: =G4/$G$14 -> 0.024154038 | CH4: =H4/$H$14 -> 0.018307173 | CN4: =N4/$N$14 -> 0.030241284 | CO4: =AB4/$AB$14 -> 0.030525222 | CP4: =AC4/$AC$14 -> 0.034330138 | CQ4: =AD4/$AD$14 -> 0.041855291 | CR4: =AE4/$AE$14 -> 0.044135348 | CS4: =AF4/$AF$14 -> 0.030795443 | CT4: =AG4/$AG$14 -> 0.025457678 | CU4: =AH4/$AH$14 -> 0.018863248 | DA4: =AA4/$AA$14 -> 0.031001798 | DB4: =BO4/$BO$14 -> 0.098629636 | DC4: =BP4/$BP$14 -> 0.025201864 | DD4: =BQ4/$BQ$14 -> 0.0053977584 | DE4: =BR4/$BR$14 -> 0 | DF4: =BS4/$BS$14 -> 0 | DG4: =BT4/$BT$14 -> 0 | DH4: =BU4/$BU$14 -> 0 | DN4: =CA4/$CA$14 -> 0.0057452014
A5: ##Веста ООО(Organic) | B5: =VLOOKUP(A5,[1]Лист26!B7:C16,2,0) -> 14415.3 | C5: =VLOOKUP(A5,[1]Лист27!B7:C16,2,0) -> 25798.22 | D5: =VLOOKUP(A5,[1]Лист28!B7:C16,2,0) -> 30464.39 | E5: =VLOOKUP(A5,[1]Лист29!B7:C16,2,0) -> 14409.32 | F5: =VLOOKUP(A5,[1]Лист30!B7:C16,2,0) -> 31928.1 | G5: =VLOOKUP(A5,[1]Лист31!B7:C16,2,0) -> 28046 | H5: =VLOOKUP(A5,[1]Лист32!B7:C16,2,0) -> 15087.7 | N5: =SUM(B5:M5) -> 160149.03 | O5: =VLOOKUP(A5,[1]Лист26!B7:D16,3,0) -> 22560 | P5: =VLOOKUP(A5,[1]Лист27!B8:D16,3,0) -> 40650 | Q5: =VLOOKUP(A5,[1]Лист28!B7:D16,3,0) -> 47890 | R5: =VLOOKUP(A5,[1]Лист29!B7:D16,3,0) -> 22540 | S5: =VLOOKUP(A5,[1]Лист30!B7:D16,3,0) -> 50000 | T5: =VLOOKUP(A5,[1]Лист31!B7:D16,3,0) -> 44030 | U5: =VLOOKUP(A5,[1]Лист32!B7:D16,3,0) -> 20480 | AA5: =SUM(O5:Z5) -> 248150 | AB5: =VLOOKUP(A5,[1]Лист26!B7:E16,4,0) -> 8144.7 | AC5: =VLOOKUP(A5,[1]Лист27!B7:E16,4,0) -> 14851.78 | AD5: =VLOOKUP(A5,[1]Лист28!B7:E16,4,0) -> 17425.61 | AE5: =VLOOKUP(A5,[1]Лист29!B7:E16,4,0) -> 8130.68 | AF5: =VLOOKUP(A5,[1]Лист30!B7:E16,4,0) -> 18071.9 | AG5: =VLOOKUP(A5,[1]Лист31!B7:E16,4,0) -> 15984 | AH5: =VLOOKUP(A5,[1]Лист32!B7:E16,4,0) -> 5392.3 | AN5: =SUM(AB5:AM5) -> 88000.97 | AO5: 606055.97 | AP5: =[1]Лист21!G14 -> 550370.5 | AQ5: =VLOOKUP(A5,[1]Лист28!B7:G16,6,0) -> 522582.59 | AR5: =VLOOKUP(A5,[1]Лист29!B7:G16,6,0) -> 510363.1 | AS5: =VLOOKUP(A5,[1]Лист30!B7:G16,6,0) -> 478434.86 | AT5: =VLOOKUP(A5,[1]Лист31!B7:G16,6,0) -> 430988.02 | AU5: =VLOOKUP(A5,[1]Лист32!B7:G16,6,0) -> 415900.34 | BA5: =AT5 -> 430988.02 | BC5: =(P5-AC5)/(AO5+AP5)/2*12 -> 0.13385142 | BD5: =(Q5-AD5)/(AP5+AQ5)/2*12 -> 0.17035818 | BE5: =(R5-AE5)/(AQ5+AR5)/2*12 -> 0.083698418 | BF5: =(S5-AF5)/(AR5+AS5)/2*12 -> 0.19373887 | BG5: =(T5-AG5)/(AS5+AT5)/2*12 -> 0.18503603 | BH5: =(U5-AH5)/(AT5+AU5)/2*12 -> 0.10689272 | BO5: 0 | BP5: 0 | BQ5: 0 | BR5: 0 | BS5: 0 | BT5: 0 | BU5: 0 | CA5: =SUM(BO5:BZ5) -> 0 | CB5: =B5/$B$14 -> 0.0024776786 | CC5: =C5/$C$14 -> 0.0048485433 | CD5: =D5/$D$14 -> 0.0056469043 | CE5: =E5/$E$14 -> 0.0029115309 | CF5: =F5/$F$14 -> 0.0054565763 | CG5: =G5/$G$14 -> 0.0059170911 | CH5: =H5/$H$14 -> 0.0026021351 | CN5: =N5/$N$14 -> 0.0042286746 | CO5: =AB5/$AB$14 -> 0.0023464975 | CP5: =AC5/$AC$14 -> 0.0044698918 | CQ5: =AD5/$AD$14 -> 0.0053483399 | CR5: =AE5/$AE$14 -> 0.0029917887 | CS5: =AF5/$AF$14 -> 0.0057643424 | CT5: =AG5/$AG$14 -> 0.0059465369 | CU5: =AH5/$AH$14 -> 0.0018127578 | DA5: =AA5/$AA$14 -> 0.0041748476 | DB5: =BO5/$BO$14 -> 0 | DC5: =BP5/$BP$14 -> 0 | DD5: =BQ5/$BQ$14 -> 0 | DE5: =BR5/$BR$14 -> 0 | DF5: =BS5/$BS$14 -> 0 | DG5: =BT5/$BT$14 -> 0 | DH5: =BU5/$BU$14 -> 0 | DN5: =CA5/$CA$14 -> 0
A6: ##ВЕСТА ООО(Playgro,Canpol) | B6: =VLOOKUP(A6,[1]Лист26!B8:C17,2,0) -> 2186855 | C6: =VLOOKUP(A6,[1]Лист27!B8:C17,2,0) -> 1799157.4 | D6: =VLOOKUP(A6,[1]Лист28!B8:C17,2,0) -> 2131559.6 | E6: =VLOOKUP(A6,[1]Лист29!B8:C17,2,0) -> 1912805.1 | F6: =VLOOKUP(A6,[1]Лист30!B8:C17,2,0) -> 1952290.6 | G6: =VLOOKUP(A6,[1]Лист31!B8:C17,2,0) -> 1723400.5 | H6: =VLOOKUP(A6,[1]Лист32!B8:C17,2,0) -> 2369069.9 | N6: =SUM(B6:M6) -> 14075138 | O6: =VLOOKUP(A6,[1]Лист26!B8:D17,3,0) -> 3272083.5 | P6: =VLOOKUP(A6,[1]Лист27!B8:D17,3,0) -> 2620725 | Q6: =VLOOKUP(A6,[1]Лист28!B8:D17,3,0) -> 3046030 | R6: =VLOOKUP(A6,[1]Лист29!B8:D17,3,0) -> 2709857 | S6: =VLOOKUP(A6,[1]Лист30!B8:D17,3,0) -> 2753311 | T6: =VLOOKUP(A6,[1]Лист31!B8:D17,3,0) -> 2494173.5 | U6: =VLOOKUP(A6,[1]Лист32!B8:D17,3,0) -> 3271609.5 | AA6: =SUM(O6:Z6) -> 20167790 | AB6: =VLOOKUP(A6,[1]Лист26!B8:E17,4,0) -> 1085228.6 | AC6: =VLOOKUP(A6,[1]Лист27!B8:E17,4,0) -> 821567.55 | AD6: =VLOOKUP(A6,[1]Лист28!B8:E17,4,0) -> 914470.42 | AE6: =VLOOKUP(A6,[1]Лист29!B8:E17,4,0) -> 797051.9 | AF6: =VLOOKUP(A6,[1]Лист30!B8:E17,4,0) -> 801020.43 | AG6: =VLOOKUP(A6,[1]Лист31!B8:E17,4,0) -> 770773.03 | AH6: =VLOOKUP(A6,[1]Лист32!B8:E17,4,0) -> 902539.58 | AN6: =SUM(AB6:AM6) -> 6092651.5 | AO6: 15965895 | AP6: =[1]Лист21!G8 -> 15499010 | AQ6: =VLOOKUP(A6,[1]Лист28!B8:G17,6,0) -> 14473137 | AR6: =VLOOKUP(A6,[1]Лист29!B8:G17,6,0) -> 12554145 | AS6: =VLOOKUP(A6,[1]Лист30!B8:G17,6,0) -> 13929728 | AT6: =VLOOKUP(A6,[1]Лист31!B8:G17,6,0) -> 13642906 | AU6: =VLOOKUP(A6,[1]Лист32!B8:G17,6,0) -> 12489290 | BA6: =AT6 -> 13642906 | BC6: =(P6-AC6)/(AO6+AP6)/2*12 -> 0.34307889 | BD6: =(Q6-AD6)/(AP6+AQ6)/2*12 -> 0.42670808 | BE6: =(R6-AE6)/(AQ6+AR6)/2*12 -> 0.42463872 | BF6: =(S6-AF6)/(AR6+AS6)/2*12 -> 0.44229722 | BG6: =(T6-AG6)/(AS6+AT6)/2*12 -> 0.37502411 | BH6: =(U6-AH6)/(AT6+AU6)/2*12 -> 0.54394278 | BO6: =[1]Лист34!C9 -> 7527.12 | BP6: =[1]Лист34!D9 -> 1324143.4 | BQ6: =[1]Лист34!E9 -> 1044066.5 | BR6: =[1]Лист34!F9 -> 725.8 | BS6: =[1]Лист34!G9 -> 3435490.8 | BT6: =[1]Лист34!H9 -> 1480773.4 | BU6: =[1]Лист34!I9 -> 1226395.9 | CA6: =SUM(BO6:BZ6) -> 8519122.9 | CB6: =B6/$B$14 -> 0.37587312 | CC6: =C6/$C$14 -> 0.33813545 | CD6: =D6/$D$14 -> 0.39510763 | CE6: =E6/$E$14 -> 0.38649923 | CF6: =F6/$F$14 -> 0.33365037 | CG6: =G6/$G$14 -> 0.36359972 | CH6: =H6/$H$14 -> 0.40858713 | CN6: =N6/$N$14 -> 0.3716487 | CO6: =AB6/$AB$14 -> 0.3126556 | CP6: =AC6/$AC$14 -> 0.24726451 | CQ6: =AD6/$AD$14 -> 0.28067302 | CR6: =AE6/$AE$14 -> 0.29328554 | CS6: =AF6/$AF$14 -> 0.2554992 | CT6: =AG6/$AG$14 -> 0.28675115 | CU6: =AH6/$AH$14 -> 0.30341148 | DA6: =AA6/$AA$14 -> 0.33930062 | DB6: =BO6/$BO$14 -> 0.37034675 | DC6: =BP6/$BP$14 -> 0.20261954 | DD6: =BQ6/$BQ$14 -> 0.13333447 | DE6: =BR6/$BR$14 -> 0.74202057 | DF6: =BS6/$BS$14 -> 0.24513518 | DG6: =BT6/$BT$14 -> 0.24887569 | DH6: =BU6/$BU$14 -> 0.60672478 | DN6: =CA6/$CA$14 -> 0.23421734
A7: ##Джапан Трейд ЛТД | B7: =VLOOKUP(A7,[1]Лист26!B9:C18,2,0) -> 28422.81 | C7: =VLOOKUP(A7,[1]Лист27!B9:C18,2,0) -> 22832.59 | D7: =VLOOKUP(A7,[1]Лист28!B9:C18,2,0) -> 13856.5 | E7: =VLOOKUP(A7,[1]Лист29!B9:C18,2,0) -> 20579.85 | F7: =VLOOKUP(A7,[1]Лист30!B9:C18,2,0) -> 4110.19 | G7: =VLOOKUP(A7,[1]Лист31!B9:C18,2,0) -> 7530.93 | H7: =VLOOKUP(A7,[1]Лист32!B9:C18,2,0) -> 25095.49 | N7: =SUM(B7:M7) -> 122428.36 | O7: =VLOOKUP(A7,[1]Лист26!B9:D18,3,0) -> 31213 | P7: =VLOOKUP(A7,[1]Лист27!B9:D18,3,0) -> 24941 | Q7: =VLOOKUP(A7,[1]Лист28!B9:D18,3,0) -> 15246 | R7: =VLOOKUP(A7,[1]Лист29!B9:D18,3,0) -> 22477 | S7: =VLOOKUP(A7,[1]Лист30!B9:D18,3,0) -> 4487 | T7: =VLOOKUP(A7,[1]Лист31!B9:D18,3,0) -> 8232 | U7: =VLOOKUP(A7,[1]Лист32!B9:D18,3,0) -> 27398 | AA7: =SUM(O7:Z7) -> 133994 | AB7: =VLOOKUP(A7,[1]Лист26!B9:E18,4,0) -> 2790.19 | AC7: =VLOOKUP(A7,[1]Лист27!B9:E18,4,0) -> 2108.41 | AD7: =VLOOKUP(A7,[1]Лист28!B9:E18,4,0) -> 1389.5 | AE7: =VLOOKUP(A7,[1]Лист29!B9:E18,4,0) -> 1897.15 | AF7: =VLOOKUP(A7,[1]Лист30!B9:E18,4,0) -> 376.81 | AG7: =VLOOKUP(A7,[1]Лист31!B9:E18,4,0) -> 701.07 | AH7: =VLOOKUP(A7,[1]Лист32!B9:E18,4,0) -> 2302.51 | AN7: =SUM(AB7:AM7) -> 11565.64 | AO7: 412241.47 | AP7: =[1]Лист21!G10 -> 390632.62 | AQ7: =VLOOKUP(A7,[1]Лист28!B9:G18,6,0) -> 384014.82 | AR7: =VLOOKUP(A7,[1]Лист29!B9:G18,6,0) -> 366039.45 | AS7: =VLOOKUP(A7,[1]Лист30!B9:G18,6,0) -> 366824.66 | AT7: =VLOOKUP(A7,[1]Лист31!B9:G18,6,0) -> 345737.68 | AU7: =VLOOKUP(A7,[1]Лист32!B9:G18,6,0) -> 320642.21 | BA7: =AT7 -> 345737.68 | BC7: =(P7-AC7)/(AO7+AP7)/2*12 -> 0.17063141 | BD7: =(Q7-AD7)/(AP7+AQ7)/2*12 -> 0.10732495 | BE7: =(R7-AE7)/(AQ7+AR7)/2*12 -> 0.16462689 | BF7: =(S7-AF7)/(AR7+AS7)/2*12 -> 0.033650358 | BG7: =(T7-AG7)/(AS7+AT7)/2*12 -> 0.06341281 | BH7: =(U7-AH7)/(AT7+AU7)/2*12 -> 0.22595661 | BO7: 0 | BP7: 0 | BQ7: 0 | BR7: 0 | BS7: 0 | BT7: 0 | BU7: 0 | CA7: =SUM(BO7:BZ7) -> 0 | CB7: =B7/$B$14 -> 0.004885267 | CC7: =C7/$C$14 -> 0.0042911798 | CD7: =D7/$D$14 -> 0.0025684522 | CE7: =E7/$E$14 -> 0.0041583412 | CF7: =F7/$F$14 -> 0.00070243971 | CG7: =G7/$G$14 -> 0.0015888611 | CH7: =H7/$H$14 -> 0.0043281518 | CN7: =N7/$N$14 -> 0.0032326746 | CO7: =AB7/$AB$14 -> 0.00080385696 | CP7: =AC7/$AC$14 -> 0.00063456128 | CQ7: =AD7/$AD$14 -> 0.00042647106 | CR7: =AE7/$AE$14 -> 0.00069808084 | CS7: =AF7/$AF$14 -> 0.00012019001 | CT7: =AG7/$AG$14 -> 0.00026081949 | CU7: =AH7/$AH$14 -> 0.00077404689 | DA7: =AA7/$AA$14 -> 0.0022542999 | DB7: =BO7/$BO$14 -> 0 | DC7: =BP7/$BP$14 -> 0 | DD7: =BQ7/$BQ$14 -> 0 | DE7: =BR7/$BR$14 -> 0 | DF7: =BS7/$BS$14 -> 0 | DG7: =BT7/$BT$14 -> 0 | DH7: =BU7/$BU$14 -> 0 | DN7: =CA7/$CA$14 -> 0
A8: ##Наука.Техника.Медицина ООО | B8: =VLOOKUP(A8,[1]Лист26!B10:C19,2,0) -> 82247.51 | C8: =VLOOKUP(A8,[1]Лист27!B10:C19,2,0) -> 62825.71 | D8: =VLOOKUP(A8,[1]Лист28!B10:C19,2,0) -> 87115.27 | E8: =VLOOKUP(A8,[1]Лист29!B10:C19,2,0) -> 68923.5 | F8: =VLOOKUP(A8,[1]Лист30!B10:C19,2,0) -> 79825.47 | G8: =VLOOKUP(A8,[1]Лист31!B10:C19,2,0) -> 73282.1 | H8: =VLOOKUP(A8,[1]Лист32!B10:C19,2,0) -> 96477.34 | N8: =SUM(B8:M8) -> 550696.9 | O8: =VLOOKUP(A8,[1]Лист26!B10:D19,3,0) -> 133820 | P8: =VLOOKUP(A8,[1]Лист27!B7:D19,3,0) -> 108560 | Q8: =VLOOKUP(A8,[1]Лист28!B10:D19,3,0) -> 139705 | R8: =VLOOKUP(A8,[1]Лист29!B10:D19,3,0) -> 117488.5 | S8: =VLOOKUP(A8,[1]Лист30!B10:D19,3,0) -> 136430 | T8: =VLOOKUP(A8,[1]Лист31!B10:D19,3,0) -> 122810 | U8: =VLOOKUP(A8,[1]Лист32!B10:D19,3,0) -> 158162 | AA8: =SUM(O8:Z8) -> 916975.5 | AB8: =VLOOKUP(A8,[1]Лист26!B10:E19,4,0) -> 51572.49 | AC8: =VLOOKUP(A8,[1]Лист27!B10:E19,4,0) -> 45734.29 | AD8: =VLOOKUP(A8,[1]Лист28!B10:E19,4,0) -> 52589.73 | AE8: =VLOOKUP(A8,[1]Лист29!B10:E19,4,0) -> 48565 | AF8: =VLOOKUP(A8,[1]Лист30!B10:E19,4,0) -> 56604.53 | AG8: =VLOOKUP(A8,[1]Лист31!B10:E19,4,0) -> 49527.9 | AH8: =VLOOKUP(A8,[1]Лист32!B10:E19,4,0) -> 61684.66 | AN8: =SUM(AB8:AM8) -> 366278.6 | AO8: 890323.32 | AP8: =[1]Лист21!G12 -> 887067.39 | AQ8: =VLOOKUP(A8,[1]Лист28!B10:G19,6,0) -> 885496.97 | AR8: =VLOOKUP(A8,[1]Лист29!B10:G19,6,0) -> 766675.77 | AS8: =VLOOKUP(A8,[1]Лист30!B10:G19,6,0) -> 764003.08 | AT8: =VLOOKUP(A8,[1]Лист31!B10:G19,6,0) -> 805202.32 | AU8: =VLOOKUP(A8,[1]Лист32!B10:G19,6,0) -> 726627.41 | BA8: =AT8 -> 805202.32 | BC8: =(P8-AC8)/(AO8+AP8)/2*12 -> 0.21208295 | BD8: =(Q8-AD8)/(AP8+AQ8)/2*12 -> 0.29487878 | BE8: =(R8-AE8)/(AQ8+AR8)/2*12 -> 0.25030131 | BF8: =(S8-AF8)/(AR8+AS8)/2*12 -> 0.31290223 | BG8: =(T8-AG8)/(AS8+AT8)/2*12 -> 0.28020079 | BH8: =(U8-AH8)/(AT8+AU8)/2*12 -> 0.37789059 | BO8: =[1]Лист34!C10 -> 0 | BP8: =[1]Лист34!D10 -> 63435.83 | BQ8: =[1]Лист34!E10 -> 76437.3 | BR8: =[1]Лист34!F10 -> 0 | BS8: =[1]Лист34!G10 -> 114363.83 | BT8: =[1]Лист34!H10 -> 115437.85 | BU8: =[1]Лист34!I10 -> 15636.08 | CA8: =SUM(BO8:BZ8) -> 385310.89 | CB8: =B8/$B$14 -> 0.01413657 | CC8: =C8/$C$14 -> 0.011807527 | CD8: =D8/$D$14 -> 0.016147758 | CE8: =E8/$E$14 -> 0.013926604 | CF8: =F8/$F$14 -> 0.013642333 | CG8: =G8/$G$14 -> 0.015460916 | CH8: =H8/$H$14 -> 0.016639188 | CN8: =N8/$N$14 -> 0.014540944 | CO8: =AB8/$AB$14 -> 0.014858094 | CP8: =AC8/$AC$14 -> 0.0137645 | CQ8: =AD8/$AD$14 -> 0.016141056 | CR8: =AE8/$AE$14 -> 0.017870119 | CS8: =AF8/$AF$14 -> 0.018054986 | CT8: =AG8/$AG$14 -> 0.018425894 | CU8: =AH8/$AH$14 -> 0.020736856 | DA8: =AA8/$AA$14 -> 0.015427092 | DB8: =BO8/$BO$14 -> 0 | DC8: =BP8/$BP$14 -> 0.0097069086 | DD8: =BQ8/$BQ$14 -> 0.0097615688 | DE8: =BR8/$BR$14 -> 0 | DF8: =BS8/$BS$14 -> 0.0081602889 | DG8: =BT8/$BT$14 -> 0.019401804 | DH8: =BU8/$BU$14 -> 0.0077355095 | DN8: =CA8/$CA$14 -> 0.010593402
A9: ##Опт-Юнион ООО | B9: =VLOOKUP(A9,[1]Лист26!B11:C20,2,0) -> 611498.54 | C9: =VLOOKUP(A9,[1]Лист27!B11:C20,2,0) -> 601249.47 | D9: =VLOOKUP(A9,[1]Лист28!B11:C20,2,0) -> 564634.63 | E9: =VLOOKUP(A9,[1]Лист29!B11:C20,2,0) -> 398102.04 | F9: =VLOOKUP(A9,[1]Лист30!B11:C20,2,0) -> 636295.46 | G9: =VLOOKUP(A9,[1]Лист31!B11:C20,2,0) -> 500589.71 | H9: =VLOOKUP(A9,[1]Лист32!B11:C20,2,0) -> 547210.14 | N9: =SUM(B9:M9) -> 3859580 | O9: =VLOOKUP(A9,[1]Лист26!B11:D20,3,0) -> 1270137.5 | P9: =VLOOKUP(A9,[1]Лист27!B10:D20,3,0) -> 1265412 | Q9: =VLOOKUP(A9,[1]Лист28!B11:D20,3,0) -> 1149133.5 | R9: =VLOOKUP(A9,[1]Лист29!B11:D20,3,0) -> 818636.5 | S9: =VLOOKUP(A9,[1]Лист30!B11:D20,3,0) -> 1201075 | T9: =VLOOKUP(A9,[1]Лист31!B11:D20,3,0) -> 972193.5 | U9: =VLOOKUP(A9,[1]Лист32!B11:D20,3,0) -> 1070388 | AA9: =SUM(O9:Z9) -> 7746976 | AB9: =VLOOKUP(A9,[1]Лист26!B11:E20,4,0) -> 658638.96 | AC9: =VLOOKUP(A9,[1]Лист27!B11:E20,4,0) -> 664162.53 | AD9: =VLOOKUP(A9,[1]Лист28!B11:E20,4,0) -> 584498.87 | AE9: =VLOOKUP(A9,[1]Лист29!B11:E20,4,0) -> 420534.46 | AF9: =VLOOKUP(A9,[1]Лист30!B11:E20,4,0) -> 564779.54 | AG9: =VLOOKUP(A9,[1]Лист31!B11:E20,4,0) -> 471603.79 | AH9: =VLOOKUP(A9,[1]Лист32!B11:E20,4,0) -> 523177.86 | AN9: =SUM(AB9:AM9) -> 3887396 | AO9: 2101998.6 | AP9: =[1]Лист21!G15 -> 2017747.6 | AQ9: =VLOOKUP(A9,[1]Лист28!B11:G20,6,0) -> 1845466.2 | AR9: =VLOOKUP(A9,[1]Лист29!B11:G20,6,0) -> 1451204.2 | AS9: =VLOOKUP(A9,[1]Лист30!B11:G20,6,0) -> 2016203.9 | AT9: =VLOOKUP(A9,[1]Лист31!B11:G20,6,0) -> 1856182.8 | AU9: =VLOOKUP(A9,[1]Лист32!B11:G20,6,0) -> 1397678.9 | BA9: =AT9 -> 1856182.8 | BC9: =(P9-AC9)/(AO9+AP9)/2*12 -> 0.87565997 | BD9: =(Q9-AD9)/(AP9+AQ9)/2*12 -> 0.87694027 | BE9: =(R9-AE9)/(AQ9+AR9)/2*12 -> 0.72455295 | BF9: =(S9-AF9)/(AR9+AS9)/2*12 -> 1.1010451 | BG9: =(T9-AG9)/(AS9+AT9)/2*12 -> 0.77562973 | BH9: =(U9-AH9)/(AT9+AU9)/2*12 -> 1.0090351 | BO9: =[1]Лист34!C11 -> 0 | BP9: =[1]Лист34!D11 -> 511333.1 | BQ9: =[1]Лист34!E11 -> 386031.82 | BR9: =[1]Лист34!F11 -> 252.34 | BS9: =[1]Лист34!G11 -> 1223579.2 | BT9: =[1]Лист34!H11 -> 341933.32 | BU9: =[1]Лист34!I11 -> 91421.57 | CA9: =SUM(BO9:BZ9) -> 2554551.4 | CB9: =B9/$B$14 -> 0.10510339 | CC9: =C9/$C$14 -> 0.11299943 | CD9: =D9/$D$14 -> 0.10466114 | CE9: =E9/$E$14 -> 0.080440047 | CF9: =F9/$F$14 -> 0.10874417 | CG9: =G9/$G$14 -> 0.10561345 | CH9: =H9/$H$14 -> 0.094375863 | CN9: =N9/$N$14 -> 0.10191075 | CO9: =AB9/$AB$14 -> 0.18975464 | CP9: =AC9/$AC$14 -> 0.19989083 | CQ9: =AD9/$AD$14 -> 0.1793968 | CR9: =AE9/$AE$14 -> 0.15474108 | CS9: =AF9/$AF$14 -> 0.18014612 | CT9: =AG9/$AG$14 -> 0.17545104 | CU9: =AH9/$AH$14 -> 0.17587945 | DA9: =AA9/$AA$14 -> 0.13033425 | DB9: =BO9/$BO$14 -> 0 | DC9: =BP9/$BP$14 -> 0.078243851 | DD9: =BQ9/$BQ$14 -> 0.049298918 | DE9: =BR9/$BR$14 -> 0.25797943 | DF9: =BS9/$BS$14 -> 0.087306974 | DG9: =BT9/$BT$14 -> 0.057469221 | DH9: =BU9/$BU$14 -> 0.045228243 | DN9: =CA9/$CA$14 -> 0.070232609
A10: ##РВТ Экспорт(Градиент Дистрибьюция) | B10: =VLOOKUP(A10,[1]Лист26!B12:C21,2,0) -> 3546.68 | C10: =VLOOKUP(A10,[1]Лист27!B12:C21,2,0) -> 16338.5 | D10: =VLOOKUP(A10,[1]Лист28!B12:C21,2,0) -> 19058.85 | E10: =VLOOKUP(A10,[1]Лист29!B12:C21,2,0) -> 24991.15 | F10: =VLOOKUP(A10,[1]Лист30!B12:C21,2,0) -> 26976.6 | G10: =VLOOKUP(A10,[1]Лист31!B12:C21,2,0) -> 15672.95 | H10: =VLOOKUP(A10,[1]Лист32!B12:C21,2,0) -> 13403.02 | N10: =SUM(B10:M10) -> 119987.75 | O10: =VLOOKUP(A10,[1]Лист26!B12:D21,3,0) -> 4910 | P10: =VLOOKUP(A10,[1]Лист27!B11:D21,3,0) -> 23640 | Q10: =VLOOKUP(A10,[1]Лист28!B12:D21,3,0) -> 26510 | R10: =VLOOKUP(A10,[1]Лист29!B12:D21,3,0) -> 35910 | S10: =VLOOKUP(A10,[1]Лист30!B12:D21,3,0) -> 37400 | T10: =VLOOKUP(A10,[1]Лист31!B12:D21,3,0) -> 22460 | U10: =VLOOKUP(A10,[1]Лист32!B12:D21,3,0) -> 19610 | AA10: =SUM(O10:Z10) -> 170440 | AB10: =VLOOKUP(A10,[1]Лист26!B12:E21,4,0) -> 1363.32 | AC10: =VLOOKUP(A10,[1]Лист27!B12:E21,4,0) -> 7301.5 | AD10: =VLOOKUP(A10,[1]Лист28!B12:E21,4,0) -> 7451.15 | AE10: =VLOOKUP(A10,[1]Лист29!B12:E21,4,0) -> 10918.85 | AF10: =VLOOKUP(A10,[1]Лист30!B12:E21,4,0) -> 10423.4 | AG10: =VLOOKUP(A10,[1]Лист31!B12:E21,4,0) -> 6787.05 | AH10: =VLOOKUP(A10,[1]Лист32!B12:E21,4,0) -> 6206.98 | AN10: =SUM(AB10:AM10) -> 50452.25 | AO10: 299305.99 | AP10: =[1]Лист21!G17 -> 283509.43 | AQ10: =VLOOKUP(A10,[1]Лист28!B12:G21,6,0) -> 265476.93 | AR10: =VLOOKUP(A10,[1]Лист29!B12:G21,6,0) -> 240485.74 | AS10: =VLOOKUP(A10,[1]Лист30!B12:G21,6,0) -> 211134.81 | AT10: =VLOOKUP(A10,[1]Лист31!B12:G21,6,0) -> 197242.58 | AU10: =VLOOKUP(A10,[1]Лист32!B12:G21,6,0) -> 184433.12 | BA10: =AT10 -> 197242.58 | BC10: =(P10-AC10)/(AO10+AP10)/2*12 -> 0.16820248 | BD10: =(Q10-AD10)/(AP10+AQ10)/2*12 -> 0.20829862 | BE10: =(R10-AE10)/(AQ10+AR10)/2*12 -> 0.29635961 | BF10: =(S10-AF10)/(AR10+AS10)/2*12 -> 0.35839733 | BG10: =(T10-AG10)/(AS10+AT10)/2*12 -> 0.23027156 | BH10: =(U10-AH10)/(AT10+AU10)/2*12 -> 0.21069751 | BO10: =[1]Лист34!C12 -> 0 | BP10: =[1]Лист34!D12 -> 2900814.5 | BQ10: =[1]Лист34!E12 -> 4086674.7 | BR10: =[1]Лист34!F12 -> 0 | BS10: =[1]Лист34!G12 -> 5683861.7 | BT10: =[1]Лист34!H12 -> 0 | BU10: =[1]Лист34!I12 -> 0 | CA10: =SUM(BO10:BZ10) -> 12671351 | CB10: =B10/$B$14 -> 0.00060959767 | CC10: =C10/$C$14 -> 0.0030706741 | CD10: =D10/$D$14 -> 0.003532764 | CE10: =E10/$E$14 -> 0.0050496834 | CF10: =F10/$F$14 -> 0.004610355 | CG10: =G10/$G$14 -> 0.0033066488 | CH10: =H10/$H$14 -> 0.0023115829 | CN10: =N10/$N$14 -> 0.0031682312 | CO10: =AB10/$AB$14 -> 0.00039277406 | CP10: =AC10/$AC$14 -> 0.0021975087 | CQ10: =AD10/$AD$14 -> 0.0022869376 | CR10: =AE10/$AE$14 -> 0.0040177319 | CS10: =AF10/$AF$14 -> 0.0033247222 | CT10: =AG10/$AG$14 -> 0.0025249902 | CU10: =AH10/$AH$14 -> 0.0020866331 | DA10: =AA10/$AA$14 -> 0.0028674633 | DB10: =BO10/$BO$14 -> 0 | DC10: =BP10/$BP$14 -> 0.44388071 | DD10: =BQ10/$BQ$14 -> 0.52189646 | DE10: =BR10/$BR$14 -> 0 | DF10: =BS10/$BS$14 -> 0.40556489 | DG10: =BT10/$BT$14 -> 0 | DH10: =BU10/$BU$14 -> 0 | DN10: =CA10/$CA$14 -> 0.34837508
A11: ##РВТ Экспорт(Наша Мама) | B11: =VLOOKUP(A11,[1]Лист26!B6:C15,2,0) -> 1569190.1 | C11: =VLOOKUP(A11,[1]Лист27!B6:C15,2,0) -> 1677963.7 | D11: =VLOOKUP(A11,[1]Лист28!B6:C15,2,0) -> 1382722.1 | E11: =VLOOKUP(A11,[1]Лист29!B6:C15,2,0) -> 1401260.6 | F11: =VLOOKUP(A11,[1]Лист30!B6:C15,2,0) -> 1953596 | G11: =VLOOKUP(A11,[1]Лист31!B6:C15,2,0) -> 1521555.6 | H11: =VLOOKUP(A11,[1]Лист32!B6:C15,2,0) -> 1600402.9 | N11: =SUM(B11:M11) -> 11106691 | O11: =VLOOKUP(A11,[1]Лист26!B6:D15,3,0) -> 2538114 | P11: =VLOOKUP(A11,[1]Лист27!B6:D15,3,0) -> 2811171 | Q11: =VLOOKUP(A11,[1]Лист28!B6:D15,3,0) -> 2349828.2 | R11: =VLOOKUP(A11,[1]Лист29!B6:D15,3,0) -> 2167249 | S11: =VLOOKUP(A11,[1]Лист30!B6:D15,3,0) -> 2991214.5 | T11: =VLOOKUP(A11,[1]Лист31!B6:D15,3,0) -> 2417685 | U11: =VLOOKUP(A11,[1]Лист32!B6:D15,3,0) -> 2512979.5 | AA11: =SUM(O11:Z11) -> 17788241 | AB11: =VLOOKUP(A11,[1]Лист26!B6:E15,4,0) -> 968923.94 | AC11: =VLOOKUP(A11,[1]Лист27!B6:E15,4,0) -> 1133207.3 | AD11: =VLOOKUP(A11,[1]Лист28!B6:E15,4,0) -> 967106.16 | AE11: =VLOOKUP(A11,[1]Лист29!B6:E15,4,0) -> 765988.44 | AF11: =VLOOKUP(A11,[1]Лист30!B6:E15,4,0) -> 1037618.5 | AG11: =VLOOKUP(A11,[1]Лист31!B6:E15,4,0) -> 896129.37 | AH11: =VLOOKUP(A11,[1]Лист32!B6:E15,4,0) -> 912576.61 | AN11: =SUM(AB11:AM11) -> 6681550.3 | AO11: 12029910 | AP11: =[1]Лист21!G6 -> 11443025 | AQ11: =VLOOKUP(A11,[1]Лист28!B6:G8,6,0) -> 11268464 | AR11: =VLOOKUP(A11,[1]Лист29!B6:G8,6,0) -> 9873020.8 | AS11: =VLOOKUP(A11,[1]Лист30!B6:G8,6,0) -> 9879719.7 | AT11: =VLOOKUP(A11,[1]Лист31!B6:G8,6,0) -> 10984679 | AU11: =VLOOKUP(A11,[1]Лист32!B6:G8,6,0) -> 9579193.4 | BA11: =AT11 -> 10984679 | BC11: =(P11-AC11)/(AO11+AP11)/2*12 -> 0.42891025 | BD11: =(Q11-AD11)/(AP11+AQ11)/2*12 -> 0.36529234 | BE11: =(R11-AE11)/(AQ11+AR11)/2*12 -> 0.39768085 | BF11: =(S11-AF11)/(AR11+AS11)/2*12 -> 0.59341518 | BG11: =(T11-AG11)/(AS11+AT11)/2*12 -> 0.43755556 | BH11: =(U11-AH11)/(AT11+AU11)/2*12 -> 0.46695569 | BO11: =[1]Лист34!C14 -> 0 | BP11: =[1]Лист34!D14 -> 1117327.3 | BQ11: =[1]Лист34!E14 -> 1201794.9 | BR11: =[1]Лист34!F14 -> 0 | BS11: =[1]Лист34!G14 -> 2108627 | BT11: =[1]Лист34!H14 -> 2590617.3 | BU11: =[1]Лист34!I14 -> 393561.52 | CA11: =SUM(BO11:BZ11) -> 7411928 | CB11: =B11/$B$14 -> 0.26970987 | CC11: =C11/$C$14 -> 0.31535818 | CD11: =D11/$D$14 -> 0.2563025 | CE11: =E11/$E$14 -> 0.28313712 | CF11: =F11/$F$14 -> 0.33387347 | CG11: =G11/$G$14 -> 0.32101488 | CH11: =H11/$H$14 -> 0.27601719 | CN11: =N11/$N$14 -> 0.29326798 | CO11: =AB11/$AB$14 -> 0.2791481 | CP11: =AC11/$AC$14 -> 0.3410577 | CQ11: =AD11/$AD$14 -> 0.2968282 | CR11: =AE11/$AE$14 -> 0.28185534 | CS11: =AF11/$AF$14 -> 0.33096622 | CT11: =AG11/$AG$14 -> 0.33338754 | CU11: =AH11/$AH$14 -> 0.30678568 | DA11: =AA11/$AA$14 -> 0.29926736 | DB11: =BO11/$BO$14 -> 0 | DC11: =BP11/$BP$14 -> 0.17097268 | DD11: =BQ11/$BQ$14 -> 0.15347747 | DE11: =BR11/$BR$14 -> 0 | DF11: =BS11/$BS$14 -> 0.15045846 | DG11: =BT11/$BT$14 -> 0.43540875 | DH11: =BU11/$BU$14 -> 0.19470346 | DN11: =CA11/$CA$14 -> 0.20377709
A12: ##РВТ Экспорт(Пелигрин) | B12: =VLOOKUP(A12,[1]Лист26!B7:C16,2,0) -> 218017.85 | C12: =VLOOKUP(A12,[1]Лист27!B7:C16,2,0) -> 144476.22 | D12: =VLOOKUP(A12,[1]Лист28!B7:C16,2,0) -> 189504.84 | E12: =VLOOKUP(A12,[1]Лист29!B7:C16,2,0) -> 209061.13 | F12: =VLOOKUP(A12,[1]Лист30!B7:C16,2,0) -> 241286.59 | G12: =VLOOKUP(A12,[1]Лист31!B7:C16,2,0) -> 234285.06 | H12: =VLOOKUP(A12,[1]Лист32!B7:C16,2,0) -> 276274.74 | N12: =SUM(B12:M12) -> 1512906.4 | O12: =[1]Лист26!D9 -> 332614 | P12: =[1]Лист27!D7 -> 222140 | Q12: =VLOOKUP(A12,[1]Лист28!B7:D16,3,0) -> 294065 | R12: =VLOOKUP(A12,[1]Лист29!B7:D16,3,0) -> 322082 | S12: =VLOOKUP(A12,[1]Лист30!B7:D16,3,0) -> 373745 | T12: =VLOOKUP(A12,[1]Лист31!B7:D16,3,0) -> 361603 | U12: =VLOOKUP(A12,[1]Лист32!B7:D16,3,0) -> 396415 | AA12: =SUM(O12:Z12) -> 2302664 | AB12: =VLOOKUP(A12,[1]Лист26!B7:E16,4,0) -> 114596.15 | AC12: =VLOOKUP(A12,[1]Лист27!B7:E16,4,0) -> 77663.78 | AD12: =VLOOKUP(A12,[1]Лист28!B7:E16,4,0) -> 104560.16 | AE12: =VLOOKUP(A12,[1]Лист29!B7:E16,4,0) -> 113020.87 | AF12: =VLOOKUP(A12,[1]Лист30!B7:E16,4,0) -> 132458.41 | AG12: =VLOOKUP(A12,[1]Лист31!B7:E16,4,0) -> 127317.94 | AH12: =VLOOKUP(A12,[1]Лист32!B7:E16,4,0) -> 120140.26 | AN12: =SUM(AB12:AM12) -> 789757.57 | AO12: 1692754.8 | AP12: =[1]Лист21!G9 -> 1531950.1 | AQ12: =VLOOKUP(A12,[1]Лист28!B7:G9,6,0) -> 1414853.6 | AR12: =VLOOKUP(A12,[1]Лист29!B7:G9,6,0) -> 1210528.9 | AS12: =VLOOKUP(A12,[1]Лист30!B7:G9,6,0) -> 1418174.5 | AT12: =VLOOKUP(A12,[1]Лист31!B7:G9,6,0) -> 1581933.9 | AU12: =VLOOKUP(A12,[1]Лист32!B7:G9,6,0) -> 1366844.7 | BA12: =AT12 -> 1581933.9 | BC12: =(P12-AC12)/(AO12+AP12)/2*12 -> 0.26881756 | BD12: =(Q12-AD12)/(AP12+AQ12)/2*12 -> 0.38585164 | BE12: =(R12-AE12)/(AQ12+AR12)/2*12 -> 0.47778439 | BF12: =(S12-AF12)/(AR12+AS12)/2*12 -> 0.55073522 | BG12: =(T12-AG12)/(AS12+AT12)/2*12 -> 0.46855319 | BH12: =(U12-AH12)/(AT12+AU12)/2*12 -> 0.56214748 | BO12: =[1]Лист34!C15 -> 0 | BP12: =[1]Лист34!D15 -> 0 | BQ12: =[1]Лист34!E15 -> 61908.35 | BR12: =[1]Лист34!F15 -> 0 | BS12: =[1]Лист34!G15 -> 451930.08 | BT12: =[1]Лист34!H15 -> 412484.28 | BU12: =[1]Лист34!I15 -> 51370.46 | CA12: =SUM(BO12:BZ12) -> 977693.17 | CB12: =B12/$B$14 -> 0.037472558 | CC12: =C12/$C$14 -> 0.027153006 | CD12: =D12/$D$14 -> 0.035126772 | CE12: =E12/$E$14 -> 0.042242655 | CF12: =F12/$F$14 -> 0.041236362 | CG12: =G12/$G$14 -> 0.049429011 | CH12: =H12/$H$14 -> 0.047648363 | CN12: =N12/$N$14 -> 0.039947722 | CO12: =AB12/$AB$14 -> 0.033015283 | CP12: =AC12/$AC$14 -> 0.023374215 | CQ12: =AD12/$AD$14 -> 0.032092035 | CR12: =AE12/$AE$14 -> 0.041587489 | CS12: =AF12/$AF$14 -> 0.042249881 | CT12: =AG12/$AG$14 -> 0.047366168 | CU12: =AH12/$AH$14 -> 0.040388183 | DA12: =AA12/$AA$14 -> 0.038739759 | DB12: =BO12/$BO$14 -> 0 | DC12: =BP12/$BP$14 -> 0 | DD12: =BQ12/$BQ$14 -> 0.007906122 | DE12: =BR12/$BR$14 -> 0 | DF12: =BS12/$BS$14 -> 0.032246909 | DG12: =BT12/$BT$14 -> 0.069326822 | DH12: =BU12/$BU$14 -> 0.025414086 | DN12: =CA12/$CA$14 -> 0.026879844
A13: ##РВТ Экспорт(Ушастый нянь) | B13: =[1]Лист26!C7 -> 917656.33 | C13: =VLOOKUP(A13,[1]Лист27!B8:C17,2,0) -> 794163.05 | D13: =VLOOKUP(A13,[1]Лист28!B8:C17,2,0) -> 763452.41 | E13: =VLOOKUP(A13,[1]Лист29!B8:C17,2,0) -> 703275.26 | F13: =VLOOKUP(A13,[1]Лист30!B8:C17,2,0) -> 770719.81 | G13: =VLOOKUP(A13,[1]Лист31!B8:C17,2,0) -> 520980.13 | H13: =VLOOKUP(A13,[1]Лист32!B8:C17,2,0) -> 749030.2 | N13: =SUM(B13:M13) -> 5219277.2 | O13: =[1]Лист26!D7 -> 1391448 | P13: =VLOOKUP(A13,[1]Лист27!B8:D17,3,0) -> 1236126 | Q13: =VLOOKUP(A13,[1]Лист28!B8:D17,3,0) -> 1235725 | R13: =VLOOKUP(A13,[1]Лист29!B8:D17,3,0) -> 1134888 | S13: =VLOOKUP(A13,[1]Лист30!B8:D17,3,0) -> 1187938 | T13: =VLOOKUP(A13,[1]Лист31!B8:D17,3,0) -> 801678 | U13: =VLOOKUP(A13,[1]Лист32!B8:D17,3,0) -> 1133537 | AA13: =SUM(O13:Z13) -> 8121340 | AB13: =[1]Лист26!E7 -> 473791.67 | AC13: =VLOOKUP(A13,[1]Лист27!B8:E17,4,0) -> 441962.95 | AD13: =VLOOKUP(A13,[1]Лист28!B8:E17,4,0) -> 472272.59 | AE13: =VLOOKUP(A13,[1]Лист29!B8:E17,4,0) -> 431612.74 | AF13: =VLOOKUP(A13,[1]Лист30!B8:E17,4,0) -> 417218.19 | AG13: =VLOOKUP(A13,[1]Лист31!B8:E17,4,0) -> 280697.87 | AH13: =VLOOKUP(A13,[1]Лист32!B8:E17,4,0) -> 384506.8 | AN13: =SUM(AB13:AM13) -> 2902062.8 | AO13: 1904834.6 | AP13: =[1]Лист21!G7 -> 1904834.6 | AQ13: =VLOOKUP(A13,[1]Лист28!B8:G10,6,0) -> 2111368.2 | AR13: =VLOOKUP(A13,[1]Лист29!B8:G10,6,0) -> 1434602.4 | AS13: =VLOOKUP(A13,[1]Лист30!B8:G10,6,0) -> 1572607.1 | AT13: =VLOOKUP(A13,[1]Лист31!B8:G10,6,0) -> 2043786.6 | AU13: =VLOOKUP(A13,[1]Лист32!B8:G10,6,0) -> 1543611 | BA13: =AT13 -> 2043786.6 | BC13: =(P13-AC13)/(AO13+AP13)/2*12 -> 1.2507591 | BD13: =(Q13-AD13)/(AP13+AQ13)/2*12 -> 1.1405586 | BE13: =(R13-AE13)/(AQ13+AR13)/2*12 -> 1.1899849 | BF13: =(S13-AF13)/(AR13+AS13)/2*12 -> 1.5377442 | BG13: =(T13-AG13)/(AS13+AT13)/2*12 -> 0.86436407 | BH13: =(U13-AH13)/(AT13+AU13)/2*12 -> 1.2527692 | BO13: =[1]Лист34!C16 -> 10792.8 | BP13: =[1]Лист34!D16 -> 453370.5 | BQ13: =[1]Лист34!E16 -> 931251.6 | BR13: =[1]Лист34!F16 -> 0 | BS13: =[1]Лист34!G16 -> 996826.35 | BT13: =[1]Лист34!H16 -> 1008605.2 | BU13: =[1]Лист34!I16 -> 242952.55 | CA13: =SUM(BO13:BZ13) -> 3643799 | CB13: =B13/$B$14 -> 0.1577253 | CC13: =C13/$C$14 -> 0.1492558 | CD13: =D13/$D$14 -> 0.14151416 | CE13: =E13/$E$14 -> 0.142103 | CF13: =F13/$F$14 -> 0.13171756 | CG13: =G13/$G$14 -> 0.10991539 | CH13: =H13/$H$14 -> 0.12918323 | CN13: =N13/$N$14 -> 0.13781304 | CO13: =AB13/$AB$14 -> 0.13649993 | CP13: =AC13/$AC$14 -> 0.13301615 | CQ13: =AD13/$AD$14 -> 0.14495185 | CR13: =AE13/$AE$14 -> 0.15881748 | CS13: =AF13/$AF$14 -> 0.1330789 | CT13: =AG13/$AG$14 -> 0.10442819 | CU13: =AH13/$AH$14 -> 0.12926167 | DA13: =AA13/$AA$14 -> 0.13663251 | DB13: =BO13/$BO$14 -> 0.53102361 | DC13: =BP13/$BP$14 -> 0.069374453 | DD13: =BQ13/$BQ$14 -> 0.11892723 | DE13: =BR13/$BR$14 -> 0 | DF13: =BS13/$BS$14 -> 0.071127305 | DG13: =BT13/$BT$14 -> 0.16951771 | DH13: =BU13/$BU$14 -> 0.12019392 | DN13: =CA13/$CA$14 -> 0.10017943
A14: ИТОГО ПАРАФАРМАЦИЯ | B14: =SUM(B4:B13) -> 5818066.9 | C14: =SUM(C4:C13) -> 5320818.7 | D14: =SUM(D4:D13) -> 5394883.4 | E14: =SUM(E4:E13) -> 4949052.8 | F14: =SUM(F4:F13) -> 5851306.4 | G14: =SUM(G4:G13) -> 4739829 | H14: =SUM(H4:H13) -> 5798200.1 | N14: =SUM(B14:M14) -> 37872157 | O14: =SUM(O4:O13) -> 9289070 | P14: =SUM(P4:P13) -> 8643445 | Q14: =SUM(Q4:Q13) -> 8653017.8 | R14: =SUM(R4:R13) -> 7666718 | S14: =SUM(S4:S13) -> 8986425.5 | T14: =SUM(T4:T13) -> 7427780 | U14: =SUM(U4:U13) -> 8772839 | AA14: =SUM(AA4:AA13) -> 59439295 | AB14: =SUM(AB4:AB13) -> 3471003.1 | AC14: =SUM(AC4:AC13) -> 3322626.3 | AD14: =SUM(AD4:AD13) -> 3258134.4 | AE14: =SUM(AE4:AE13) -> 2717665.2 | AF14: =SUM(AF4:AF13) -> 3135119.1 | AG14: =SUM(AG4:AG13) -> 2687951 | AH14: =SUM(AH4:AH13) -> 2974638.9 | AN14: =SUM(AB14:AM14) -> 21567138 | AO14: =SUM(AO4:AO13) -> 37798425 | AP14: =SUM(AP4:AP13) -> 36372247 | AQ14: =SUM(AQ4:AQ13) -> 34868005 | AR14: =SUM(AR4:AR13) -> 29910572 | AS14: =SUM(AS4:AS13) -> 31988324 | AT14: =SUM(AT4:AT13) -> 33108735 | AU14: =SUM(AU4:AU13) -> 29146352 | BA14: =SUM(AO14:AZ14) -> 2.3319266e+08 | BO14: =SUM(BO4:BO13) -> 20324.52 | BP14: =SUM(BP4:BP13) -> 6535121.8 | BQ14: =SUM(BQ4:BQ13) -> 7830431.9 | BR14: =SUM(BR4:BR13) -> 978.14 | BS14: =SUM(BS4:BS13) -> 14014679 | BT14: =SUM(BT4:BT13) -> 5949851.3 | BU14: =SUM(BU4:BU13) -> 2021338.1 | BV14: =SUM(BV4:BV13) -> 0 | ... BZ14: =SUM(BZ4:BZ13) -> 0 | CA14: =SUM(BO14:BZ14) -> 36372725 | CB14: 1 | CC14: 1 | CD14: 1 | CE14: 1 | CF14: 1 | CG14: 1 | CH14: 1 | CI14: 1 | CJ14: 1 | CK14: 1 | CL14: 1 | CM14: 1 | CN14: 1 | CO14: 1 | CP14: 1 | CQ14: 1 | CR14: 1 | CS14: 1 | CT14: 1 | CU14: 1 | CV14: 1 | CW14: 1 | CX14: 1 | CY14: 1 | CZ14: 1 | DA14: 1 | DB14: 1 | DC14: 1 | DD14: 1 | DE14: 1 | DF14: 1 | DG14: 1 | DH14: 1 | DI14: 1 | DJ14: 1 | DK14: 1 | DL14: 1 | DM14: 1 | DN14: 1
C16: 1кв | D16: 2кв | E16: 3кв | F16: 4кв | P16: 1кв | Q16: 2кв | R16: 3кв | S16: 4кв | AC16: 1кв | AD16: 2кв | AE16: 3кв | AF16: 4кв | AP16: 1кв | AQ16: 2кв | AR16: 3кв | AS16: 4кв
B17: Парафармация | C17: =SUM(B14:D14) -> 16533769 | D17: =SUM(E14:G14) -> 15540188 | E17: =SUM(H14:J14) -> 5798200.1 | F17: =SUM(K14:M14) -> 0 | O17: Парафармация | P17: =SUM(O14:Q14) -> 26585533 | Q17: =SUM(R14:T14) -> 24080924 | R17: =SUM(U14:W14) -> 8772839 | S17: =SUM(X14:Z14) -> 0 | AB17: Парафармация | AC17: =SUM(AB14:AD14) -> 10051764 | AD17: =SUM(AE14:AG14) -> 8540735.3 | AE17: =SUM(AH14:AJ14) -> 2974638.9 | AF17: =SUM(AK14:AM14) -> 0 | AO17: Парафармация | AP17: =SUM(AO14:AQ14) -> 1.0903868e+08 | AQ17: =SUM(AR14:AT14) -> 95007631 | AR17: =SUM(AU14:AW14) -> 29146352 | AS17: =SUM(AX14:AZ14) -> 0
D18: % октлонения | E18: % октлонения | F18: % октлонения | Q18: % октлонения | R18: % октлонения | S18: % октлонения | AD18: % октлонения | AE18: % октлонения | AF18: % октлонения | AQ18: % октлонения | AR18: % октлонения | AS18: % октлонения
B19: Парафармация | D19: =(D17-C17)/C17*100 -> -6.0094029 | E19: =(E17-D17)/D17*100 -> -62.688997 | F19: =(F17-E17)/E17*100 -> -100 | O19: Парафармация | Q19: =(Q17-P17)/P17*100 -> -9.4209481 | R19: =(R17-Q17)/Q17*100 -> -63.569342 | S19: =(S17-R17)/R17*100 -> -100 | AB19: Парафармация | AD19: =(AD17-AC17)/AC17*100 -> -15.032471 | AE19: =(AE17-AD17)/AD17*100 -> -65.171161 | AF19: =(AF17-AE17)/AE17*100 -> -100 | AO19: Парафармация | AQ19: =(AQ17-AP17)/AP17*100 -> -12.867953 | AR19: =(AR17-AQ17)/AQ17*100 -> -69.322094 | AS19: =(AS17-AR17)/AR17*100 -> -100
